Workbook

Sheet Cover
A7: Professional Fee Calculator – Architectural Service
F9: Version 2024(B)
A11: Professional Fee Calculator
F12: Enter date below
E13: Date : | F13: 45483
C16: Insert description of Project below
B17: Project
C18: Insert address of Project below
B19: Address
A22: Professional Fee Calculator designed to facilitate with the calculation of Professional Fees for Architectural Services rendered for projects as contemplated by the Architectural Professions Act, Act No 44 of 2000 and the National Building Regulations and Building Standards Act, Act No 107 of 1977.
A25: Tariff of Fee in terms of Board Notice 672 of 2024.
A27: Changes / Updates (Nov.2025):
A28: i. User defined “Additional Services” function included in the “Task Time Based Services” tab.
A29: ii. “Per square metre” rate calculation added per fee determination option.
A31: Improvements:
A32: Should you have any suggestion to improvement the Architectural Fee Calculator please contact the author as indicated in the “Disclaimer” tab.

Sheet Task Time Based Service
A1: Professional Fees – Architectural Service | AB1: Hrs.Work/Yr @ 7Hrs/Day | AC1: Software cost/hr | AD1: Stage List | AE1: SACAP Rates | AG1: %of Cost
AB2: =L15*M15*52 -> 1820 | AC2: =N11/AB2 -> 0 | AD2: -------- | AE2: ----- | AG2: 10 | AH2: 3
F3: =Cover!F13 -> 45483 | AD3: YES | AE3: Specialist | AF3: ='SACAP Prof.Rate'!B3 -> 3313 | AG3: 20 | AH3: 22
A4: Task Time Based Fee : SACAP Calculated Rate | AD4: NO | AE4: >10yrs experience | AF4: ='SACAP Prof.Rate'!B4 -> 2663 | AG4: 65 | AH4: 30
AE5: <10yrs experience | AF5: ='SACAP Prof.Rate'!B5 -> 1991 | AG5: 5 | AH5: 45
A6: The Task Time Based Fee calculator is an alternative to the Fee Rate per Square Metre methodology. [To determine the equivalent per square metre rate enter the Building Area of the proposal under USER Input variables.] | L6: Standard USER Input Variables | AE6: Associate | AF6: ='SACAP Prof.Rate'!B6 -> 1420 | AG6: =SUM(AG2:AG5) -> 100 | AH6: =SUM(AH2:AH5) -> 100
A7: Step 1. Enter the Standard USER Input Variables applicable for your architectural practice | AE7: Manager | AF7: ='SACAP Prof.Rate'!B7 -> 1420
A8: Step 2. For each Task allocate a time in hours or hour fraction and number of persons performing the task, select the professional undertaking the task and under “Required” select whether the task is applicable. | L8: Enter monetary values in respect of the known costs / values associated | AE8: Reg.Arch.Prof. w/Direct Responsibility | AF8: ='SACAP Prof.Rate'!B8 -> 960
A9: Step 3. Enter the Distance to Site from the place of work as a singular / one-way trip ONLY, NOT return, and costs for external services, as required. | L9: with the items required to provide the service. | AE9: Reg.Arch.Prof. no Direct Responsibility | AF9: ='SACAP Prof.Rate'!B9 -> 571
L10: Print/Scan Cost (R) | M10: Travel Cost / km (R) | N10: Equip. / Software Value (R) | AE10: Staff in Support of Arch.Work Output | AF10: ='SACAP Prof.Rate'!B10 -> 408
A11: Stage 1: Inception | D11: Allotted Hrs | E11: No. of Person | F11: Professional | G11: Distance / Reimb.Cost | H11: Required | I11: SACAP Rate (R) | J11: Cost Assigned | L11: 0 | M11: 0 | N11: 0 | W11: Admin | Y11: Consult
W12: Hr | X12: Cost | Y12: Hr | Z12: Cost
A13: a | B13: Receive enquiry | I13: =IF(H13=AD$3,IFERROR(INDEX($AE$2:$AF$10,MATCH(F13,$AE$2:$AE$10,0),2),""),"") | J13: =IFERROR(IF(H13=AD$3,D13*E13*I13,0),0) -> 0 | L13: Enter number of hours worked per day and the number of working days per week. | W13: =IF($H13=$AD$3,$D13,0) -> 0 | X13: =IF($H13=$AD$3,$J13,0) -> 0
A14: b | B14: Conduct prelim. background search | F14: ----- | H14: -------- | I14: =IF(H14=AD$3,IFERROR(INDEX($AE$2:$AF$10,MATCH(F14,$AE$2:$AE$10,0),2),""),"") | J14: =IFERROR(IF(H14=AD$3,D14*E14*I14,0),0) -> 0 | L14: Work Hrs / Day | M14: Work Day/ Week | W14: =IF($H14=$AD$3,$D14,0) -> 0 | X14: =IF($H14=$AD$3,$J14,0) -> 0
A15: c | B15: Conduct initial consult / briefing with client | F15: ----- | H15: -------- | I15: =IF(H15=AD$3,IFERROR(INDEX($AE$2:$AF$10,MATCH(F15,$AE$2:$AE$10,0),2),""),"") | J15: =IFERROR(IF(H15=AD$3,D15*E15*I15,0),0) -> 0 | L15: 7 | M15: 5 | Y15: =IF(AND($H15=$AD$3,$F15<>$AE$10),$D15,0) -> 0 | Z15: =IF(AND($H15=$AD$3,$F15<>$AE$10),$J15,0) -> 0
B16: Distance to site | H16: -------- | J16: =IF(H16=AD$3,G16*2*M$11,0) -> 0
A17: d | B17: Prepare doc’s for archive research | F17: ----- | H17: -------- | I17: =IF(H17=AD$3,IFERROR(INDEX($AE$2:$AF$10,MATCH(F17,$AE$2:$AE$10,0),2),""),"") | J17: =IF(H17=AD$3,D17*E17*I17,0) -> 0 | L17: Enter the Profit Margin % value to be applied to the Project, and | W17: =IF($H17=$AD$3,$D17,0) -> 0 | X17: =IF($H17=$AD$3,$J17,0) -> 0
A18: e | B18: Conduct archive records search | F18: ----- | H18: -------- | I18: =IF(H18=AD$3,IFERROR(INDEX($AE$2:$AF$10,MATCH(F18,$AE$2:$AE$10,0),2),""),"") | J18: =IF(H18=AD$3,D18*E18*I18,0) -> 0 | L18: Profit Margin (%) | W18: =IF($H18=$AD$3,$D18,0) -> 0 | X18: =IF($H18=$AD$3,$J18,0) -> 0
B19: Cost of archive records | H19: -------- | J19: =IF(H19=AD$3,G19,0) -> 0 | L19: 0
B20: Municipal offices | C20: -------- | G20: =INDEX($M$35:$N$65,MATCH(C20,$M$35:$M$65,0),2) -> 0 | H20: -------- | J20: =IF(H20=AD$3,G20*2*M$11,0) -> 0
A21: f | B21: Scan/Print available archive records | F21: ----- | H21: -------- | I21: =IF(H21=AD$3,IFERROR(INDEX($AE$2:$AF$10,MATCH(F21,$AE$2:$AE$10,0),2),""),"") | J21: =IF(H21=AD$3,D21*E21*I21,0) -> 0 | L21: Enter the Discount % value where a discounted service is being offered. | W21: =IF($H21=$AD$3,$D21,0) -> 0 | X21: =IF($H21=$AD$3,$J21,0) -> 0
B22: Print shop | C22: -------- | G22: =INDEX($M$35:$N$65,MATCH(C22,$M$35:$M$65,0),2) -> 0 | H22: -------- | J22: =IF(H22=AD$3,G22*2*M$11,0) -> 0 | L22: Discount Offered (%)
B23: Cost of archive record scanning/printing | H23: -------- | J23: =IF(H23=AD$3,G23,0) -> 0 | L23: 0
A24: g | B24: Research Planning / Heritage req’s/constraints | F24: ----- | H24: -------- | I24: =IF(H24=AD$3,IFERROR(INDEX($AE$2:$AF$10,MATCH(F24,$AE$2:$AE$10,0),2),""),"") | J24: =IF(H24=AD$3,D24*E24*I24,0) -> 0 | W24: =IF($H24=$AD$3,$D24,0) -> 0 | X24: =IF($H24=$AD$3,$J24,0) -> 0
A25: h | B25: Prepare Contract / Quote based on prelim. research | F25: ----- | H25: -------- | I25: =IF(H25=AD$3,IFERROR(INDEX($AE$2:$AF$10,MATCH(F25,$AE$2:$AE$10,0),2),""),"") | J25: =IF(H25=AD$3,D25*E25*I25,0) -> 0 | L25: Select the VAT Rate applicable where fees raised are inclusive of VAT. | W25: =IF($H25=$AD$3,$D25,0) -> 0 | X25: =IF($H25=$AD$3,$J25,0) -> 0
B26: Sub-Total Admin (Hrs) | D26: =IFERROR(W26,0) -> 0 | H26: Sub-Total Print/Scan (R) | J26: =IFERROR(J19+J23,0) -> 0 | L26: VAT Rate % | W26: =SUM(W13:W25) -> 0 | X26: =SUM(X13:X25) -> 0 | Y26: =SUM(Y13:Y25) -> 0 | Z26: =SUM(Z13:Z25) -> 0
B27: Sub-Total (Hrs) | D27: =SUM(D26) -> 0 | H27: Sub-Total Travel (R) | J27: =IFERROR(J16+J20+J22,0) -> 0 | L27: 15
H28: Sub-Total Admin (R) | J28: =IFERROR(X26,0) -> 0
H29: Sub-Total Consult (R) | J29: =IFERROR(Z26,0) -> 0 | L29: Enter Destinations frequently travelled to from the place of work to do business, ie:
H30: Sub-Total (R) | J30: =SUM(J26:J29) -> 0 | L30: municipal and heritage offices, print & scanning facilities, post offices.
L31: Distances entered must be for a single journey only. For calculations a round trip is
A32: Stage 2: Concept and viability (concept design) | D32: Allotted Hrs | E32: No. of Person | F32: Professional | G32: Distance / Reimb.Cost | H32: Required | I32: SACAP Rate (R) | J32: Cost Assigned | L32: automatically accounted for. | W32: Admin | Y32: Prelim | AA32: Sketch Design | AE32: Equipment / Software Cost
L33: Travel Distances – One Way | W33: Hr | X33: Cost | Y33: Hr | Z33: Cost | AA33: Hr | AB33: Cost | AE33: Hr
A34: a | B34: Prepare prelim. as-built/archive drawing | F34: ----- | H34: -------- | I34: =IF(H34=AD$3,IFERROR(INDEX($AE$2:$AF$10,MATCH(F34,$AE$2:$AE$10,0),2),""),"") | J34: =IF(H34=AD$3,D34*E34*I34,0) -> 0 | M34: Destination | N34: Km | Y34: =IF($H34=$AD$3,$D34,0) -> 0 | Z34: =IF($H34=$AD$3,$J34,0) -> 0 | AE34: =IF($H34=$AD$3,$D34,0) -> 0
A35: b | B35: Print prelim. as-built / archive drawing | F35: ----- | H35: -------- | I35: =IF(H35=AD$3,IFERROR(INDEX($AE$2:$AF$10,MATCH(F35,$AE$2:$AE$10,0),2),""),"") | J35: =IF(H35=AD$3,D35*E35*I35,0) -> 0 | L35: # | M35: -------- | N35: 0 | W35: =IF($H35=$AD$3,$D35,0) -> 0 | X35: =IF($H35=$AD$3,$J35,0) -> 0
B36: Print shop | C36: -------- | G36: =INDEX($M$35:$N$65,MATCH(C36,$M$35:$M$65,0),2) -> 0 | H36: -------- | J36: =IF(H36=AD$3,G36*2*M$11,0) -> 0 | L36: 1
B37: Cost of prelim. as-built / archive printing | H37: -------- | J37: =IF(H37=AD$3,G37,0) -> 0 | L37: 2
A38: c | B38: Conduct site visit to measure up/confirm as-built record | F38: ----- | H38: -------- | I38: =IF(H38=AD$3,IFERROR(INDEX($AE$2:$AF$10,MATCH(F38,$AE$2:$AE$10,0),2),""),"") | J38: =IF(H38=AD$3,D38*E38*I38,0) -> 0 | L38: 3 | Y38: =IF($H38=$AD$3,$D38,0) -> 0 | Z38: =IF($H38=$AD$3,$J38,0) -> 0
B39: Distance to site | G39: =IF(OR(G$16="",G$16=0),0,G$16) -> 0 | H39: -------- | J39: =IF(H39=AD$3,G39*2*M$11,0) -> 0 | L39: 4
A40: d | B40: Update prelim. as-built/archive drawing | F40: ----- | H40: -------- | I40: =IF(H40=AD$3,IFERROR(INDEX($AE$2:$AF$10,MATCH(F40,$AE$2:$AE$10,0),2),""),"") | J40: =IF(H40=AD$3,D40*E40*I40,0) -> 0 | L40: 5 | Y40: =IF($H40=$AD$3,$D40,0) -> 0 | Z40: =IF($H40=$AD$3,$J40,0) -> 0 | AE40: =IF($H40=$AD$3,$D40,0) -> 0
A41: e | B41: Request Title Deed & other records/documents | F41: ----- | H41: -------- | I41: =IF(H41=AD$3,IFERROR(INDEX($AE$2:$AF$10,MATCH(F41,$AE$2:$AE$10,0),2),""),"") | J41: =IF(H41=AD$3,D41*E41*I41,0) -> 0 | L41: 6 | W41: =IF($H41=$AD$3,$D41,0) -> 0 | X41: =IF($H41=$AD$3,$J41,0) -> 0
A42: f | B42: Conduct SG search | F42: ----- | H42: -------- | I42: =IF(H42=AD$3,IFERROR(INDEX($AE$2:$AF$10,MATCH(F42,$AE$2:$AE$10,0),2),""),"") | J42: =IF(H42=AD$3,D42*E42*I42,0) -> 0 | L42: 7 | W42: =IF($H42=$AD$3,$D42,0) -> 0 | X42: =IF($H42=$AD$3,$J42,0) -> 0 | AE42: =IF($H42=$AD$3,$D42,0) -> 0
A43: g | B43: Conduct GIS/municipal data search | F43: ----- | H43: -------- | I43: =IF(H43=AD$3,IFERROR(INDEX($AE$2:$AF$10,MATCH(F43,$AE$2:$AE$10,0),2),""),"") | J43: =IF(H43=AD$3,D43*E43*I43,0) -> 0 | L43: 8 | W43: =IF($H43=$AD$3,$D43,0) -> 0 | X43: =IF($H43=$AD$3,$J43,0) -> 0 | AE43: =IF($H43=$AD$3,$D43,0) -> 0
A44: h | B44: Prepare prelim. sketch proposal according to brief | F44: ----- | H44: -------- | I44: =IF(H44=AD$3,IFERROR(INDEX($AE$2:$AF$10,MATCH(F44,$AE$2:$AE$10,0),2),""),"") | J44: =IF(H44=AD$3,D44*E44*I44,0) -> 0 | L44: 9 | AA44: =IF($H44=$AD$3,$D44,0) -> 0 | AB44: =IF($H44=$AD$3,$J44,0) -> 0 | AE44: =IF($H44=$AD$3,$D44,0) -> 0
A45: i | B45: Assess viability/compliance req’s. according to prelim. sketch plan | F45: ----- | H45: -------- | I45: =IF(H45=AD$3,IFERROR(INDEX($AE$2:$AF$10,MATCH(F45,$AE$2:$AE$10,0),2),""),"") | J45: =IF(H45=AD$3,D45*E45*I45,0) -> 0 | L45: 10 | AA45: =IF($H45=$AD$3,$D45,0) -> 0 | AB45: =IF($H45=$AD$3,$J45,0) -> 0
A46: j | B46: Advise client & obtain client feedback on prelim. proposal | F46: ----- | H46: -------- | I46: =IF(H46=AD$3,IFERROR(INDEX($AE$2:$AF$10,MATCH(F46,$AE$2:$AE$10,0),2),""),"") | J46: =IF(H46=AD$3,D46*E46*I46,0) -> 0 | L46: 11 | W46: =IF($H46=$AD$3,$D46,0) -> 0 | X46: =IF($H46=$AD$3,$J46,0) -> 0
A47: k | B47: Refine prelim. sketch plan based on feedback | F47: ----- | H47: -------- | I47: =IF(H47=AD$3,IFERROR(INDEX($AE$2:$AF$10,MATCH(F47,$AE$2:$AE$10,0),2),""),"") | J47: =IF(H47=AD$3,D47*E47*I47,0) -> 0 | L47: 12 | AA47: =IF($H47=$AD$3,$D47,0) -> 0 | AB47: =IF($H47=$AD$3,$J47,0) -> 0 | AE47: =IF($H47=$AD$3,$D47,0) -> 0
A48: l | B48: Obtain client feedback on refined prelim. proposal | F48: ----- | H48: -------- | I48: =IF(H48=AD$3,IFERROR(INDEX($AE$2:$AF$10,MATCH(F48,$AE$2:$AE$10,0),2),""),"") | J48: =IF(H48=AD$3,D48*E48*I48,0) -> 0 | L48: 13 | W48: =IF($H48=$AD$3,$D48,0) -> 0 | X48: =IF($H48=$AD$3,$J48,0) -> 0
A49: m | B49: Prepare sketch plan for approval by client | F49: ----- | H49: -------- | I49: =IF(H49=AD$3,IFERROR(INDEX($AE$2:$AF$10,MATCH(F49,$AE$2:$AE$10,0),2),""),"") | J49: =IF(H49=AD$3,D49*E49*I49,0) -> 0 | L49: 14 | AA49: =IF($H49=$AD$3,$D49,0) -> 0 | AB49: =IF($H49=$AD$3,$J49,0) -> 0 | AE49: =IF($H49=$AD$3,$D49,0) -> 0
A50: n | B50: Obtain client agreement on sketch plan | F50: ----- | H50: -------- | I50: =IF(H50=AD$3,IFERROR(INDEX($AE$2:$AF$10,MATCH(F50,$AE$2:$AE$10,0),2),""),"") | J50: =IF(H50=AD$3,D50*E50*I50,0) -> 0 | L50: 15 | W50: =IF($H50=$AD$3,$D50,0) -> 0 | X50: =IF($H50=$AD$3,$J50,0) -> 0
A51: o | B51: Prepare prelim. elevations according to sketch plan | F51: ----- | H51: -------- | I51: =IF(H51=AD$3,IFERROR(INDEX($AE$2:$AF$10,MATCH(F51,$AE$2:$AE$10,0),2),""),"") | J51: =IF(H51=AD$3,D51*E51*I51,0) -> 0 | L51: 16 | AA51: =IF($H51=$AD$3,$D51,0) -> 0 | AB51: =IF($H51=$AD$3,$J51,0) -> 0 | AE51: =IF($H51=$AD$3,$D51,0) -> 0
A52: p | B52: Obtain client feedback on prelim. sketch elevations | F52: ----- | H52: -------- | I52: =IF(H52=AD$3,IFERROR(INDEX($AE$2:$AF$10,MATCH(F52,$AE$2:$AE$10,0),2),""),"") | J52: =IF(H52=AD$3,D52*E52*I52,0) -> 0 | L52: 17 | W52: =IF($H52=$AD$3,$D52,0) -> 0 | X52: =IF($H52=$AD$3,$J52,0) -> 0
A53: q | B53: Refine prelim. sketch elevations based on feedback | F53: ----- | H53: -------- | I53: =IF(H53=AD$3,IFERROR(INDEX($AE$2:$AF$10,MATCH(F53,$AE$2:$AE$10,0),2),""),"") | J53: =IF(H53=AD$3,D53*E53*I53,0) -> 0 | L53: 18 | AA53: =IF($H53=$AD$3,$D53,0) -> 0 | AB53: =IF($H53=$AD$3,$J53,0) -> 0 | AE53: =IF($H53=$AD$3,$D53,0) -> 0
A54: r | B54: Obtain client feedback on refined prelim. sketch elevations | F54: ----- | H54: -------- | I54: =IF(H54=AD$3,IFERROR(INDEX($AE$2:$AF$10,MATCH(F54,$AE$2:$AE$10,0),2),""),"") | J54: =IF(H54=AD$3,D54*E54*I54,0) -> 0 | L54: 19 | W54: =IF($H54=$AD$3,$D54,0) -> 0 | X54: =IF($H54=$AD$3,$J54,0) -> 0
A55: s | B55: Finalise sketch elevations for approval by client | F55: ----- | H55: -------- | I55: =IF(H55=AD$3,IFERROR(INDEX($AE$2:$AF$10,MATCH(F55,$AE$2:$AE$10,0),2),""),"") | J55: =IF(H55=AD$3,D55*E55*I55,0) -> 0 | L55: 20 | AA55: =IF($H55=$AD$3,$D55,0) -> 0 | AB55: =IF($H55=$AD$3,$J55,0) -> 0 | AE55: =IF($H55=$AD$3,$D55,0) -> 0
A56: t | B56: Obtain client agreement on sketch elevations | F56: ----- | H56: -------- | I56: =IF(H56=AD$3,IFERROR(INDEX($AE$2:$AF$10,MATCH(F56,$AE$2:$AE$10,0),2),""),"") | J56: =IF(H56=AD$3,D56*E56*I56,0) -> 0 | L56: 21 | W56: =IF($H56=$AD$3,$D56,0) -> 0 | X56: =IF($H56=$AD$3,$J56,0) -> 0
B57: Sub-Total Admin (Hrs) | D57: =IFERROR(W57,0) -> 0 | G57: Sub-Total Print/Scan (R) | J57: =J37 -> 0 | L57: 22 | W57: =SUM(W$34:W$56) -> 0 | X57: =SUM(X$34:X$56) -> 0 | Y57: =SUM(Y$34:Y$56) -> 0 | Z57: =SUM(Z$34:Z$56) -> 0 | AA57: =SUM(AA$34:AA$56) -> 0 | AB57: =SUM(AB$34:AB$56) -> 0 | AE57: =SUM(AE$34:AE$56) -> 0
B58: Sub-Total Prelim.Drawing (Hrs) | D58: =IFERROR(Y57,0) -> 0 | G58: Sub-Total Travel (R) | J58: =J36+J39 -> 0 | L58: 23
B59: Sub-Total Sketch Design (Hrs) | D59: =IFERROR(AA57,0) -> 0 | G59: Sub-Total Admin (R) | J59: =IFERROR(X57,0) -> 0 | L59: 24
B60: Sub-Total (Hrs) | D60: =SUM(D57:D59) -> 0 | G60: Sub-Total Prelim.Drawing (R) | J60: =IFERROR(Z57,0) -> 0 | L60: 25
G61: Sub-Total Sketch Design (R) | J61: =IFERROR(AB57,0) -> 0 | L61: 26
G62: Sub-Total (R) | J62: =SUM(J57:J61) -> 0 | L62: 27
L63: 28
A64: Stage 3: Design Development | D64: Allotted Hrs | E64: No. of Person | F64: Professional | G64: Distance / Reimb.Cost | H64: Required | I64: SACAP Rate (R) | J64: Cost Assigned | L64: 29 | W64: Admin | Y64: Added Services | AA64: Working Drawings | AE64: Equipment / Software Cost
L65: 30 | W65: Hr | X65: Cost | Y65: Hr | Z65: Cost | AA65: Hr | AB65: Cost | AE65: Hr
A66: a | B66: Conduct soil percolation test | F66: ----- | H66: -------- | I66: =IF(H66=AD$3,IFERROR(INDEX($AE$2:$AF$10,MATCH(F66,$AE$2:$AE$10,0),2),""),"") | J66: =IF(H66=AD$3,D66*E66*I66,0) -> 0 | Y66: =IF($H66=$AD$3,$D66,0) -> 0 | Z66: =IF($H66=$AD$3,$J66,0) -> 0
B67: Distance to site | G67: =IF(OR(G$16="",G$16=0),0,G$16) -> 0 | H67: -------- | I67: =IFERROR(INDEX($AE$2:$AF$10,MATCH(F67,$AE$2:$AE$10,0),2),"") | J67: =IF(H67=AD$3,G67*2*M$11,0) -> 0 | L67: Allocated Hours for a task are entered as hours or fraction of hours.
A68: b | B68: Prepare report & design on-site sewage disposal system | F68: ----- | H68: -------- | I68: =IF(H68=AD$3,IFERROR(INDEX($AE$2:$AF$10,MATCH(F68,$AE$2:$AE$10,0),2),""),"") | J68: =IF(H68=AD$3,D68*E68*I68,0) -> 0 | L68: Below is the Hour fraction per 5 minute interval. | Y68: =IF($H68=$AD$3,$D68,0) -> 0 | Z68: =IF($H68=$AD$3,$J68,0) -> 0 | AE68: =IF($H68=$AD$3,$D68,0) -> 0
A69: c | B69: Conduct Energy Usage assessment for proposal | F69: ----- | H69: -------- | I69: =IF(H69=AD$3,IFERROR(INDEX($AE$2:$AF$10,MATCH(F69,$AE$2:$AE$10,0),2),""),"") | J69: =IF(H69=AD$3,D69*E69*I69,0) -> 0 | L69: Allocated Times | Y69: =IF($H69=$AD$3,$D69,0) -> 0 | Z69: =IF($H69=$AD$3,$J69,0) -> 0 | AE69: =IF($H69=$AD$3,$D69,0) -> 0
A70: d | B70: Conduct Energy Usage rational design assessment for proposal | F70: ----- | H70: -------- | I70: =IF(H70=AD$3,IFERROR(INDEX($AE$2:$AF$10,MATCH(F70,$AE$2:$AE$10,0),2),""),"") | J70: =IF(H70=AD$3,D70*E70*I70,0) -> 0 | L70: minutes | M70: Hrs Fraction | Y70: =IF($H70=$AD$3,$D70,0) -> 0 | Z70: =IF($H70=$AD$3,$J70,0) -> 0 | AE70: =IF($H70=$AD$3,$D70,0) -> 0
A71: e | B71: Obtain wind loading data for site from structural engineer | F71: ----- | H71: -------- | I71: =IF(H71=AD$3,IFERROR(INDEX($AE$2:$AF$10,MATCH(F71,$AE$2:$AE$10,0),2),""),"") | J71: =IF(H71=AD$3,D71*E71*I71,0) -> 0 | L71: 5 | M71: =L71/60 -> 0.083333333 | Y71: =IF($H71=$AD$3,$D71,0) -> 0 | Z71: =IF($H71=$AD$3,$J71,0) -> 0
A72: f | B72: Design glazing rational design for proposal | F72: ----- | H72: -------- | I72: =IF(H72=AD$3,IFERROR(INDEX($AE$2:$AF$10,MATCH(F72,$AE$2:$AE$10,0),2),""),"") | J72: =IF(H72=AD$3,D72*E72*I72,0) -> 0 | L72: 10 | M72: =L72/60 -> 0.16666667 | Y72: =IF($H72=$AD$3,$D72,0) -> 0 | Z72: =IF($H72=$AD$3,$J72,0) -> 0 | AE72: =IF($H72=$AD$3,$D72,0) -> 0
A73: g | B73: Prepare preliminary Municipal submission drawings | F73: ----- | H73: -------- | I73: =IF(H73=AD$3,IFERROR(INDEX($AE$2:$AF$10,MATCH(F73,$AE$2:$AE$10,0),2),""),"") | J73: =IF(H73=AD$3,D73*E73*I73,0) -> 0 | L73: 15 | M73: =L73/60 -> 0.25 | AA73: =IF($H73=$AD$3,$D73,0) -> 0 | AB73: =IF($H73=$AD$3,$J73,0) -> 0 | AE73: =IF($H73=$AD$3,$D73,0) -> 0
A74: h | B74: Obtain client agreement on prelim/ Municipal drawings | F74: ----- | H74: -------- | I74: =IF(H74=AD$3,IFERROR(INDEX($AE$2:$AF$10,MATCH(F74,$AE$2:$AE$10,0),2),""),"") | J74: =IF(H74=AD$3,D74*E74*I74,0) -> 0 | L74: 20 | M74: =L74/60 -> 0.33333333 | W74: =IF($H74=$AD$3,$D74,0) -> 0 | X74: =IF($H74=$AD$3,$J74,0) -> 0
A75: i | B75: Refine & complete Municipal submission drawings | F75: ----- | H75: -------- | I75: =IF(H75=AD$3,IFERROR(INDEX($AE$2:$AF$10,MATCH(F75,$AE$2:$AE$10,0),2),""),"") | J75: =IF(H75=AD$3,D75*E75*I75,0) -> 0 | L75: 25 | M75: =L75/60 -> 0.41666667 | AA75: =IF($H75=$AD$3,$D75,0) -> 0 | AB75: =IF($H75=$AD$3,$J75,0) -> 0 | AE75: =IF($H75=$AD$3,$D75,0) -> 0
A76: j | B76: Obtain client agreement on completed Municipal drawings | F76: ----- | H76: -------- | I76: =IF(H76=AD$3,IFERROR(INDEX($AE$2:$AF$10,MATCH(F76,$AE$2:$AE$10,0),2),""),"") | J76: =IF(H76=AD$3,D76*E76*I76,0) -> 0 | L76: 30 | M76: =L76/60 -> 0.5 | W76: =IF($H76=$AD$3,$D76,0) -> 0 | X76: =IF($H76=$AD$3,$J76,0) -> 0
B77: Sub-Total Admin (Hrs) | D77: =IFERROR(W77,0) -> 0 | G77: Sub-Total Travel (R) | J77: =J67 -> 0 | L77: 35 | M77: =L77/60 -> 0.58333333 | W77: =SUM(W66:W76) -> 0 | X77: =SUM(X66:X76) -> 0 | Y77: =SUM(Y66:Y76) -> 0 | Z77: =SUM(Z66:Z76) -> 0 | AA77: =SUM(AA66:AA76) -> 0 | AB77: =SUM(AB66:AB76) -> 0 | AE77: =SUM(AE66:AE76) -> 0
B78: Sub-Total Added Service (Hrs) | D78: =IFERROR(Y77,0) -> 0 | G78: Sub-Total Admin (R) | J78: =IFERROR(X77,0) -> 0 | L78: 40 | M78: =L78/60 -> 0.66666667
B79: Sub-Total Working Drawing (Hrs) | D79: =IFERROR(AA77,0) -> 0 | G79: Sub-Total Added Service (R) | J79: =IFERROR(Z77,0) -> 0 | L79: 45 | M79: =L79/60 -> 0.75
B80: Sub-Total (Hrs) | D80: =SUM(D77:D79) -> 0 | G80: Sub-Total Working Drawings (R) | J80: =IFERROR(AB77,0) -> 0 | L80: 50 | M80: =L80/60 -> 0.83333333
G81: Sub-Total (R) | J81: =SUM(J77:J80) -> 0 | L81: 55 | M81: =L81/60 -> 0.91666667
L82: 60 | M82: =L82/60 -> 1
A83: Stage 4: Documentation and procurement | D83: Allotted Hrs | E83: No. of Person | F83: Professional | G83: Distance / Reimb.Cost | H83: Required | I83: SACAP Rate (R) | J83: Cost Assigned | W83: Heritage App. | Y83: Planning App. | AA83: NBR App. | AC83: Added Consult | AE83: Equipment / Software Cost
A84: Stage 4.1 | L84: Enter Additional Services tasks provided by the practice. | W84: Hr | X84: Cost | Y84: Hr | Z84: Cost | AA84: Hr | AB84: Cost | AC84: Hr | AD84: Cost | AE84: Hr
B85: Heritage Application | L85: Additional Services
A86: a | B86: Prepare Heritage documentation & report | F86: ----- | H86: -------- | I86: =IF(H86=AD$3,IFERROR(INDEX($AE$2:$AF$10,MATCH(F86,$AE$2:$AE$10,0),2),""),"") | J86: =IF(H86=AD$3,D86*E86*I86,0) -> 0 | M86: Task | W86: =IF($H86=$AD$3,$D86,0) -> 0 | X86: =IF($H86=$AD$3,$J86,0) -> 0 | AE86: =IF($H86=$AD$3,$D86,0) -> 0
A87: b | B87: Obtain owner’s signature / authority to sign for documentation | F87: ----- | H87: -------- | I87: =IF(H87=AD$3,IFERROR(INDEX($AE$2:$AF$10,MATCH(F87,$AE$2:$AE$10,0),2),""),"") | J87: =IF(H87=AD$3,D87*E87*I87,0) -> 0 | L87: # | M87: -------- | W87: =IF($H87=$AD$3,$D87,0) -> 0 | X87: =IF($H87=$AD$3,$J87,0) -> 0
A88: c | B88: Scan available archive records | F88: ----- | H88: -------- | I88: =IF(H88=AD$3,IFERROR(INDEX($AE$2:$AF$10,MATCH(F88,$AE$2:$AE$10,0),2),""),"") | J88: =IF(H88=AD$3,D88*E88*I88,0) -> 0 | L88: 1 | W88: =IF($H88=$AD$3,$D88,0) -> 0 | X88: =IF($H88=$AD$3,$J88,0) -> 0 | AE88: =IF($H88=$AD$3,$D88,0) -> 0
B89: Print shop | C89: -------- | G89: =INDEX($M$35:$N$65,MATCH(C89,$M$35:$M$65,0),2) -> 0 | H89: -------- | J89: =IF(H89=AD$3,G89*2*M$11,0) -> 0 | L89: 2
B90: Cost of prelim. as-built / archive printing | H90: -------- | J90: =IF(H90=AD$3,G90,0) -> 0 | L90: 3
A91: d | B91: Obtain PoP from client for Heritage submission | F91: ----- | H91: -------- | I91: =IF(H91=AD$3,IFERROR(INDEX($AE$2:$AF$10,MATCH(F91,$AE$2:$AE$10,0),2),""),"") | J91: =IF(H91=AD$3,D91*E91*I91,0) -> 0 | L91: 4 | W91: =IF($H91=$AD$3,$D91,0) -> 0 | X91: =IF($H91=$AD$3,$J91,0) -> 0
A92: e | B92: Make Heritage application – On-line system | F92: ----- | H92: -------- | I92: =IF(H92=AD$3,IFERROR(INDEX($AE$2:$AF$10,MATCH(F92,$AE$2:$AE$10,0),2),""),"") | J92: =IF(H92=AD$3,D92*E92*I92,0) -> 0 | L92: 5 | W92: =IF($H92=$AD$3,$D92,0) -> 0 | X92: =IF($H92=$AD$3,$J92,0) -> 0 | AE92: =IF($H92=$AD$3,$D92,0) -> 0
A93: f | B93: Make Heritage application – Physical Submission | F93: ----- | H93: -------- | I93: =IF(H93=AD$3,IFERROR(INDEX($AE$2:$AF$10,MATCH(F93,$AE$2:$AE$10,0),2),""),"") | J93: =IF(H93=AD$3,D93*E93*I93,0) -> 0 | L93: 6 | W93: =IF($H93=$AD$3,$D93,0) -> 0 | X93: =IF($H93=$AD$3,$J93,0) -> 0
B94: Heritage offices | C94: -------- | G94: =INDEX($M$35:$N$65,MATCH(C94,$M$35:$M$65,0),2) -> 0 | H94: -------- | J94: =IF(H94=AD$3,G94*2*M$11,0) -> 0 | L94: 7
A95: g | B95: Follow-up on Heritage application | F95: ----- | H95: -------- | I95: =IF(H95=AD$3,IFERROR(INDEX($AE$2:$AF$10,MATCH(F95,$AE$2:$AE$10,0),2),""),"") | J95: =IF(H95=AD$3,D95*E95*I95,0) -> 0 | L95: 8 | W95: =IF($H95=$AD$3,$D95,0) -> 0 | X95: =IF($H95=$AD$3,$J95,0) -> 0 | AE95: =IF($H95=$AD$3,$D95,0) -> 0
A96: h | B96: Collect Heritage authorization at a Physical Address | F96: ----- | H96: -------- | I96: =IF(H96=AD$3,IFERROR(INDEX($AE$2:$AF$10,MATCH(F96,$AE$2:$AE$10,0),2),""),"") | J96: =IF(H96=AD$3,D96*E96*I96,0) -> 0 | L96: 9 | W96: =IF($H96=$AD$3,$D96,0) -> 0 | X96: =IF($H96=$AD$3,$J96,0) -> 0
B97: Heritage offices | C97: -------- | G97: =INDEX($M$35:$N$65,MATCH(C97,$M$35:$M$65,0),2) -> 0 | H97: -------- | J97: =IF(H97=AD$3,G97*2*M$11,0) -> 0 | L97: 10
B98: L/A Planning/NBR Applications | L98: 11
A99: i | B99: Obtain client billing account / ownership records | F99: ----- | H99: -------- | I99: =IF(H99=AD$3,IFERROR(INDEX($AE$2:$AF$10,MATCH(F99,$AE$2:$AE$10,0),2),""),"") | J99: =IF(H99=AD$3,D99*E99*I99,0) -> 0 | L99: 12 | Y99: =IF($H99=$AD$3,$D99,0) -> 0 | Z99: =IF($H99=$AD$3,$J99,0) -> 0
A100: j | B100: Prepare L/A submission documentation | F100: ----- | H100: -------- | I100: =IF(H100=AD$3,IFERROR(INDEX($AE$2:$AF$10,MATCH(F100,$AE$2:$AE$10,0),2),""),"") | J100: =IF(H100=AD$3,D100*E100*I100,0) -> 0 | L100: 13 | Y100: =IF($H100=$AD$3,$D100,0) -> 0 | Z100: =IF($H100=$AD$3,$J100,0) -> 0 | AE100: =IF($H100=$AD$3,$D100,0) -> 0
...

Sheet Task Time Based Fees
B3: Insert logo
A11: Professional Fees – Architectural Service
D13: =Cover!F13 -> 45483
A15: Project | B15: =IF(Cover!C17="","",Cover!C17)
A17: Address | B17: =IF(Cover!C19="","",Cover!C19)
B20: Work Stages | C20: Fees
A22: Stage 1. Inception : R | C22: ='Task Time Based Service'!J242 -> 0
A23: Stage 2. Concept & Viability : R | C23: ='Task Time Based Service'!J243 -> 0
A24: Stage 3. Design Development : R | C24: ='Task Time Based Service'!J244 -> 0
A25: Stage 4. L/A Drawing & Submission : R | C25: ='Task Time Based Service'!J245 -> 0
A26: Admin. : R | C26: ='Task Time Based Service'!J246 -> 0
A27: Print/Scan/Post/Adverts : R | C27: ='Task Time Based Service'!J247 -> 0
A28: Travel : R | C28: ='Task Time Based Service'!J248 -> 0
B29: Sub. Total : R | C29: =SUM(C22:C28) -> 0 | D29: excl. VAT
B31: Additional Services | C31: Fees
A32: Additional Services : R | C32: ='Task Time Based Service'!J252 -> 0
A33: Heritage App. : R | C33: ='Task Time Based Service'!J253 -> 0
B34: Sub. Total : R | C34: =SUM(C32:C33) -> 0 | D34: excl. VAT
B36: Sub. Total : R | C36: =SUM(C29,C34) -> 0 | D36: excl. VAT
B37: Discount : R | C37: =C36*'Task Time Based Service'!L23 -> 0 | D37: =IF(OR('Task Time Based Service'!L23="",'Task Time Based Service'!L23=0),"",CONCATENATE(" @ ",'Task Time Based Service'!L23*100," %"))
B38: Sub. Total : R | C38: =C36-C37 -> 0 | D38: excl. VAT
B39: VAT : R | C39: =IFERROR(C38*'Task Time Based Service'!L27%,0) -> 0 | D39: =_xlfn.CONCAT(" @ ",'Task Time Based Service'!L27," %") -> @ 15 %
B40: TOTAL : R | C40: =C38+C39 -> 0
A44: =Disclaimer!A7 -> Copyright © 2025 - M. Keuter - Some Rights Reserved

Sheet Task Time Based Fees_(Per Sqm)
B3: Insert logo
A11: Professional Fees – Architectural Service
D13: =Cover!F13 -> 45483
A15: Project | B15: =IF(Cover!C17="","",Cover!C17)
A17: Address | B17: =IF(Cover!C19="","",Cover!C19)
B20: Work Stages | C20: Rate / Sqm
A22: Stage 1. Inception : R | C22: =IFERROR('Task Time Based Service'!J242/'Task Time Based Service'!$L$122,0) -> 0
A23: Stage 2. Concept & Viability : R | C23: =IFERROR('Task Time Based Service'!J243/'Task Time Based Service'!$L$122,0) -> 0
A24: Stage 3. Design Development : R | C24: =IFERROR('Task Time Based Service'!J244/'Task Time Based Service'!$L$122,0) -> 0
A25: Stage 4. L/A Drawing & Submission : R | C25: =IFERROR('Task Time Based Service'!J245/'Task Time Based Service'!$L$122,0) -> 0
A26: Admin. : R | C26: =IFERROR('Task Time Based Service'!J246/'Task Time Based Service'!$L$122,0) -> 0
A27: Print/Scan/Post/Adverts : R | C27: =IFERROR('Task Time Based Service'!J247/'Task Time Based Service'!$L$122,0) -> 0
A28: Travel : R | C28: =IFERROR('Task Time Based Service'!J248/'Task Time Based Service'!$L$122,0) -> 0
B29: Sub. Total : R | C29: =IFERROR('Task Time Based Service'!J249/'Task Time Based Service'!$L$122,0) -> 0 | D29: excl. VAT
B31: Additional Services | C31: Fees
A32: Additional Services : R | C32: =IFERROR('Task Time Based Service'!J252/'Task Time Based Service'!$L$122,0) -> 0
A33: Heritage App. : R | C33: =IFERROR('Task Time Based Service'!J253/'Task Time Based Service'!$L$122,0) -> 0
B34: Sub. Total : R | C34: =SUM(C32:C33) -> 0 | D34: excl. VAT
B36: Sub. Total : R | C36: =SUM(C29,C34) -> 0 | D36: excl. VAT
B37: Discount : R | C37: =IFERROR(C36*'Task Time Based Service'!L23,0) -> 0 | D37: =IF(OR('Task Time Based Service'!L23="",'Task Time Based Service'!L23=0),"",CONCATENATE(" @ ",'Task Time Based Service'!L23*100," %"))
B38: Sub. Total : R | C38: =C36-C37 -> 0 | D38: excl. VAT
B39: VAT : R | C39: =IFERROR(C38*'Task Time Based Service'!L27%,0) -> 0 | D39: =_xlfn.CONCAT(" @ ",'Task Time Based Service'!L27," %") -> @ 15 %
B40: TOTAL : R | C40: =C38+C39 -> 0
A44: =Disclaimer!A7 -> Copyright © 2025 - M. Keuter - Some Rights Reserved

Sheet Cost Based Service Req.
A1: Professional Fees – Architectural Service | L1: Stage List
L2: --------
I3: =Cover!F13 -> 45483 | L3: Yes
A4: Project Cost Based Fee | L4: No
A6: Select the category of complexity applicable to the project type for which professional services are required.
B7: Complexity of Project :
B9: Project Budget : R | E9: excl. VAT
A11: Select the VAT Rate applicable where fees raised are inclusive of VAT.
B12: VAT Rate : | C12: 15 | D12: %
A14: Enter the discounted % value where a discounted service is being offered.
A15: Discount Offered : | C15: 0
A17: Insert % of the Project that is deemed to be Alterations (not new work) or an extension of interface with the existing building where work is deemed to be an Addition.
A18: Fee is adjusted by 30% for the percentage of work being Alterations / Interfacing Work.
A19: % of Work as Alterations / Interfacing Work : | C19: 0
A21: Select 'YES' or 'NO' to ensure the correct % value is calculated for work stages 5 & 6.
A22: Where 'NO' is selected fee for works stages 5 & 6 is reduced by 10%.
A23: Building Restoration – Heritage legislation : | C23: --------
A25: Insert % of the Project that is deemed to be Heritage Restoration work (not new work).
A26: % of Work as Heritage Restoration : | C26: 0
A28: Select 'YES' or 'NO' to ensure the correct % value is calculated for work stages 1 - 4.
A29: Where 'NO' is selected fee for works stages 1 – 4 is reduced by 10%.
A30: Principal Consultant : | C30: --------
A32: Select 'YES' or 'NO' to ensure the correct % value is calculated for work stages 5 & 6.
A33: Where 'NO' is selected fee for works stages 5 & 6 is reduced by 10%.
A34: Principal Agent : | C34: --------
A36: Identify whether the building is a prototypical design to be repeated a number of times.
B37: Prototypical Design : | C37: --------
A39: Indicate the number of times the prototypical design is the be repeated as a new building.
B40: No. of Prototypical Design Repeats : | C40: 0
A42: Indicate the Total Area of the proposed building(s) associated with the project. [Required ONLY for determining a per square metre rate associated with the project.]
B43: Total Building Area (m²) : | C43: 0
A45: Work to be Undertaken per Work Stages
A46: 1. Set the weighting associated with each Work Category within the Work Stage. The weighting total within the “Weighted % of Wk/Stage” (col. C) to equal 100%.
A47: 2. Select the percentage of service per Work Category per Work Stage to be undertaken by the Architectural Professional (col. D)
A48: 3. Select the percentage of service per Work Category per Work Stage to be undertaken by Other Built Environment Professionals, ie: Planner, Engineer, Surveyor,
A49: Quantity Surveyor, Project Manager, etc. (col. E)
A50: Stage 1: Inception | C50: Weighted % of Wk/Stage | D50: % Service to be provided by | F50: Service % by | H50: Wk/Stage % | I50: Service % by
D51: Arch/Prof | E51: Other | F51: Arch/Prof | G51: Other | H51: ='Data & Calc Sheet'!$B$45*100 -> 2 | I51: Arch/Prof | J51: Other
A52: a) | B52: Receive, appraise and report on the client's requirements with regard to the client's brief. | C52: 50 | D52: 100 | E52: ----- | F52: =IF(D52="-----",0,IF(OR(D52<>"-----",D52<>0),C52*D52/100,0)) -> 50 | G52: =IF(E52="-----",0,IF(OR(E52<>"-----",E52<>0),C52*E52/100,0)) -> 0 | I52: =H$51*F52/100 -> 1 | J52: =H$51*G52/100 -> 0
A53: b) | B53: Determine the site and rights and constraints. | C53: 20 | D53: ----- | E53: ----- | F53: =IF(D53="-----",0,IF(OR(D53<>"-----",D53<>0),C53*D53/100,0)) -> 0 | G53: =IF(E53="-----",0,IF(OR(E53<>"-----",E53<>0),C53*E53/100,0)) -> 0 | I53: =H$51*F53/100 -> 0 | J53: =H$51*G53/100 -> 0
A54: c) | B54: Determine budgetary constraints. | C54: 5 | D54: ----- | E54: ----- | F54: =IF(D54="-----",0,IF(OR(D54<>"-----",D54<>0),C54*D54/100,0)) -> 0 | G54: =IF(E54="-----",0,IF(OR(E54<>"-----",E54<>0),C54*E54/100,0)) -> 0 | I54: =H$51*F54/100 -> 0 | J54: =H$51*G54/100 -> 0
A55: d) | B55: Determine the need for consultants. | C55: 10 | D55: ----- | E55: ----- | F55: =IF(D55="-----",0,IF(OR(D55<>"-----",D55<>0),C55*D55/100,0)) -> 0 | G55: =IF(E55="-----",0,IF(OR(E55<>"-----",E55<>0),C55*E55/100,0)) -> 0 | I55: =H$51*F55/100 -> 0 | J55: =H$51*G55/100 -> 0
A56: e) | B56: Determine indicative project timelines. | C56: 5 | D56: ----- | E56: ----- | F56: =IF(D56="-----",0,IF(OR(D56<>"-----",D56<>0),C56*D56/100,0)) -> 0 | G56: =IF(E56="-----",0,IF(OR(E56<>"-----",E56<>0),C56*E56/100,0)) -> 0 | I56: =H$51*F56/100 -> 0 | J56: =H$51*G56/100 -> 0
A57: f) | B57: Determine methods of contracting. | C57: 5 | D57: ----- | E57: ----- | F57: =IF(D57="-----",0,IF(OR(D57<>"-----",D57<>0),C57*D57/100,0)) -> 0 | G57: =IF(E57="-----",0,IF(OR(E57<>"-----",E57<>0),C57*E57/100,0)) -> 0 | I57: =H$51*F57/100 -> 0 | J57: =H$51*G57/100 -> 0
A58: g) | B58: Determine whether other statutory authority applications are required or desirable. | C58: 5 | D58: ----- | E58: ----- | F58: =IF(D58="-----",0,IF(OR(D58<>"-----",D58<>0),C58*D58/100,0)) -> 0 | G58: =IF(E58="-----",0,IF(OR(E58<>"-----",E58<>0),C58*E58/100,0)) -> 0 | I58: =H$51*F58/100 -> 0 | J58: =H$51*G58/100 -> 0
C59: =SUM(C52:C58) -> 100 | F59: =SUM(F52:F58) -> 50 | G59: =SUM(G52:G58) -> 0 | I59: =SUM(I52:I58) -> 1 | J59: =SUM(J52:J58) -> 0
A61: Stage 2: Concept and viability (concept design) | C61: Weighted % of Wk/Stage | D61: % Service to be provided by | F61: Service % by | H61: Wk/Stage % | I61: Service % by
D62: Arch/Prof | E62: Other | F62: Arch/Prof | G62: Other | H62: ='Data & Calc Sheet'!$B$46*100 -> 15 | I62: Arch/Prof | J62: Other
A63: a)(i) | B63: Prepare an initial design concept and advise on the intended space provisions and planning relationships. | C63: 25 | D63: 100 | E63: ----- | F63: =IF(D63="-----",0,IF(OR(D63<>"-----",D63<>0),C63*D63/100,0)) -> 25 | G63: =IF(E63="-----",0,IF(OR(E63<>"-----",E63<>0),C63*E63/100,0)) -> 0 | I63: =H$62*F63/100 -> 3.75 | J63: =H$62*G63/100 -> 0
A64: a)(ii) | B64: Prepare an initial design concept and advise on proposed materials and intended building services. | C64: 25 | D64: ----- | E64: ----- | F64: =IF(D64="-----",0,IF(OR(D64<>"-----",D64<>0),C63*D64/100,0)) -> 0 | G64: =IF(E64="-----",0,IF(OR(E64<>"-----",E64<>0),C64*E64/100,0)) -> 0 | I64: =H$62*F64/100 -> 0 | J64: =H$62*G64/100 -> 0
A65: a)(iii) | B65: Prepare an initial design concept and advise on the technical and functional characteristics of the design. | C65: 25 | D65: ----- | E65: ----- | F65: =IF(D65="-----",0,IF(OR(D65<>"-----",D65<>0),C63*D65/100,0)) -> 0 | G65: =IF(E65="-----",0,IF(OR(E65<>"-----",E65<>0),C65*E65/100,0)) -> 0 | I65: =H$62*F65/100 -> 0 | J65: =H$62*G65/100 -> 0
A66: b) | B66: Check for conformity of the concept with the rights to the use of the land. | C66: 10 | D66: ----- | E66: ----- | F66: =IF(D66="-----",0,IF(OR(D66<>"-----",D66<>0),C66*D66/100,0)) -> 0 | G66: =IF(E66="-----",0,IF(OR(E66<>"-----",E66<>0),C66*E66/100,0)) -> 0 | I66: =H$62*F66/100 -> 0 | J66: =H$62*G66/100 -> 0
A67: c) | B67: Consult with local and statutory authorities. | C67: 5 | D67: ----- | E67: ----- | F67: =IF(D67="-----",0,IF(OR(D67<>"-----",D67<>0),C67*D67/100,0)) -> 0 | G67: =IF(E67="-----",0,IF(OR(E67<>"-----",E67<>0),C67*E67/100,0)) -> 0 | I67: =H$62*F67/100 -> 0 | J67: =H$62*G67/100 -> 0
A68: d) | B68: Review the anticipated costs of the project. | C68: 5 | D68: ----- | E68: ----- | F68: =IF(D68="-----",0,IF(OR(D68<>"-----",D68<>0),C68*D68/100,0)) -> 0 | G68: =IF(E68="-----",0,IF(OR(E68<>"-----",E68<>0),C68*E68/100,0)) -> 0 | I68: =H$62*F68/100 -> 0 | J68: =H$62*G68/100 -> 0
A69: e) | B69: Review the project programme. | C69: 5 | D69: ----- | E69: ----- | F69: =IF(D69="-----",0,IF(OR(D69<>"-----",D69<>0),C69*D69/100,0)) -> 0 | G69: =IF(E69="-----",0,IF(OR(E69<>"-----",E69<>0),C69*E69/100,0)) -> 0 | I69: =H$62*F69/100 -> 0 | J69: =H$62*G69/100 -> 0
C70: =SUM(C63:C69) -> 100 | F70: =SUM(F63:F69) -> 25 | G70: =SUM(G63:G69) -> 0 | I70: =SUM(I63:I69) -> 3.75 | J70: =SUM(J63:J69) -> 0
A72: Stage 3: Design Development | C72: Weighted % of Wk/Stage | D72: % Service to be provided by | F72: Service % by | H72: Wk/Stage % | I72: Service % by
D73: Arch/Prof | E73: Other | F73: Arch/Prof | G73: Other | H73: ='Data & Calc Sheet'!$B$47*100 -> 20 | I73: Arch/Prof | J73: Other
A74: a) | B74: Develop all aspects of the design from concept to full development including, but not limited to, construction systems, materials, fittings, and finishes selections. | C74: 50 | D74: 100 | E74: ----- | F74: =IF(D74="-----",0,IF(OR(D74<>"-----",D74<>0),C74*D74/100,0)) -> 50 | G74: =IF(E74="-----",0,IF(OR(E74<>"-----",E74<>0),C74*E74/100,0)) -> 0 | I74: =H$73*F74/100 -> 10 | J74: =H$73*G74/100 -> 0
A75: b) | B75: Review the programme and budget with the client, principal consultant or other consultants. | C75: 5 | D75: ----- | E75: ----- | F75: =IF(D75="-----",0,IF(OR(D75<>"-----",D75<>0),C75*D75/100,0)) -> 0 | G75: =IF(E75="-----",0,IF(OR(E75<>"-----",E75<>0),C75*E75/100,0)) -> 0 | I75: =H$73*F75/100 -> 0 | J75: =H$73*G75/100 -> 0
A76: c) | B76: Coordinate other consultants designs into building design. | C76: 10 | D76: ----- | E76: ----- | F76: =IF(D76="-----",0,IF(OR(D76<>"-----",D76<>0),C76*D76/100,0)) -> 0 | G76: =IF(E76="-----",0,IF(OR(E76<>"-----",E76<>0),C76*E76/100,0)) -> 0 | I76: =H$73*F76/100 -> 0 | J76: =H$73*G76/100 -> 0
A77: d) | B77: Prepare design development drawings including drafting technical details and material specifications. | C77: 30 | D77: ----- | E77: ----- | F77: =IF(D77="-----",0,IF(OR(D77<>"-----",D77<>0),C77*D77/100,0)) -> 0 | G77: =IF(E77="-----",0,IF(OR(E77<>"-----",E77<>0),C77*E77/100,0)) -> 0 | I77: =H$73*F77/100 -> 0 | J77: =H$73*G77/100 -> 0
A78: e) | B78: Discuss and agree on the building plan application and approval requirements with the local authority. | C78: 5 | D78: ----- | E78: ----- | F78: =IF(D78="-----",0,IF(OR(D78<>"-----",D78<>0),C78*D78/100,0)) -> 0 | G78: =IF(E78="-----",0,IF(OR(E78<>"-----",E78<>0),C78*E78/100,0)) -> 0 | I78: =H$73*F78/100 -> 0 | J78: =H$73*G78/100 -> 0
C79: =SUM(C74:C78) -> 100 | F79: =SUM(F74:F78) -> 50 | G79: =SUM(G74:G78) -> 0 | I79: =SUM(I74:I78) -> 10 | J79: =SUM(J74:J78) -> 0
A81: Stage 4: Documentation and procurement | C81: Weighted % of Wk/Stage | D81: % Service to be provided by | F81: Service % by | H81: Wk/Stage % | I81: Service % by
A82: Stage 4.1 | D82: Arch/Prof | E82: Other | F82: Arch/Prof | G82: Other | H82: ='Data & Calc Sheet'!$B$48*100 -> 10 | I82: Arch/Prof | J82: Other
A83: a) | B83: Prepare documentation required for local authority building plan application submission. | C83: 45 | D83: 100 | E83: ----- | F83: =IF(D83="-----",0,IF(OR(D83<>"-----",D83<>0),C83*D83/100,0)) -> 45 | G83: =IF(E83="-----",0,IF(OR(E83<>"-----",E83<>0),C83*E83/100,0)) -> 0 | I83: =H$82*F83/100 -> 4.5 | J83: =H$82*G83/100 -> 0
A84: b) | B84: Co-ordinate technical documentation with the consultants and complete primary co-ordination sufficient to support building plan submission. | C84: 30 | D84: ----- | E84: ----- | F84: =IF(D84="-----",0,IF(OR(D84<>"-----",D84<>0),C84*D84/100,0)) -> 0 | G84: =IF(E84="-----",0,IF(OR(E84<>"-----",E84<>0),C84*E84/100,0)) -> 0 | I84: =H$82*F84/100 -> 0 | J84: =H$82*G84/100 -> 0
A85: c) | B85: Review the costing and programme with the consultants. | C85: 15 | D85: ----- | E85: ----- | F85: =IF(D85="-----",0,IF(OR(D85<>"-----",D85<>0),C85*D85/100,0)) -> 0 | G85: =IF(E85="-----",0,IF(OR(E85<>"-----",E85<>0),C85*E85/100,0)) -> 0 | I85: =H$82*F85/100 -> 0 | J85: =H$82*G85/100 -> 0
A86: d) | B86: Obtain the client's authority, and submit documents for approval at the local authority. | C86: 10 | D86: ----- | E86: ----- | F86: =IF(D86="-----",0,IF(OR(D86<>"-----",D86<>0),C86*D86/100,0)) -> 0 | G86: =IF(E86="-----",0,IF(OR(E86<>"-----",E86<>0),C86*E86/100,0)) -> 0 | I86: =H$82*F86/100 -> 0 | J86: =H$82*G86/100 -> 0
C87: =SUM(C83:C86) -> 100 | F87: =SUM(F83:F86) -> 45 | G87: =SUM(G83:G86) -> 0 | I87: =SUM(I83:I86) -> 4.5 | J87: =SUM(J83:J86) -> 0
A89: Stage 4: Documentation and procurement | C89: Weighted % of Wk/Stage | D89: % Service to be provided by | F89: Service % by | H89: Wk/Stage % | I89: Service % by
A90: Stage 4.2 | D90: Arch/Prof | E90: Other | F90: Arch/Prof | G90: Other | H90: ='Data & Calc Sheet'!$B$49*100 -> 20 | I90: Arch/Prof | J90: Other
A91: a) | B91: Prepare specifications for the works. | C91: 20 | D91: 100 | E91: ----- | F91: =IF(D91="-----",0,IF(OR(D91<>"-----",D91<>0),C91*D91/100,0)) -> 20 | G91: =IF(E91="-----",0,IF(OR(E91<>"-----",E91<>0),C91*E91/100,0)) -> 0 | I91: =H$90*F91/100 -> 4 | J91: =H$90*G91/100 -> 0
A92: b) | B92: Complete technical documentation sufficient for tender. | C92: 20 | D92: ----- | E92: ----- | F92: =IF(D92="-----",0,IF(OR(D92<>"-----",D92<>0),C92*D92/100,0)) -> 0 | G92: =IF(E92="-----",0,IF(OR(E92<>"-----",E92<>0),C92*E92/100,0)) -> 0 | I92: =H$90*F92/100 -> 0 | J92: =H$90*G92/100 -> 0
A93: c) | B93: Obtain offers for the execution of the works. | C93: 20 | D93: ----- | E93: ----- | F93: =IF(D93="-----",0,IF(OR(D93<>"-----",D93<>0),C93*D93/100,0)) -> 0 | G93: =IF(E93="-----",0,IF(OR(E93<>"-----",E93<>0),C93*E93/100,0)) -> 0 | I93: =H$90*F93/100 -> 0 | J93: =H$90*G93/100 -> 0
A94: d) | B94: Evaluate offers, and recommend a successful tenderer for appointment. | C94: 20 | D94: ----- | E94: ----- | F94: =IF(D94="-----",0,IF(OR(D94<>"-----",D94<>0),C94*D94/100,0)) -> 0 | G94: =IF(E94="-----",0,IF(OR(E94<>"-----",E94<>0),C94*E94/100,0)) -> 0 | I94: =H$90*F94/100 -> 0 | J94: =H$90*G94/100 -> 0
A95: e) | B95: Prepare the contract documentation and arrange the signing of the building contract by the client and the successful tenderer. | C95: 10 | D95: ----- | E95: ----- | F95: =IF(D95="-----",0,IF(OR(D95<>"-----",D95<>0),C95*D95/100,0)) -> 0 | G95: =IF(E95="-----",0,IF(OR(E95<>"-----",E95<>0),C95*E95/100,0)) -> 0 | I95: =H$90*F95/100 -> 0 | J95: =H$90*G95/100 -> 0
A96: f) | B96: Complete all remaining technical and construction documentation and coordinate same with the consultants. | C96: 10 | D96: ----- | E96: ----- | F96: =IF(D96="-----",0,IF(OR(D96<>"-----",D96<>0),C96*D96/100,0)) -> 0 | G96: =IF(E96="-----",0,IF(OR(E96<>"-----",E96<>0),C96*E96/100,0)) -> 0 | I96: =H$90*F96/100 -> 0 | J96: =H$90*G96/100 -> 0
C97: =SUM(C91:C96) -> 100 | F97: =SUM(F91:F96) -> 20 | G97: =SUM(G91:G96) -> 0 | I97: =SUM(I91:I96) -> 4 | J97: =SUM(J91:J96) -> 0
A99: Stage 5: Construction | C99: Weighted % of Wk/Stage | D99: % Service to be provided by | F99: Service % by | H99: Wk/Stage % | I99: Service % by
D100: Arch/Prof | E100: Other | F100: Arch/Prof | G100: Other | H100: ='Data & Calc Sheet'!$B$50*100 -> 30 | I100: Arch/Prof | J100: Other
A101: a) | B101: Administer the building contract. | C101: 10 | D101: 100 | E101: ----- | F101: =IF(D101="-----",0,IF(OR(D101<>"-----",D101<>0),C101*D101/100,0)) -> 10 | G101: =IF(E101="-----",0,IF(OR(E101<>"-----",E101<>0),C101*E101/100,0)) -> 0 | I101: =H$100*F101/100 -> 3 | J101: =H$100*G101/100 -> 0
A102: b) | B102: Give possession of the site to the contractor. | C102: 10 | D102: ----- | E102: ----- | F102: =IF(D102="-----",0,IF(OR(D102<>"-----",D102<>0),C102*D102/100,0)) -> 0 | G102: =IF(E102="-----",0,IF(OR(E102<>"-----",E102<>0),C102*E102/100,0)) -> 0 | I102: =H$100*F102/100 -> 0 | J102: =H$100*G102/100 -> 0
A103: c) | B103: Issue construction documentation. | C103: 10 | D103: ----- | E103: ----- | F103: =IF(D103="-----",0,IF(OR(D103<>"-----",D103<>0),C103*D103/100,0)) -> 0 | G103: =IF(E103="-----",0,IF(OR(E103<>"-----",E103<>0),C103*E103/100,0)) -> 0 | I103: =H$100*F103/100 -> 0 | J103: =H$100*G103/100 -> 0
A104: d) | B104: Review sub-contractor designs, shop drawings and documentation for conformity of design intent. | C104: 10 | D104: ----- | E104: ----- | F104: =IF(D104="-----",0,IF(OR(D104<>"-----",D104<>0),C104*D104/100,0)) -> 0 | G104: =IF(E104="-----",0,IF(OR(E104<>"-----",E104<>0),C104*E104/100,0)) -> 0 | I104: =H$100*F104/100 -> 0 | J104: =H$100*G104/100 -> 0
A105: e) | B105: Inspect the works for conformity with the contract documentation and acceptable quality in terms of industry standards. | C105: 10 | D105: ----- | E105: ----- | F105: =IF(D105="-----",0,IF(OR(D105<>"-----",D105<>0),C105*D105/100,0)) -> 0 | G105: =IF(E105="-----",0,IF(OR(E105<>"-----",E105<>0),C105*E105/100,0)) -> 0 | I105: =H$100*F105/100 -> 0 | J105: =H$100*G105/100 -> 0
A106: f) | B106: Administer and perform the duties and obligations assigned to the principal agent in the building contract. | C106: 10 | D106: ----- | E106: ----- | F106: =IF(D106="-----",0,IF(OR(D106<>"-----",D106<>0),C106*D106/100,0)) -> 0 | G106: =IF(E106="-----",0,IF(OR(E106<>"-----",E106<>0),C106*E106/100,0)) -> 0 | I106: =H$100*F106/100 -> 0 | J106: =H$100*G106/100 -> 0
A107: g) | B107: Manage the completion process of the project. | C107: 20 | D107: ----- | E107: ----- | F107: =IF(D107="-----",0,IF(OR(D107<>"-----",D107<>0),C107*D107/100,0)) -> 0 | G107: =IF(E107="-----",0,IF(OR(E107<>"-----",E107<>0),C107*E107/100,0)) -> 0 | I107: =H$100*F107/100 -> 0 | J107: =H$100*G107/100 -> 0
A108: h) | B108: Assist the client to obtain the required documentation necessary for the client to obtain the occupation certificate. | C108: 20 | D108: ----- | E108: ----- | F108: =IF(D108="-----",0,IF(OR(D108<>"-----",D108<>0),C108*D108/100,0)) -> 0 | G108: =IF(E108="-----",0,IF(OR(E108<>"-----",E108<>0),C108*E108/100,0)) -> 0 | I108: =H$100*F108/100 -> 0 | J108: =H$100*G108/100 -> 0
C109: =SUM(C101:C108) -> 100 | F109: =SUM(F101:F108) -> 10 | G109: =SUM(G101:G108) -> 0 | I109: =SUM(I101:I108) -> 3 | J109: =SUM(J101:J108) -> 0
A111: Stage 6: Close-out | C111: Weighted % of Wk/Stage | D111: % Service to be provided by | F111: Service % by | H111: Wk/Stage % | I111: Service % by
D112: Arch/Prof | E112: Other | F112: Arch/Prof | G112: Other | H112: ='Data & Calc Sheet'!$B$51*100 -> 3 | I112: Arch/Prof | J112: Other
A113: a) | B113: Facilitate the project close-out including the collation of the necessary documentation to effect completion, handover and operational manual of the project. | C113: 50 | D113: 100 | E113: ----- | F113: =IF(D113="-----",0,IF(OR(D113<>"-----",D113<>0),C113*D113/100,0)) -> 50 | G113: =IF(E113="-----",0,IF(OR(E113<>"-----",E113<>0),C113*E113/100,0)) -> 0 | I113: =H$112*F113/100 -> 1.5 | J113: =H$112*G113/100 -> 0
A114: b) | B114: When the contractor's obligations with respect to the building contract have been fulfilled, the architectural professional shall issue the certificates related to the contract completion. | C114: 30 | D114: ----- | E114: ----- | F114: =IF(D114="-----",0,IF(OR(D114<>"-----",D114<>0),C114*D114/100,0)) -> 0 | G114: =IF(E114="-----",0,IF(OR(E114<>"-----",E114<>0),C114*E114/100,0)) -> 0 | I114: =H$112*F114/100 -> 0 | J114: =H$112*G114/100 -> 0
A115: c) | B115: Provide the client with construction record documentation and the relevant technical and contractual undertakings by the contractor and sub-contractors. | C115: 20 | D115: ----- | E115: ----- | F115: =IF(D115="-----",0,IF(OR(D115<>"-----",D115<>0),C115*D115/100,0)) -> 0 | G115: =IF(E115="-----",0,IF(OR(E115<>"-----",E115<>0),C115*E115/100,0)) -> 0 | I115: =H$112*F115/100 -> 0 | J115: =H$112*G115/100 -> 0
C116: =SUM(C113:C115) -> 100 | F116: =SUM(F113:F115) -> 50 | G116: =SUM(G113:G115) -> 0 | I116: =SUM(I113:I115) -> 1.5 | J116: =SUM(J113:J115) -> 0
A119: Additional Services
A121: Enter below the value for any additional work / services to be included that are additional to the standard services selected above.
A122: 1. Special design services
...

Sheet Cost Based Fee
B3: Insert logo
A11: Professional Fees – Architectural Service
D13: =Cover!F13 -> 45483
A15: Project | B15: =IF(Cover!C17="","",Cover!C17)
A17: Address | B17: =IF(Cover!C19="","",Cover!C19)
A19: Project Budget : R | C19: ='Cost Based Service Req.'!C9 -> 0 | D19: excl. VAT
A21: % of Work as Alterations / Interfacing Work : | C21: ='Cost Based Service Req.'!C19 -> 0
A23: Building Restoration – Heritage legislation : | C23: ='Cost Based Service Req.'!C23 -> --------
A24: % of Work as Heritage Restoration : | C24: ='Cost Based Service Req.'!C26 -> 0
A26: Principal Consultant : | C26: ='Cost Based Service Req.'!C30 -> --------
A27: Principal Agent : | C27: ='Cost Based Service Req.'!C34 -> --------
B29: Work Stages | C29: Fees
A32: Stage 1. Inception : R | C32: =IFERROR(IF('Data & Calc Sheet'!F45="YES",'Data & Calc Sheet'!J45,0),0) -> 0
A33: Stage 2. Concept & Viability : R | C33: =IFERROR(IF('Data & Calc Sheet'!F46="YES",'Data & Calc Sheet'!J46,0),0) -> 0
A34: Stage 3. Design Development : R | C34: =IFERROR(IF('Data & Calc Sheet'!F47="YES",'Data & Calc Sheet'!J47,0),0) -> 0
A35: Stage 4.1 Local Authority Submissions : R | C35: =IFERROR(IF('Data & Calc Sheet'!F48="YES",'Data & Calc Sheet'!J48,0),0) -> 0
A36: Stage 4.2 Call for Tenders : R | C36: =IFERROR(IF('Data & Calc Sheet'!F49="YES",'Data & Calc Sheet'!J49,0),0) -> 0
A37: Stage 5 Construction : R | C37: =IFERROR(IF('Data & Calc Sheet'!F50="YES",'Data & Calc Sheet'!J50,0),0) -> 0
A38: Stage 6. Close Out : R | C38: =IFERROR(IF('Data & Calc Sheet'!F51="YES",'Data & Calc Sheet'!J51,0),0) -> 0
B40: Sub-Total : R | C40: =SUM(C32:C38) -> 0 | D40: excl. VAT
B42: Additional Services
A44: Special Design Services : R | C44: =IFERROR(IF('Cost Based Service Req.'!I143<>"",'Cost Based Service Req.'!I143,0),0) -> 0
A45: Special Management Services : R | C45: =IFERROR(IF('Cost Based Service Req.'!I144<>"",'Cost Based Service Req.'!I144,0),0) -> 0
A46: Special Studies : R | C46: =IFERROR(IF('Cost Based Service Req.'!I145<>"",'Cost Based Service Req.'!I145,0),0) -> 0
A47: Special Submissions to Statutory Authorities : R | C47: =IFERROR(IF('Cost Based Service Req.'!I146<>"",'Cost Based Service Req.'!I146,0),0) -> 0
A48: Work on Existing Premises : R | C48: =IFERROR(IF('Cost Based Service Req.'!I147<>"",'Cost Based Service Req.'!I147,0),0) -> 0
A49: Other Services : R | C49: =IFERROR(IF('Cost Based Service Req.'!I148<>"",'Cost Based Service Req.'!I148,0),0) -> 0
B51: Sub-Total : R | C51: =SUM(C44:C49) -> 0 | D51: excl. VAT
B53: Sub-Total : R | C53: =SUM(C40,C51) -> 0 | D53: excl. VAT
B54: Discount : R | C54: =IFERROR(C53*'Cost Based Service Req.'!C15,0) -> 0
B55: Sub-Total : R | C55: =C53-C54 -> 0 | D55: excl. VAT
B56: VAT : R | C56: =IFERROR(C55*'Cost Based Service Req.'!C12%,0) -> 0 | D56: =_xlfn.CONCAT(" @ ",'Cost Based Service Req.'!C12," %") -> @ 15 %
B57: Total Fee : R | C57: =SUM(C55,C56) -> 0
A59: =Disclaimer!A7 -> Copyright © 2025 - M. Keuter - Some Rights Reserved

Sheet Cost Based Fee_Repeat
B3: Insert logo
A11: Professional Fees – Architectural Service
D13: =Cover!F13 -> 45483
A15: Project | B15: =IF(Cover!C17="","",Cover!C17)
A17: Address | B17: =IF(Cover!C19="","",Cover!C19)
A19: Project Budget : R | C19: ='Cost Based Service Req.'!C9 -> 0 | D19: excl. VAT
A21: % of Work as Alterations / Interfacing Work : | C21: ='Cost Based Service Req.'!C19 -> 0
A23: Building Restoration – Heritage legislation : | C23: ='Cost Based Service Req.'!C23 -> --------
A24: % of Work as Heritage Restoration : | C24: ='Cost Based Service Req.'!C26 -> 0
A26: Principal Consultant : | C26: ='Cost Based Service Req.'!C30 -> --------
A27: Principal Agent : | C27: ='Cost Based Service Req.'!C34 -> --------
B29: Work Stages | C29: Fee Apportionment
C31: Prototype Fee | D31: Fee / Repeat | E31: Repeat Fee
A32: Stage 1. Inception : R | C32: =IFERROR(IF('Data & Calc Sheet'!F45="YES",'Data & Calc Sheet'!J45,0),0) -> 0 | D32: =IFERROR(IF('Cost Based Service Req.'!C$37='Cost Based Service Req.'!L$3,'Data & Calc Sheet'!M45,""),0) | E32: =IFERROR(IF('Cost Based Service Req.'!C$37='Cost Based Service Req.'!L$3,'Data & Calc Sheet'!N45,""),)
A33: Stage 2. Concept & Viability : R | C33: =IFERROR(IF('Data & Calc Sheet'!F46="YES",'Data & Calc Sheet'!J46,0),0) -> 0 | D33: =IFERROR(IF('Cost Based Service Req.'!C$37='Cost Based Service Req.'!L$3,'Data & Calc Sheet'!M46,""),0) | E33: =IFERROR(IF('Cost Based Service Req.'!C$37='Cost Based Service Req.'!L$3,'Data & Calc Sheet'!N46,""),)
A34: Stage 3. Design Development : R | C34: =IFERROR(IF('Data & Calc Sheet'!F47="YES",'Data & Calc Sheet'!J47,0),0) -> 0 | D34: =IFERROR(IF('Cost Based Service Req.'!C$37='Cost Based Service Req.'!L$3,'Data & Calc Sheet'!M47,""),0) | E34: =IFERROR(IF('Cost Based Service Req.'!C$37='Cost Based Service Req.'!L$3,'Data & Calc Sheet'!N47,""),)
A35: Stage 4.1 Local Authority Submissions : R | C35: =IFERROR(IF('Data & Calc Sheet'!F48="YES",'Data & Calc Sheet'!J48,0),0) -> 0 | D35: =IFERROR(IF('Cost Based Service Req.'!C$37='Cost Based Service Req.'!L$3,'Data & Calc Sheet'!M48,""),0) | E35: =IFERROR(IF('Cost Based Service Req.'!C$37='Cost Based Service Req.'!L$3,'Data & Calc Sheet'!N48,""),)
A36: Stage 4.2 Call for Tenders : R | C36: =IFERROR(IF('Data & Calc Sheet'!F49="YES",'Data & Calc Sheet'!J49,0),0) -> 0 | D36: =IFERROR(IF('Cost Based Service Req.'!C$37='Cost Based Service Req.'!L$3,'Data & Calc Sheet'!M49,""),0) | E36: =IFERROR(IF('Cost Based Service Req.'!C$37='Cost Based Service Req.'!L$3,'Data & Calc Sheet'!N49,""),)
A37: Stage 5 Construction : R | C37: =IFERROR(IF('Data & Calc Sheet'!F50="YES",'Data & Calc Sheet'!J50,0),0) -> 0 | E37: =IFERROR(IF('Cost Based Service Req.'!C$37='Cost Based Service Req.'!L$3,'Data & Calc Sheet'!N50,""),)
A38: Stage 6. Close Out : R | C38: =IFERROR(IF('Data & Calc Sheet'!F51="YES",'Data & Calc Sheet'!J51,0),0) -> 0 | E38: =IFERROR(IF('Cost Based Service Req.'!C$37='Cost Based Service Req.'!L$3,'Data & Calc Sheet'!N51,""),)
B40: Sub-Total : R | C40: =SUM(C32:C38) -> 0 | E40: =IF('Cost Based Service Req.'!C$37='Cost Based Service Req.'!L$3,SUM(E32:E38),"")
B42: Sub-Total : R | C42: =SUM(C40,E40) -> 0 | D42: excl. VAT
B44: Additional Services
A46: Special Design Services : R | C46: =IFERROR(IF('Cost Based Service Req.'!I143<>"",'Cost Based Service Req.'!I143,0),0) -> 0
A47: Special Management Services : R | C47: =IFERROR(IF('Cost Based Service Req.'!I144<>"",'Cost Based Service Req.'!I144,0),0) -> 0
A48: Special Studies : R | C48: =IFERROR(IF('Cost Based Service Req.'!I145<>"",'Cost Based Service Req.'!I145,0),0) -> 0
A49: Special Submissions to Statutory Authorities : R | C49: =IFERROR(IF('Cost Based Service Req.'!I146<>"",'Cost Based Service Req.'!I146,0),0) -> 0
A50: Work on Existing Premises : R | C50: =IFERROR(IF('Cost Based Service Req.'!I147<>"",'Cost Based Service Req.'!I147,0),0) -> 0
A51: Other Services : R | C51: =IFERROR(IF('Cost Based Service Req.'!I148<>"",'Cost Based Service Req.'!I148,0),0) -> 0
B53: Sub-Total : R | C53: =SUM(C46:C51) -> 0 | D53: excl. VAT
B55: Sub-Total : R | C55: =SUM(C42,C53) -> 0 | D55: excl. VAT
B56: Discount : R | C56: =IFERROR(C55*'Cost Based Service Req.'!C15,0) -> 0
B57: Sub-Total : R | C57: =C55-C56 -> 0 | D57: excl. VAT
B58: VAT : R | C58: =IFERROR(C57*'Cost Based Service Req.'!C12%,0) -> 0 | D58: =_xlfn.CONCAT(" @ ",'Cost Based Service Req.'!C12," %") -> @ 15 %
B59: Total Fee : R | C59: =SUM(C57,C58) -> 0
A61: =Disclaimer!A7 -> Copyright © 2025 - M. Keuter - Some Rights Reserved

Sheet Cost Based Fee_(Per Sqm)
B3: Insert logo
A11: Professional Fees – Architectural Service
D13: =Cover!F13 -> 45483
A15: Project | B15: =IF(Cover!C17="","",Cover!C17)
A17: Address | B17: =IF(Cover!C19="","",Cover!C19)
A19: Project Budget : R | C19: ='Cost Based Service Req.'!C9 -> 0 | D19: excl. VAT
A21: Total Building Area (m²) : | C21: ='Cost Based Service Req.'!C43 -> 0
A23: % of Work as Alterations / Interfacing Work : | C23: ='Cost Based Service Req.'!C19 -> 0
A25: Building Restoration – Heritage legislation : | C25: ='Cost Based Service Req.'!C23 -> --------
A26: % of Work as Heritage Restoration : | C26: ='Cost Based Service Req.'!C26 -> 0
A28: Principal Consultant : | C28: ='Cost Based Service Req.'!C30 -> --------
A29: Principal Agent : | C29: ='Cost Based Service Req.'!C34 -> --------
B31: Work Stages | C31: Rate / Sqm
A34: Stage 1. Inception : R | C34: =IFERROR(IF('Data & Calc Sheet'!F45="YES",'Data & Calc Sheet'!J45/'Cost Based Service Req.'!$C$43,0),) -> 0
A35: Stage 2. Concept & Viability : R | C35: =IFERROR(IF('Data & Calc Sheet'!F46="YES",'Data & Calc Sheet'!J46/'Cost Based Service Req.'!$C$43,0),) -> 0
A36: Stage 3. Design Development : R | C36: =IFERROR(IF('Data & Calc Sheet'!F47="YES",'Data & Calc Sheet'!J47/'Cost Based Service Req.'!$C$43,0),) -> 0
A37: Stage 4.1 Local Authority Submissions : R | C37: =IFERROR(IF('Data & Calc Sheet'!F48="YES",'Data & Calc Sheet'!J48/'Cost Based Service Req.'!$C$43,0),) -> 0
A38: Stage 4.2 Call for Tenders : R | C38: =IFERROR(IF('Data & Calc Sheet'!F49="YES",'Data & Calc Sheet'!J49/'Cost Based Service Req.'!$C$43,0),) -> 0
A39: Stage 5 Construction : R | C39: =IFERROR(IF('Data & Calc Sheet'!F50="YES",'Data & Calc Sheet'!J50/'Cost Based Service Req.'!$C$43,0),) -> 0
A40: Stage 6. Close Out : R | C40: =IFERROR(IF('Data & Calc Sheet'!F51="YES",'Data & Calc Sheet'!J51/'Cost Based Service Req.'!$C$43,0),) -> 0
B42: Sub-Total : R | C42: =SUM(C34:C40) -> 0 | D42: excl. VAT
B44: Additional Services
A46: Special Design Services : R | C46: =IFERROR(IF('Cost Based Service Req.'!I143<>"",'Cost Based Service Req.'!I143/'Cost Based Service Req.'!$C$43,0),0) -> 0
A47: Special Management Services : R | C47: =IFERROR(IF('Cost Based Service Req.'!I144<>"",'Cost Based Service Req.'!I144/'Cost Based Service Req.'!$C$43,0),0) -> 0
A48: Special Studies : R | C48: =IFERROR(IF('Cost Based Service Req.'!I145<>"",'Cost Based Service Req.'!I145/'Cost Based Service Req.'!$C$43,0),0) -> 0
A49: Special Submissions to Statutory Authorities : R | C49: =IFERROR(IF('Cost Based Service Req.'!I146<>"",'Cost Based Service Req.'!I146/'Cost Based Service Req.'!$C$43,0),0) -> 0
A50: Work on Existing Premises : R | C50: =IFERROR(IF('Cost Based Service Req.'!I147<>"",'Cost Based Service Req.'!I147/'Cost Based Service Req.'!$C$43,0),0) -> 0
A51: Other Services : R | C51: =IFERROR(IF('Cost Based Service Req.'!I148<>"",'Cost Based Service Req.'!I148/'Cost Based Service Req.'!$C$43,0),0) -> 0
B53: Sub-Total : R | C53: =SUM(C46:C51) -> 0 | D53: excl. VAT
B55: Sub-Total : R | C55: =SUM(C42,C53) -> 0 | D55: excl. VAT
B56: Discount : R | C56: =IFERROR(C55*'Cost Based Service Req.'!C15,0) -> 0
B57: Sub-Total : R | C57: =C55-C56 -> 0 | D57: excl. VAT
B58: VAT : R | C58: =IFERROR(C57*'Cost Based Service Req.'!C12%,0) -> 0 | D58: =_xlfn.CONCAT(" @ ",'Cost Based Service Req.'!C12," %") -> @ 15 %
B59: Total Fee : R | C59: =SUM(C57,C58) -> 0
A61: =Disclaimer!A7 -> Copyright © 2025 - M. Keuter - Some Rights Reserved

Sheet Cost Based Fee_Repeat_(Per Sqm)
B3: Insert logo
A10: Professional Fees – Architectural Service
D12: =Cover!F13 -> 45483
A14: Project | B14: =IF(Cover!C17="","",Cover!C17)
A16: Address | B16: =IF(Cover!C19="","",Cover!C19)
A18: Project Budget : R | C18: ='Cost Based Service Req.'!C9 -> 0 | D18: excl. VAT
A20: Total Building Area (m²) : | C20: ='Cost Based Service Req.'!C43 -> 0
A22: % of Work as Alterations / Interfacing Work : | C22: ='Cost Based Service Req.'!C19 -> 0
A24: Building Restoration – Heritage legislation : | C24: ='Cost Based Service Req.'!C23 -> --------
A25: % of Work as Heritage Restoration : | C25: ='Cost Based Service Req.'!C26 -> 0
B27: Principal Consultant : | C27: ='Cost Based Service Req.'!C30 -> --------
B28: Principal Agent : | C28: ='Cost Based Service Req.'!C34 -> --------
B30: Work Stages | C30: Fee Apportionment
C32: Prototype Fee | D32: Fee / Repeat | E32: Repeat Fee
A33: Stage 1. Inception : R | C33: =IFERROR(IF('Data & Calc Sheet'!F45="YES",'Data & Calc Sheet'!J45/'Cost Based Service Req.'!$C$43,0),0) -> 0 | D33: =IFERROR(IF('Cost Based Service Req.'!C$37='Cost Based Service Req.'!L$3,'Data & Calc Sheet'!M45/'Cost Based Service Req.'!$C$43,""),0) | E33: =IFERROR(IF('Cost Based Service Req.'!C$37='Cost Based Service Req.'!L$3,'Data & Calc Sheet'!N45/'Cost Based Service Req.'!$C$43,""),0)
A34: Stage 2. Concept & Viability : R | C34: =IFERROR(IF('Data & Calc Sheet'!F46="YES",'Data & Calc Sheet'!J46/'Cost Based Service Req.'!$C$43,0),0) -> 0 | D34: =IFERROR(IF('Cost Based Service Req.'!C$37='Cost Based Service Req.'!L$3,'Data & Calc Sheet'!M46/'Cost Based Service Req.'!$C$43,""),0) | E34: =IFERROR(IF('Cost Based Service Req.'!C$37='Cost Based Service Req.'!L$3,'Data & Calc Sheet'!N46/'Cost Based Service Req.'!$C$43,""),0)
A35: Stage 3. Design Development : R | C35: =IFERROR(IF('Data & Calc Sheet'!F47="YES",'Data & Calc Sheet'!J47/'Cost Based Service Req.'!$C$43,0),0) -> 0 | D35: =IFERROR(IF('Cost Based Service Req.'!C$37='Cost Based Service Req.'!L$3,'Data & Calc Sheet'!M47/'Cost Based Service Req.'!$C$43,""),0) | E35: =IFERROR(IF('Cost Based Service Req.'!C$37='Cost Based Service Req.'!L$3,'Data & Calc Sheet'!N47/'Cost Based Service Req.'!$C$43,""),0)
A36: Stage 4.1 Local Authority Submissions : R | C36: =IFERROR(IF('Data & Calc Sheet'!F48="YES",'Data & Calc Sheet'!J48/'Cost Based Service Req.'!$C$43,0),0) -> 0 | D36: =IFERROR(IF('Cost Based Service Req.'!C$37='Cost Based Service Req.'!L$3,'Data & Calc Sheet'!M48/'Cost Based Service Req.'!$C$43,""),0) | E36: =IFERROR(IF('Cost Based Service Req.'!C$37='Cost Based Service Req.'!L$3,'Data & Calc Sheet'!N48/'Cost Based Service Req.'!$C$43,""),0)
A37: Stage 4.2 Call for Tenders : R | C37: =IFERROR(IF('Data & Calc Sheet'!F49="YES",'Data & Calc Sheet'!J49/'Cost Based Service Req.'!$C$43,0),0) -> 0 | D37: =IFERROR(IF('Cost Based Service Req.'!C$37='Cost Based Service Req.'!L$3,'Data & Calc Sheet'!M49/'Cost Based Service Req.'!$C$43,""),0) | E37: =IFERROR(IF('Cost Based Service Req.'!C$37='Cost Based Service Req.'!L$3,'Data & Calc Sheet'!N49/'Cost Based Service Req.'!$C$43,""),0)
A38: Stage 5 Construction : R | C38: =IFERROR(IF('Data & Calc Sheet'!F50="YES",'Data & Calc Sheet'!J50/'Cost Based Service Req.'!$C$43,0),0) -> 0 | E38: =IFERROR(IF('Cost Based Service Req.'!C$37='Cost Based Service Req.'!L$3,'Data & Calc Sheet'!N50/'Cost Based Service Req.'!$C$43,""),0)
A39: Stage 6. Close Out : R | C39: =IFERROR(IF('Data & Calc Sheet'!F51="YES",'Data & Calc Sheet'!J51/'Cost Based Service Req.'!$C$43,0),0) -> 0 | E39: =IFERROR(IF('Cost Based Service Req.'!C$37='Cost Based Service Req.'!L$3,'Data & Calc Sheet'!N51/'Cost Based Service Req.'!$C$43,""),0)
B41: Sub-Total : R | C41: =SUM(C33:C39) -> 0 | D41: =IFERROR(C41/'Cost Based Service Req.'!$C$43,0) -> 0 | E41: =IF('Cost Based Service Req.'!C$37='Cost Based Service Req.'!L$3,SUM(E33:E39),"")
B43: Sub-Total : R | C43: =SUM(C41,E41) -> 0 | D43: excl. VAT
B45: Additional Services
A47: Special Design Services : R | C47: =IFERROR(IF('Cost Based Service Req.'!I143<>"",'Cost Based Service Req.'!I143/'Cost Based Service Req.'!$C$43,0),0) -> 0
A48: Special Management Services : R | C48: =IFERROR(IF('Cost Based Service Req.'!I144<>"",'Cost Based Service Req.'!I144/'Cost Based Service Req.'!$C$43,0),0) -> 0
A49: Special Studies : R | C49: =IFERROR(IF('Cost Based Service Req.'!I145<>"",'Cost Based Service Req.'!I145/'Cost Based Service Req.'!$C$43,0),0) -> 0
A50: Special Submissions to Statutory Authorities : R | C50: =IFERROR(IF('Cost Based Service Req.'!I146<>"",'Cost Based Service Req.'!I146/'Cost Based Service Req.'!$C$43,0),0) -> 0
A51: Work on Existing Premises : R | C51: =IFERROR(IF('Cost Based Service Req.'!I147<>"",'Cost Based Service Req.'!I147/'Cost Based Service Req.'!$C$43,0),0) -> 0
A52: Other Services : R | C52: =IFERROR(IF('Cost Based Service Req.'!I148<>"",'Cost Based Service Req.'!I148/'Cost Based Service Req.'!$C$43,0),0) -> 0
B54: Sub-Total : R | C54: =SUM(C47:C52) -> 0 | D54: excl. VAT
B56: Sub-Total : R | C56: =SUM(C43,C54) -> 0 | D56: excl. VAT
B57: Discount : R | C57: =IFERROR(C56*'Cost Based Service Req.'!C15,0) -> 0
B58: Sub-Total : R | C58: =C56-C57 -> 0 | D58: excl. VAT
B59: VAT : R | C59: =IFERROR(C58*'Cost Based Service Req.'!C12%,0) -> 0 | D59: =_xlfn.CONCAT(" @ ",'Cost Based Service Req.'!C12," %") -> @ 15 %
B60: Total Fee : R | C60: =SUM(C58,C59) -> 0
A61: =Disclaimer!A7 -> Copyright © 2025 - M. Keuter - Some Rights Reserved

Sheet Time Based Service
A1: Professional Fees – Architectural Service | K1: -----
K2: Specialist | L2: ='SACAP Prof.Rate'!B3 -> 3313
F3: =Cover!F13 -> 45483 | K3: >10yrs experience | L3: ='SACAP Prof.Rate'!B4 -> 2663
A4: Time Based Fee – Method 2 : SACAP Calculated Rate | K4: <10yrs experience | L4: ='SACAP Prof.Rate'!B5 -> 1991
A6: Indicate the Total Area of the proposed building(s) associated with the project. | K6: -----
A7: [Required ONLY for determining a per square metre rate associated with the project.] | K7: Associate | L7: ='SACAP Prof.Rate'!B6 -> 1420
A8: Total Building Area (m²) : | K8: Manager | L8: ='SACAP Prof.Rate'!B7 -> 1420
K9: Reg.Arch.Prof. w/Direct Responsibility | L9: ='SACAP Prof.Rate'!B8 -> 960
A10: Select the category & number of persons employed & their hours devoted to the Project | K10: Reg.Arch.Prof. no Direct Responsibility | L10: ='SACAP Prof.Rate'!B9 -> 571
A11: Principal; Partners & Equity Holders | K11: Staff in Support of Arch.Work Output | L11: ='SACAP Prof.Rate'!B10 -> 408
C12: No. of Person | D12: No. of Hrs | E12: SACAP Rate (R) | F12: Cost (R) | G12: Rate / Sqm
E13: =IFERROR(INDEX($K$1:$L$4,MATCH(A13,$K$1:$K$4,0),2),"") | F13: =IF(OR(C13="",D13=""),"",IFERROR(PRODUCT(C13:E13),"")) | G13: =IF(OR(C13="",D13=""),"",IFERROR(F13/$C$8,""))
A14: ----- | E14: =IFERROR(INDEX($K$1:$L$4,MATCH(A14,$K$1:$K$4,0),2),"") -> 0 | F14: =IF(OR(C14="",D14=""),"",IFERROR(PRODUCT(C14:E14),"")) | G14: =IF(OR(C14="",D14=""),"",IFERROR(F14/$C$8,""))
A15: ----- | E15: =IFERROR(INDEX($K$1:$L$4,MATCH(A15,$K$1:$K$4,0),2),"") -> 0 | F15: =IF(OR(C15="",D15=""),"",IFERROR(PRODUCT(C15:E15),"")) | G15: =IF(OR(C15="",D15=""),"",IFERROR(F15/$C$8,""))
A17: Salaried Staff
C18: No. of Person | D18: No. of Hrs | E18: SACAP Rate (R) | F18: Cost (R) | G18: Rate / Sqm
E19: =IFERROR(INDEX($K$6:$L$11,MATCH(A19,$K$6:$K$11,0),2),"") | F19: =IF(OR(C19="",D19=""),"",IFERROR(PRODUCT(C19:E19),"")) | G19: =IF(OR(C19="",D19=""),"",IFERROR(F19/$C$8,""))
A20: ----- | E20: =IFERROR(INDEX($K$6:$L$11,MATCH(A20,$K$6:$K$11,0),2),"") -> 0 | F20: =IF(OR(C20="",D20=""),"",IFERROR(PRODUCT(C20:E20),"")) | G20: =IF(OR(C20="",D20=""),"",IFERROR(F20/$C$8,""))
A21: ----- | E21: =IFERROR(INDEX($K$6:$L$11,MATCH(A21,$K$6:$K$11,0),2),"") -> 0 | F21: =IF(OR(C21="",D21=""),"",IFERROR(PRODUCT(C21:E21),"")) | G21: =IF(OR(C21="",D21=""),"",IFERROR(F21/$C$8,""))
A22: ----- | E22: =IFERROR(INDEX($K$6:$L$11,MATCH(A22,$K$6:$K$11,0),2),"") -> 0 | F22: =IF(OR(C22="",D22=""),"",IFERROR(PRODUCT(C22:E22),"")) | G22: =IF(OR(C22="",D22=""),"",IFERROR(F22/$C$8,""))
A23: ----- | E23: =IFERROR(INDEX($K$6:$L$11,MATCH(A23,$K$6:$K$11,0),2),"") -> 0 | F23: =IF(OR(C23="",D23=""),"",IFERROR(PRODUCT(C23:E23),"")) | G23: =IF(OR(C23="",D23=""),"",IFERROR(F23/$C$8,""))
A25: Enter the discounted % value where a discounted service is being offered.
A26: Discount Offered : | C26: 0
A28: Select the VAT Rate applicable where fees raised are inclusive of VAT.
B29: VAT Rate : | C29: 15 | D29: %
C32: Sub-Total : R | E32: =SUM(F13:F15,F19:F23) -> 0 | F32: excl. VAT | G32: =SUM(G13:G15,G19:G23) -> 0
C33: Discount offered : R | E33: =E32*$C$26 -> 0 | F33: =IF(OR(C26="",C26=0),"",CONCATENATE(" @ ",C26*100," %")) | G33: =G32*$C$26 -> 0
C34: Sub-Total : R | E34: =E32-E33 -> 0 | F34: excl. VAT | G34: =G32-G33 -> 0
D35: VAT : R | E35: =IFERROR(E34*C29%,0) -> 0 | F35: =_xlfn.CONCAT(" @ ",C29," %") -> @ 15 % | G35: =IFERROR(G34*C29%,0) -> 0
D36: Total Fee : R | E36: =SUM(E34:E35) -> 0 | G36: =SUM(G34:G35) -> 0
A38: =Disclaimer!A7 -> Copyright © 2025 - M. Keuter - Some Rights Reserved

Sheet Time Based Fee
B2: Insert logo
A15: Professional Fees – Architectural Service
E17: =Cover!F13 -> 45483
A19: Project | B19: =IF(Cover!C17="","",Cover!C17)
A21: Address | B21: =IF(Cover!C19="","",Cover!C19)
D24: No. of Person | E24: No. of Hrs | F24: Cost (R)
A25: Principal; Partners & Equity Holders : | D25: =SUM('Time Based Service'!C13:C15) -> 0 | E25: =SUM('Time Based Service'!D13:D15) -> 0 | F25: =SUM('Time Based Service'!F13:F15) -> 0
D27: No. of Person | E27: No. of Hrs | F27: Cost (R)
A28: Salaried Staff : | D28: =SUM('Time Based Service'!C19:C23) -> 0 | E28: =SUM('Time Based Service'!D19:D23) -> 0 | F28: =SUM('Time Based Service'!F19:F23) -> 0
C32: Sub-Total : | E32: =SUM(F25,F28) -> 0 | F32: excl. VAT
C33: Discount : R | E33: =IFERROR(E32*'Time Based Service'!C26,0) -> 0 | F33: =IF(OR('Time Based Service'!C26=0,'Time Based Service'!C26=""),"",CONCATENATE(" @ ",'Time Based Service'!C26*100," %"))
C34: Sub-Total : R | E34: =E32-E33 -> 0 | F34: excl. VAT
D35: VAT : R | E35: =IFERROR(E34*'Time Based Service'!C29%,0) -> 0 | F35: =IFERROR(_xlfn.CONCAT(" @ ",'Time Based Service'!C29," %"),0) -> @ 15 %
D36: Total Fee : R | E36: =SUM(E34:E35) -> 0
A38: =Disclaimer!A7 -> Copyright © 2025 - M. Keuter - Some Rights Reserved

Sheet Time Based Fee_(Per Sqm)
B2: Insert logo
A15: Professional Fees – Architectural Service
E17: =Cover!F13 -> 45483
A19: Project | B19: =IF('Task Time Based Service'!C17="","",'Task Time Based Service'!C17)
A21: Address | B21: =IF('Task Time Based Service'!C19="","",'Task Time Based Service'!C19)
D24: No. of Person | E24: No. of Hrs | F24: Rate / Sqm (R)
A25: Principal; Partners & Equity Holders : | D25: =SUM('Time Based Service'!C13:C15) -> 0 | E25: =SUM('Time Based Service'!D13:D15) -> 0 | F25: =SUM('Time Based Service'!G13:G15) -> 0
D27: No. of Person | E27: No. of Hrs | F27: Rate / Sqm (R)
A28: Salaried Staff : | D28: =SUM('Time Based Service'!C19:C23) -> 0 | E28: =SUM('Time Based Service'!D19:D23) -> 0 | F28: =SUM('Time Based Service'!G19:G23) -> 0
C32: Sub-Total : | E32: =SUM(F25,F28) -> 0 | F32: excl. VAT
C33: Discount : R | E33: =IFERROR(E32*'Time Based Service'!C26,0) -> 0 | F33: =IF(OR('Time Based Service'!C26=0,'Time Based Service'!C26=""),"",CONCATENATE(" @ ",'Time Based Service'!C26*100," %"))
C34: Sub-Total : R | E34: =E32-E33 -> 0 | F34: excl. VAT
D35: VAT : R | E35: =IFERROR(E34*'Time Based Service'!C29%,0) -> 0 | F35: =IFERROR(_xlfn.CONCAT(" @ ",'Time Based Service'!C29," %"),0) -> @ 15 %
D36: Total Fee : R | E36: =SUM(E34:E35) -> 0
A38: =Disclaimer!A7 -> Copyright © 2025 - M. Keuter - Some Rights Reserved

Sheet Time Based Service - Alternate
A1: Professional Fees – Architectural Service | R1: Stage List | S1: ----- | V1: %of Cost
R2: -------- | S2: Specialist | T2: ='SACAP Prof.Rate'!B3 -> 3313 | V2: 10 | W2: 3
H3: =Cover!F13 -> 45483 | R3: Yes | S3: >10yrs experience | T3: ='SACAP Prof.Rate'!B4 -> 2663 | V3: 20 | W3: 22
A4: Time Based Fee – Work Stage Alternative | R4: No | S4: <10yrs experience | T4: ='SACAP Prof.Rate'!B5 -> 1991 | V4: 65 | W4: 30
S5: Associate | T5: ='SACAP Prof.Rate'!B6 -> 1420 | V5: 5 | W5: 45
A6: Select the category of complexity applicable to the project type for which professional services are required. | S6: Manager | T6: ='SACAP Prof.Rate'!B7 -> 1420 | V6: =SUM(V2:V5) -> 100 | W6: =SUM(W2:W5) -> 100
B7: Complexity of Project : | C7: LOW COMPLEXITY | S7: Reg.Arch.Prof. w/Direct Responsibility | T7: ='SACAP Prof.Rate'!B8 -> 960
S8: Reg.Arch.Prof. no Direct Responsibility | T8: ='SACAP Prof.Rate'!B9 -> 571
A9: Identify whether the building is a prototypical design to be repeated a number of times. | S9: Staff in Support of Arch.Work Output | T9: ='SACAP Prof.Rate'!B10 -> 408
B10: Prototypical Design : | C10: --------
A12: Indicate the number of times the prototypical design is the be repeated as a new building.
B13: No. of Prototypical Design Repeats : | C13: 0
A15: Enter the discounted % value where a discounted service is being offered.
A16: Discount Offered : | C16: 0
A18: Select the VAT Rate applicable where fees raised are inclusive of VAT.
B19: VAT Rate : | C19: 15 | D19: %
A21: Indicate the Total Area of the proposed building(s) associated with the project. [Required ONLY for determining a per square metre rate associated with the project.]
B22: Total Building Area (m²) : | C22: 0
A24: Work to be Undertaken per Work Stages – Time Based
A25: 1. Allocate the assumed number of hours required to undertake the task to be performed.
A26: 2. Indicate the number of persons assigned to undertake the identified task.
A27: 3. Select the category of professional to perform the identified task.
A28: 4. Enter hourly “Own Rate” ONLY where default SACAP rate is not to be used.
A29: Stage 1: Inception | C29: Allotted Hrs | D29: No. of Person | E29: Professional | F29: SACAP Rate (R) | G29: Own Rate (R) | H29: Cost (R) | I29: Exec. Cost (R) | J29: Sal. Cost (R) | K29: Man Hrs Exec. | L29: Man Hrs Sal. | V29: Allocated Man Hours | AE29: Income Generated
V30: Specialist | W30: >10yrs experience | X30: <10yrs experience | Y30: Associate | Z30: Manager | AA30: Reg.Arch.Prof. w/Direct Responsibility | AB30: Reg.Arch.Prof. no Direct Responsibility | AC30: Staff in Support of Arch.Work Output | AE30: Specialist | AF30: >10yrs experience | AG30: <10yrs experience | AH30: Associate | AI30: Manager | AJ30: Reg.Arch.Prof. w/Direct Responsibility | AK30: Reg.Arch.Prof. no Direct Responsibility | AL30: Staff in Support of Arch.Work Output
A31: a) | B31: Receive, appraise and report on the client's requirements with regard to the client's brief. | F31: =IFERROR(INDEX($S$1:$T$9,MATCH(E31,$S$1:$S$9,0),2),"") | H31: =IFERROR(IF(OR(G31=0,G31=""),C31*D31*F31,D31*G31),0) -> 0 | I31: =IF(OR(E31=S$2,E31=S$3,E31=S$4),H31,0) -> 0 | J31: =IF(OR(E31=S$5,E31=S$6,E31=S$7,E31=S$8,E31=S$9),H31,0) -> 0 | K31: =IF(OR(E31=S$2,E31=S$3,E31=S$4),C31*D31,0) -> 0 | L31: =IF(OR(E31=S$5,E31=S$6,E31=S$7,E31=S$8,E31=S$9),C31*D31,0) -> 0 | V31: =IF($E31=V$30,$K31,0) -> 0 | W31: =IF($E31=W$30,$K31,0) -> 0 | X31: =IF($E31=X$30,$K31,0) -> 0 | Y31: =IF($E31=Y$30,$L31,0) -> 0 | Z31: =IF($E31=Z$30,$L31,0) -> 0 | AA31: =IF($E31=AA$30,$L31,0) -> 0 | AB31: =IF($E31=AB$30,$L31,0) -> 0 | AC31: =IF($E31=AC$30,$L31,0) -> 0 | AE31: =IF($E31=AE$30,$H31,0) -> 0 | AF31: =IF($E31=AF$30,$H31,0) -> 0 | AG31: =IF($E31=AG$30,$H31,0) -> 0 | AH31: =IF($E31=AH$30,$H31,0) -> 0 | AI31: =IF($E31=AI$30,$H31,0) -> 0 | AJ31: =IF($E31=AJ$30,$H31,0) -> 0 | AK31: =IF($E31=AK$30,$H31,0) -> 0 | AL31: =IF($E31=AL$30,$H31,0) -> 0
A32: b) | B32: Determine the site and rights and constraints. | E32: ----- | F32: =IFERROR(INDEX($S$1:$T$9,MATCH(E32,$S$1:$S$9,0),2),"") -> 0 | H32: =IFERROR(IF(OR(G32=0,G32=""),C32*D32*F32,D32*G32),0) -> 0 | I32: =IF(OR(E32=S$2,E32=S$3,E32=S$4),H32,0) -> 0 | J32: =IF(OR(E32=S$5,E32=S$6,E32=S$7,E32=S$8,E32=S$9),H32,0) -> 0 | K32: =IF(OR(E32=S$2,E32=S$3,E32=S$4),C32*D32,0) -> 0 | L32: =IF(OR(E32=S$5,E32=S$6,E32=S$7,E32=S$8,E32=S$9),C32*D32,0) -> 0 | V32: =IF($E32=V$30,$K32,0) -> 0 | W32: =IF($E32=W$30,$K32,0) -> 0 | X32: =IF($E32=X$30,$K32,0) -> 0 | Y32: =IF($E32=Y$30,$L32,0) -> 0 | Z32: =IF($E32=Z$30,$L32,0) -> 0 | AA32: =IF($E32=AA$30,$L32,0) -> 0 | AB32: =IF($E32=AB$30,$L32,0) -> 0 | AC32: =IF($E32=AC$30,$L32,0) -> 0 | AE32: =IF($E32=AE$30,$H32,0) -> 0 | AF32: =IF($E32=AF$30,$H32,0) -> 0 | AG32: =IF($E32=AG$30,$H32,0) -> 0 | AH32: =IF($E32=AH$30,$H32,0) -> 0 | AI32: =IF($E32=AI$30,$H32,0) -> 0 | AJ32: =IF($E32=AJ$30,$H32,0) -> 0 | AK32: =IF($E32=AK$30,$H32,0) -> 0 | AL32: =IF($E32=AL$30,$H32,0) -> 0
A33: c) | B33: Determine budgetary constraints. | E33: ----- | F33: =IFERROR(INDEX($S$1:$T$9,MATCH(E33,$S$1:$S$9,0),2),"") -> 0 | H33: =IFERROR(IF(OR(G33=0,G33=""),C33*D33*F33,D33*G33),0) -> 0 | I33: =IF(OR(E33=S$2,E33=S$3,E33=S$4),H33,0) -> 0 | J33: =IF(OR(E33=S$5,E33=S$6,E33=S$7,E33=S$8,E33=S$9),H33,0) -> 0 | K33: =IF(OR(E33=S$2,E33=S$3,E33=S$4),C33*D33,0) -> 0 | L33: =IF(OR(E33=S$5,E33=S$6,E33=S$7,E33=S$8,E33=S$9),C33*D33,0) -> 0 | V33: =IF($E33=V$30,$K33,0) -> 0 | W33: =IF($E33=W$30,$K33,0) -> 0 | X33: =IF($E33=X$30,$K33,0) -> 0 | Y33: =IF($E33=Y$30,$L33,0) -> 0 | Z33: =IF($E33=Z$30,$L33,0) -> 0 | AA33: =IF($E33=AA$30,$L33,0) -> 0 | AB33: =IF($E33=AB$30,$L33,0) -> 0 | AC33: =IF($E33=AC$30,$L33,0) -> 0 | AE33: =IF($E33=AE$30,$H33,0) -> 0 | AF33: =IF($E33=AF$30,$H33,0) -> 0 | AG33: =IF($E33=AG$30,$H33,0) -> 0 | AH33: =IF($E33=AH$30,$H33,0) -> 0 | AI33: =IF($E33=AI$30,$H33,0) -> 0 | AJ33: =IF($E33=AJ$30,$H33,0) -> 0 | AK33: =IF($E33=AK$30,$H33,0) -> 0 | AL33: =IF($E33=AL$30,$H33,0) -> 0
A34: d) | B34: Determine the need for consultants. | E34: ----- | F34: =IFERROR(INDEX($S$1:$T$9,MATCH(E34,$S$1:$S$9,0),2),"") -> 0 | H34: =IFERROR(IF(OR(G34=0,G34=""),C34*D34*F34,D34*G34),0) -> 0 | I34: =IF(OR(E34=S$2,E34=S$3,E34=S$4),H34,0) -> 0 | J34: =IF(OR(E34=S$5,E34=S$6,E34=S$7,E34=S$8,E34=S$9),H34,0) -> 0 | K34: =IF(OR(E34=S$2,E34=S$3,E34=S$4),C34*D34,0) -> 0 | L34: =IF(OR(E34=S$5,E34=S$6,E34=S$7,E34=S$8,E34=S$9),C34*D34,0) -> 0 | V34: =IF($E34=V$30,$K34,0) -> 0 | W34: =IF($E34=W$30,$K34,0) -> 0 | X34: =IF($E34=X$30,$K34,0) -> 0 | Y34: =IF($E34=Y$30,$L34,0) -> 0 | Z34: =IF($E34=Z$30,$L34,0) -> 0 | AA34: =IF($E34=AA$30,$L34,0) -> 0 | AB34: =IF($E34=AB$30,$L34,0) -> 0 | AC34: =IF($E34=AC$30,$L34,0) -> 0 | AE34: =IF($E34=AE$30,$H34,0) -> 0 | AF34: =IF($E34=AF$30,$H34,0) -> 0 | AG34: =IF($E34=AG$30,$H34,0) -> 0 | AH34: =IF($E34=AH$30,$H34,0) -> 0 | AI34: =IF($E34=AI$30,$H34,0) -> 0 | AJ34: =IF($E34=AJ$30,$H34,0) -> 0 | AK34: =IF($E34=AK$30,$H34,0) -> 0 | AL34: =IF($E34=AL$30,$H34,0) -> 0
A35: e) | B35: Determine indicative project timelines. | E35: ----- | F35: =IFERROR(INDEX($S$1:$T$9,MATCH(E35,$S$1:$S$9,0),2),"") -> 0 | H35: =IFERROR(IF(OR(G35=0,G35=""),C35*D35*F35,D35*G35),0) -> 0 | I35: =IF(OR(E35=S$2,E35=S$3,E35=S$4),H35,0) -> 0 | J35: =IF(OR(E35=S$5,E35=S$6,E35=S$7,E35=S$8,E35=S$9),H35,0) -> 0 | K35: =IF(OR(E35=S$2,E35=S$3,E35=S$4),C35*D35,0) -> 0 | L35: =IF(OR(E35=S$5,E35=S$6,E35=S$7,E35=S$8,E35=S$9),C35*D35,0) -> 0 | V35: =IF($E35=V$30,$K35,0) -> 0 | W35: =IF($E35=W$30,$K35,0) -> 0 | X35: =IF($E35=X$30,$K35,0) -> 0 | Y35: =IF($E35=Y$30,$L35,0) -> 0 | Z35: =IF($E35=Z$30,$L35,0) -> 0 | AA35: =IF($E35=AA$30,$L35,0) -> 0 | AB35: =IF($E35=AB$30,$L35,0) -> 0 | AC35: =IF($E35=AC$30,$L35,0) -> 0 | AE35: =IF($E35=AE$30,$H35,0) -> 0 | AF35: =IF($E35=AF$30,$H35,0) -> 0 | AG35: =IF($E35=AG$30,$H35,0) -> 0 | AH35: =IF($E35=AH$30,$H35,0) -> 0 | AI35: =IF($E35=AI$30,$H35,0) -> 0 | AJ35: =IF($E35=AJ$30,$H35,0) -> 0 | AK35: =IF($E35=AK$30,$H35,0) -> 0 | AL35: =IF($E35=AL$30,$H35,0) -> 0
A36: f) | B36: Determine methods of contracting. | E36: ----- | F36: =IFERROR(INDEX($S$1:$T$9,MATCH(E36,$S$1:$S$9,0),2),"") -> 0 | H36: =IFERROR(IF(OR(G36=0,G36=""),C36*D36*F36,D36*G36),0) -> 0 | I36: =IF(OR(E36=S$2,E36=S$3,E36=S$4),H36,0) -> 0 | J36: =IF(OR(E36=S$5,E36=S$6,E36=S$7,E36=S$8,E36=S$9),H36,0) -> 0 | K36: =IF(OR(E36=S$2,E36=S$3,E36=S$4),C36*D36,0) -> 0 | L36: =IF(OR(E36=S$5,E36=S$6,E36=S$7,E36=S$8,E36=S$9),C36*D36,0) -> 0 | V36: =IF($E36=V$30,$K36,0) -> 0 | W36: =IF($E36=W$30,$K36,0) -> 0 | X36: =IF($E36=X$30,$K36,0) -> 0 | Y36: =IF($E36=Y$30,$L36,0) -> 0 | Z36: =IF($E36=Z$30,$L36,0) -> 0 | AA36: =IF($E36=AA$30,$L36,0) -> 0 | AB36: =IF($E36=AB$30,$L36,0) -> 0 | AC36: =IF($E36=AC$30,$L36,0) -> 0 | AE36: =IF($E36=AE$30,$H36,0) -> 0 | AF36: =IF($E36=AF$30,$H36,0) -> 0 | AG36: =IF($E36=AG$30,$H36,0) -> 0 | AH36: =IF($E36=AH$30,$H36,0) -> 0 | AI36: =IF($E36=AI$30,$H36,0) -> 0 | AJ36: =IF($E36=AJ$30,$H36,0) -> 0 | AK36: =IF($E36=AK$30,$H36,0) -> 0 | AL36: =IF($E36=AL$30,$H36,0) -> 0
A37: g) | B37: Determine whether other statutory authority applications are required or desirable. | E37: ----- | F37: =IFERROR(INDEX($S$1:$T$9,MATCH(E37,$S$1:$S$9,0),2),"") -> 0 | H37: =IFERROR(IF(OR(G37=0,G37=""),C37*D37*F37,D37*G37),0) -> 0 | I37: =IF(OR(E37=S$2,E37=S$3,E37=S$4),H37,0) -> 0 | J37: =IF(OR(E37=S$5,E37=S$6,E37=S$7,E37=S$8,E37=S$9),H37,0) -> 0 | K37: =IF(OR(E37=S$2,E37=S$3,E37=S$4),C37*D37,0) -> 0 | L37: =IF(OR(E37=S$5,E37=S$6,E37=S$7,E37=S$8,E37=S$9),C37*D37,0) -> 0 | V37: =IF($E37=V$30,$K37,0) -> 0 | W37: =IF($E37=W$30,$K37,0) -> 0 | X37: =IF($E37=X$30,$K37,0) -> 0 | Y37: =IF($E37=Y$30,$L37,0) -> 0 | Z37: =IF($E37=Z$30,$L37,0) -> 0 | AA37: =IF($E37=AA$30,$L37,0) -> 0 | AB37: =IF($E37=AB$30,$L37,0) -> 0 | AC37: =IF($E37=AC$30,$L37,0) -> 0 | AE37: =IF($E37=AE$30,$H37,0) -> 0 | AF37: =IF($E37=AF$30,$H37,0) -> 0 | AG37: =IF($E37=AG$30,$H37,0) -> 0 | AH37: =IF($E37=AH$30,$H37,0) -> 0 | AI37: =IF($E37=AI$30,$H37,0) -> 0 | AJ37: =IF($E37=AJ$30,$H37,0) -> 0 | AK37: =IF($E37=AK$30,$H37,0) -> 0 | AL37: =IF($E37=AL$30,$H37,0) -> 0
C38: =SUM(C31:C37) -> 0 | D38: =SUM(D31:D37) -> 0 | H38: =SUM(H31:H37) -> 0 | I38: =SUM(I31:I37) -> 0 | J38: =SUM(J31:J37) -> 0 | K38: =SUM(K31:K37) -> 0 | L38: =SUM(L31:L37) -> 0 | V38: =SUM(V31:V37) -> 0 | W38: =SUM(W31:W37) -> 0 | X38: =SUM(X31:X37) -> 0 | Y38: =SUM(Y31:Y37) -> 0 | Z38: =SUM(Z31:Z37) -> 0 | AA38: =SUM(AA31:AA37) -> 0 | AB38: =SUM(AB31:AB37) -> 0 | AC38: =SUM(AC31:AC37) -> 0 | AE38: =SUM(AE31:AE37) -> 0 | AF38: =SUM(AF31:AF37) -> 0 | AG38: =SUM(AG31:AG37) -> 0 | AH38: =SUM(AH31:AH37) -> 0 | AI38: =SUM(AI31:AI37) -> 0 | AJ38: =SUM(AJ31:AJ37) -> 0 | AK38: =SUM(AK31:AK37) -> 0 | AL38: =SUM(AL31:AL37) -> 0
A40: Stage 2: Concept and viability (concept design) | C40: Allotted Hrs | D40: No. of Person | E40: Professional | F40: SACAP Rate (R) | G40: Own Rate (R) | H40: Cost (R) | I40: Exec. Cost (R) | J40: Sal. Cost (R) | K40: Man Hrs Exec. | L40: Man Hrs Sal. | V40: Allocated Man Hours | AE40: Income Generated
V41: Specialist | W41: >10yrs experience | X41: <10yrs experience | Y41: Associate | Z41: Manager | AA41: Reg.Arch.Prof. w/Direct Responsibility | AB41: Reg.Arch.Prof. no Direct Responsibility | AC41: Staff in Support of Arch.Work Output | AE41: Specialist | AF41: >10yrs experience | AG41: <10yrs experience | AH41: Associate | AI41: Manager | AJ41: Reg.Arch.Prof. w/Direct Responsibility | AK41: Reg.Arch.Prof. no Direct Responsibility | AL41: Staff in Support of Arch.Work Output
A42: a)(i) | B42: Prepare an initial design concept and advise on the intended space provisions and planning relationships. | F42: =IFERROR(INDEX($S$1:$T$9,MATCH(E42,$S$1:$S$9,0),2),"") | H42: =IFERROR(IF(OR(G42=0,G42=""),C42*D42*F42,D42*G42),0) -> 0 | I42: =IF(OR(E42=S$2,E42=S$3,E42=S$4),H42,0) -> 0 | J42: =IF(OR(E42=S$5,E42=S$6,E42=S$7,E42=S$8,E42=S$9),H42,0) -> 0 | K42: =IF(OR(E42=S$2,E42=S$3,E42=S$4),C42*D42,0) -> 0 | L42: =IF(OR(E42=S$5,E42=S$6,E42=S$7,E42=S$8,E42=S$9),C41*D42,0) -> 0 | V42: =IF($E42=V$30,$K42,0) -> 0 | W42: =IF($E42=W$30,$K42,0) -> 0 | X42: =IF($E42=X$30,$K42,0) -> 0 | Y42: =IF($E42=Y$30,$L42,0) -> 0 | Z42: =IF($E42=Z$30,$L42,0) -> 0 | AA42: =IF($E42=AA$30,$L42,0) -> 0 | AB42: =IF($E42=AB$30,$L42,0) -> 0 | AC42: =IF($E42=AC$30,$L42,0) -> 0 | AE42: =IF($E42=AE$30,$H42,0) -> 0 | AF42: =IF($E42=AF$30,$H42,0) -> 0 | AG42: =IF($E42=AG$30,$H42,0) -> 0 | AH42: =IF($E42=AH$30,$H42,0) -> 0 | AI42: =IF($E42=AI$30,$H42,0) -> 0 | AJ42: =IF($E42=AJ$30,$H42,0) -> 0 | AK42: =IF($E42=AK$30,$H42,0) -> 0 | AL42: =IF($E42=AL$30,$H42,0) -> 0
A43: a)(ii) | B43: Prepare an initial design concept and advise on proposed materials and intended building services. | E43: ----- | F43: =IFERROR(INDEX($S$1:$T$9,MATCH(E43,$S$1:$S$9,0),2),"") -> 0 | H43: =IFERROR(IF(OR(G43=0,G43=""),C42*D43*F43,D43*G43),0) -> 0 | I43: =IF(OR(E43=S$2,E43=S$3,E43=S$4),H43,0) -> 0 | J43: =IF(OR(E43=S$5,E43=S$6,E43=S$7,E43=S$8,E43=S$9),H43,0) -> 0 | K43: =IF(OR(E43=S$2,E43=S$3,E43=S$4),C43*D43,0) -> 0 | L43: =IF(OR(E43=S$5,E43=S$6,E43=S$7,E43=S$8,E43=S$9),C42*D43,0) -> 0 | V43: =IF($E43=V$30,$K43,0) -> 0 | W43: =IF($E43=W$30,$K43,0) -> 0 | X43: =IF($E43=X$30,$K43,0) -> 0 | Y43: =IF($E43=Y$30,$L43,0) -> 0 | Z43: =IF($E43=Z$30,$L43,0) -> 0 | AA43: =IF($E43=AA$30,$L43,0) -> 0 | AB43: =IF($E43=AB$30,$L43,0) -> 0 | AC43: =IF($E43=AC$30,$L43,0) -> 0 | AE43: =IF($E43=AE$30,$H43,0) -> 0 | AF43: =IF($E43=AF$30,$H43,0) -> 0 | AG43: =IF($E43=AG$30,$H43,0) -> 0 | AH43: =IF($E43=AH$30,$H43,0) -> 0 | AI43: =IF($E43=AI$30,$H43,0) -> 0 | AJ43: =IF($E43=AJ$30,$H43,0) -> 0 | AK43: =IF($E43=AK$30,$H43,0) -> 0 | AL43: =IF($E43=AL$30,$H43,0) -> 0
A44: a)(iii) | B44: Prepare an initial design concept and advise on the technical and functional characteristics of the design. | E44: ----- | F44: =IFERROR(INDEX($S$1:$T$9,MATCH(E44,$S$1:$S$9,0),2),"") -> 0 | H44: =IFERROR(IF(OR(G44=0,G44=""),C42*D44*F44,D44*G44),0) -> 0 | I44: =IF(OR(E44=S$2,E44=S$3,E44=S$4),H44,0) -> 0 | J44: =IF(OR(E44=S$5,E44=S$6,E44=S$7,E44=S$8,E44=S$9),H44,0) -> 0 | K44: =IF(OR(E44=S$2,E44=S$3,E44=S$4),C44*D44,0) -> 0 | L44: =IF(OR(E44=S$5,E44=S$6,E44=S$7,E44=S$8,E44=S$9),C43*D44,0) -> 0 | V44: =IF($E44=V$30,$K44,0) -> 0 | W44: =IF($E44=W$30,$K44,0) -> 0 | X44: =IF($E44=X$30,$K44,0) -> 0 | Y44: =IF($E44=Y$30,$L44,0) -> 0 | Z44: =IF($E44=Z$30,$L44,0) -> 0 | AA44: =IF($E44=AA$30,$L44,0) -> 0 | AB44: =IF($E44=AB$30,$L44,0) -> 0 | AC44: =IF($E44=AC$30,$L44,0) -> 0 | AE44: =IF($E44=AE$30,$H44,0) -> 0 | AF44: =IF($E44=AF$30,$H44,0) -> 0 | AG44: =IF($E44=AG$30,$H44,0) -> 0 | AH44: =IF($E44=AH$30,$H44,0) -> 0 | AI44: =IF($E44=AI$30,$H44,0) -> 0 | AJ44: =IF($E44=AJ$30,$H44,0) -> 0 | AK44: =IF($E44=AK$30,$H44,0) -> 0 | AL44: =IF($E44=AL$30,$H44,0) -> 0
A45: b) | B45: Check for conformity of the concept with the rights to the use of the land. | E45: ----- | F45: =IFERROR(INDEX($S$1:$T$9,MATCH(E45,$S$1:$S$9,0),2),"") -> 0 | H45: =IFERROR(IF(OR(G45=0,G45=""),C45*D45*F45,D45*G45),0) -> 0 | I45: =IF(OR(E45=S$2,E45=S$3,E45=S$4),H45,0) -> 0 | J45: =IF(OR(E45=S$5,E45=S$6,E45=S$7,E45=S$8,E45=S$9),H45,0) -> 0 | K45: =IF(OR(E45=S$2,E45=S$3,E45=S$4),C45*D45,0) -> 0 | L45: =IF(OR(E45=S$5,E45=S$6,E45=S$7,E45=S$8,E45=S$9),C44*D45,0) -> 0 | V45: =IF($E45=V$30,$K45,0) -> 0 | W45: =IF($E45=W$30,$K45,0) -> 0 | X45: =IF($E45=X$30,$K45,0) -> 0 | Y45: =IF($E45=Y$30,$L45,0) -> 0 | Z45: =IF($E45=Z$30,$L45,0) -> 0 | AA45: =IF($E45=AA$30,$L45,0) -> 0 | AB45: =IF($E45=AB$30,$L45,0) -> 0 | AC45: =IF($E45=AC$30,$L45,0) -> 0 | AE45: =IF($E45=AE$30,$H45,0) -> 0 | AF45: =IF($E45=AF$30,$H45,0) -> 0 | AG45: =IF($E45=AG$30,$H45,0) -> 0 | AH45: =IF($E45=AH$30,$H45,0) -> 0 | AI45: =IF($E45=AI$30,$H45,0) -> 0 | AJ45: =IF($E45=AJ$30,$H45,0) -> 0 | AK45: =IF($E45=AK$30,$H45,0) -> 0 | AL45: =IF($E45=AL$30,$H45,0) -> 0
A46: c) | B46: Consult with local and statutory authorities. | E46: ----- | F46: =IFERROR(INDEX($S$1:$T$9,MATCH(E46,$S$1:$S$9,0),2),"") -> 0 | H46: =IFERROR(IF(OR(G46=0,G46=""),C46*D46*F46,D46*G46),0) -> 0 | I46: =IF(OR(E46=S$2,E46=S$3,E46=S$4),H46,0) -> 0 | J46: =IF(OR(E46=S$5,E46=S$6,E46=S$7,E46=S$8,E46=S$9),H46,0) -> 0 | K46: =IF(OR(E46=S$2,E46=S$3,E46=S$4),C46*D46,0) -> 0 | L46: =IF(OR(E46=S$5,E46=S$6,E46=S$7,E46=S$8,E46=S$9),C45*D46,0) -> 0 | V46: =IF($E46=V$30,$K46,0) -> 0 | W46: =IF($E46=W$30,$K46,0) -> 0 | X46: =IF($E46=X$30,$K46,0) -> 0 | Y46: =IF($E46=Y$30,$L46,0) -> 0 | Z46: =IF($E46=Z$30,$L46,0) -> 0 | AA46: =IF($E46=AA$30,$L46,0) -> 0 | AB46: =IF($E46=AB$30,$L46,0) -> 0 | AC46: =IF($E46=AC$30,$L46,0) -> 0 | AE46: =IF($E46=AE$30,$H46,0) -> 0 | AF46: =IF($E46=AF$30,$H46,0) -> 0 | AG46: =IF($E46=AG$30,$H46,0) -> 0 | AH46: =IF($E46=AH$30,$H46,0) -> 0 | AI46: =IF($E46=AI$30,$H46,0) -> 0 | AJ46: =IF($E46=AJ$30,$H46,0) -> 0 | AK46: =IF($E46=AK$30,$H46,0) -> 0 | AL46: =IF($E46=AL$30,$H46,0) -> 0
A47: d) | B47: Review the anticipated costs of the project. | E47: ----- | F47: =IFERROR(INDEX($S$1:$T$9,MATCH(E47,$S$1:$S$9,0),2),"") -> 0 | H47: =IFERROR(IF(OR(G47=0,G47=""),C47*D47*F47,D47*G47),0) -> 0 | I47: =IF(OR(E47=S$2,E47=S$3,E47=S$4),H47,0) -> 0 | J47: =IF(OR(E47=S$5,E47=S$6,E47=S$7,E47=S$8,E47=S$9),H47,0) -> 0 | K47: =IF(OR(E47=S$2,E47=S$3,E47=S$4),C47*D47,0) -> 0 | L47: =IF(OR(E47=S$5,E47=S$6,E47=S$7,E47=S$8,E47=S$9),C46*D47,0) -> 0 | V47: =IF($E47=V$30,$K47,0) -> 0 | W47: =IF($E47=W$30,$K47,0) -> 0 | X47: =IF($E47=X$30,$K47,0) -> 0 | Y47: =IF($E47=Y$30,$L47,0) -> 0 | Z47: =IF($E47=Z$30,$L47,0) -> 0 | AA47: =IF($E47=AA$30,$L47,0) -> 0 | AB47: =IF($E47=AB$30,$L47,0) -> 0 | AC47: =IF($E47=AC$30,$L47,0) -> 0 | AE47: =IF($E47=AE$30,$H47,0) -> 0 | AF47: =IF($E47=AF$30,$H47,0) -> 0 | AG47: =IF($E47=AG$30,$H47,0) -> 0 | AH47: =IF($E47=AH$30,$H47,0) -> 0 | AI47: =IF($E47=AI$30,$H47,0) -> 0 | AJ47: =IF($E47=AJ$30,$H47,0) -> 0 | AK47: =IF($E47=AK$30,$H47,0) -> 0 | AL47: =IF($E47=AL$30,$H47,0) -> 0
A48: e) | B48: Review the project programme. | E48: ----- | F48: =IFERROR(INDEX($S$1:$T$9,MATCH(E48,$S$1:$S$9,0),2),"") -> 0 | H48: =IFERROR(IF(OR(G48=0,G48=""),C48*D48*F48,D48*G48),0) -> 0 | I48: =IF(OR(E48=S$2,E48=S$3,E48=S$4),H48,0) -> 0 | J48: =IF(OR(E48=S$5,E48=S$6,E48=S$7,E48=S$8,E48=S$9),H48,0) -> 0 | K48: =IF(OR(E48=S$2,E48=S$3,E48=S$4),C48*D48,0) -> 0 | L48: =IF(OR(E48=S$5,E48=S$6,E48=S$7,E48=S$8,E48=S$9),C47*D48,0) -> 0 | V48: =IF($E48=V$30,$K48,0) -> 0 | W48: =IF($E48=W$30,$K48,0) -> 0 | X48: =IF($E48=X$30,$K48,0) -> 0 | Y48: =IF($E48=Y$30,$L48,0) -> 0 | Z48: =IF($E48=Z$30,$L48,0) -> 0 | AA48: =IF($E48=AA$30,$L48,0) -> 0 | AB48: =IF($E48=AB$30,$L48,0) -> 0 | AC48: =IF($E48=AC$30,$L48,0) -> 0 | AE48: =IF($E48=AE$30,$H48,0) -> 0 | AF48: =IF($E48=AF$30,$H48,0) -> 0 | AG48: =IF($E48=AG$30,$H48,0) -> 0 | AH48: =IF($E48=AH$30,$H48,0) -> 0 | AI48: =IF($E48=AI$30,$H48,0) -> 0 | AJ48: =IF($E48=AJ$30,$H48,0) -> 0 | AK48: =IF($E48=AK$30,$H48,0) -> 0 | AL48: =IF($E48=AL$30,$H48,0) -> 0
C49: =SUM(C42:C48) -> 0 | D49: =SUM(D42:D48) -> 0 | H49: =SUM(H42:H48) -> 0 | I49: =SUM(I42:I48) -> 0 | J49: =SUM(J42:J48) -> 0 | K49: =SUM(K42:K48) -> 0 | L49: =SUM(L42:L48) -> 0 | V49: =SUM(V42:V48) -> 0 | W49: =SUM(W42:W48) -> 0 | X49: =SUM(X42:X48) -> 0 | Y49: =SUM(Y42:Y48) -> 0 | Z49: =SUM(Z42:Z48) -> 0 | AA49: =SUM(AA42:AA48) -> 0 | AB49: =SUM(AB42:AB48) -> 0 | AC49: =SUM(AC42:AC48) -> 0 | AE49: =SUM(AE42:AE48) -> 0 | AF49: =SUM(AF42:AF48) -> 0 | AG49: =SUM(AG42:AG48) -> 0 | AH49: =SUM(AH42:AH48) -> 0 | AI49: =SUM(AI42:AI48) -> 0 | AJ49: =SUM(AJ42:AJ48) -> 0 | AK49: =SUM(AK42:AK48) -> 0 | AL49: =SUM(AL42:AL48) -> 0
A51: Stage 3: Design Development | C51: Allotted Hrs | D51: No. of Person | E51: Professional | F51: SACAP Rate (R) | G51: Own Rate (R) | H51: Cost (R) | I51: Exec. Cost (R) | J51: Sal. Cost (R) | K51: Man Hrs Exec. | L51: Man Hrs Sal. | V51: Allocated Man Hours | AE51: Income Generated
V52: Specialist | W52: >10yrs experience | X52: <10yrs experience | Y52: Associate | Z52: Manager | AA52: Reg.Arch.Prof. w/Direct Responsibility | AB52: Reg.Arch.Prof. no Direct Responsibility | AC52: Staff in Support of Arch.Work Output | AE52: Specialist | AF52: >10yrs experience | AG52: <10yrs experience | AH52: Associate | AI52: Manager | AJ52: Reg.Arch.Prof. w/Direct Responsibility | AK52: Reg.Arch.Prof. no Direct Responsibility | AL52: Staff in Support of Arch.Work Output
A53: a) | B53: Develop all aspects of the design from concept to full development including, but not limited to, construction systems, materials, fittings, and finishes selections. | E53: ----- | F53: =IFERROR(INDEX($S$1:$T$9,MATCH(E53,$S$1:$S$9,0),2),"") -> 0 | H53: =IFERROR(IF(OR(G53=0,G53=""),C53*D53*F53,D53*G53),0) -> 0 | I53: =IF(OR(E53=S$2,E53=S$3,E53=S$4),H53,0) -> 0 | J53: =IF(OR(E53=S$5,E53=S$6,E53=S$7,E53=S$8,E53=S$9),H53,0) -> 0 | K53: =IF(OR(E53=S$2,E53=S$3,E53=S$4),C53*D53,0) -> 0 | L53: =IF(OR(E53=S$5,E53=S$6,E53=S$7,E53=S$8,E53=S$9),C53*D53,0) -> 0 | V53: =IF($E53=V$30,$K53,0) -> 0 | W53: =IF($E53=W$30,$K53,0) -> 0 | X53: =IF($E53=X$30,$K53,0) -> 0 | Y53: =IF($E53=Y$30,$L53,0) -> 0 | Z53: =IF($E53=Z$30,$L53,0) -> 0 | AA53: =IF($E53=AA$30,$L53,0) -> 0 | AB53: =IF($E53=AB$30,$L53,0) -> 0 | AC53: =IF($E53=AC$30,$L53,0) -> 0 | AE53: =IF($E53=AE$30,$H53,0) -> 0 | AF53: =IF($E53=AF$30,$H53,0) -> 0 | AG53: =IF($E53=AG$30,$H53,0) -> 0 | AH53: =IF($E53=AH$30,$H53,0) -> 0 | AI53: =IF($E53=AI$30,$H53,0) -> 0 | AJ53: =IF($E53=AJ$30,$H53,0) -> 0 | AK53: =IF($E53=AK$30,$H53,0) -> 0 | AL53: =IF($E53=AL$30,$H53,0) -> 0
A54: b) | B54: Review the programme and budget with the client, principal consultant or other consultants. | E54: ----- | F54: =IFERROR(INDEX($S$1:$T$9,MATCH(E54,$S$1:$S$9,0),2),"") -> 0 | H54: =IFERROR(IF(OR(G54=0,G54=""),C54*D54*F54,D54*G54),0) -> 0 | I54: =IF(OR(E54=S$2,E54=S$3,E54=S$4),H54,0) -> 0 | J54: =IF(OR(E54=S$5,E54=S$6,E54=S$7,E54=S$8,E54=S$9),H54,0) -> 0 | K54: =IF(OR(E54=S$2,E54=S$3,E54=S$4),C54*D54,0) -> 0 | L54: =IF(OR(E54=S$5,E54=S$6,E54=S$7,E54=S$8,E54=S$9),C54*D54,0) -> 0 | V54: =IF($E54=V$30,$K54,0) -> 0 | W54: =IF($E54=W$30,$K54,0) -> 0 | X54: =IF($E54=X$30,$K54,0) -> 0 | Y54: =IF($E54=Y$30,$L54,0) -> 0 | Z54: =IF($E54=Z$30,$L54,0) -> 0 | AA54: =IF($E54=AA$30,$L54,0) -> 0 | AB54: =IF($E54=AB$30,$L54,0) -> 0 | AC54: =IF($E54=AC$30,$L54,0) -> 0 | AE54: =IF($E54=AE$30,$H54,0) -> 0 | AF54: =IF($E54=AF$30,$H54,0) -> 0 | AG54: =IF($E54=AG$30,$H54,0) -> 0 | AH54: =IF($E54=AH$30,$H54,0) -> 0 | AI54: =IF($E54=AI$30,$H54,0) -> 0 | AJ54: =IF($E54=AJ$30,$H54,0) -> 0 | AK54: =IF($E54=AK$30,$H54,0) -> 0 | AL54: =IF($E54=AL$30,$H54,0) -> 0
A55: c) | B55: Coordinate other consultants designs into building design. | E55: ----- | F55: =IFERROR(INDEX($S$1:$T$9,MATCH(E55,$S$1:$S$9,0),2),"") -> 0 | H55: =IFERROR(IF(OR(G55=0,G55=""),C55*D55*F55,D55*G55),0) -> 0 | I55: =IF(OR(E55=S$2,E55=S$3,E55=S$4),H55,0) -> 0 | J55: =IF(OR(E55=S$5,E55=S$6,E55=S$7,E55=S$8,E55=S$9),H55,0) -> 0 | K55: =IF(OR(E55=S$2,E55=S$3,E55=S$4),C55*D55,0) -> 0 | L55: =IF(OR(E55=S$5,E55=S$6,E55=S$7,E55=S$8,E55=S$9),C55*D55,0) -> 0 | V55: =IF($E55=V$30,$K55,0) -> 0 | W55: =IF($E55=W$30,$K55,0) -> 0 | X55: =IF($E55=X$30,$K55,0) -> 0 | Y55: =IF($E55=Y$30,$L55,0) -> 0 | Z55: =IF($E55=Z$30,$L55,0) -> 0 | AA55: =IF($E55=AA$30,$L55,0) -> 0 | AB55: =IF($E55=AB$30,$L55,0) -> 0 | AC55: =IF($E55=AC$30,$L55,0) -> 0 | AE55: =IF($E55=AE$30,$H55,0) -> 0 | AF55: =IF($E55=AF$30,$H55,0) -> 0 | AG55: =IF($E55=AG$30,$H55,0) -> 0 | AH55: =IF($E55=AH$30,$H55,0) -> 0 | AI55: =IF($E55=AI$30,$H55,0) -> 0 | AJ55: =IF($E55=AJ$30,$H55,0) -> 0 | AK55: =IF($E55=AK$30,$H55,0) -> 0 | AL55: =IF($E55=AL$30,$H55,0) -> 0
A56: d) | B56: Prepare design development drawings including drafting technical details and material specifications. | E56: ----- | F56: =IFERROR(INDEX($S$1:$T$9,MATCH(E56,$S$1:$S$9,0),2),"") -> 0 | H56: =IFERROR(IF(OR(G56=0,G56=""),C56*D56*F56,D56*G56),0) -> 0 | I56: =IF(OR(E56=S$2,E56=S$3,E56=S$4),H56,0) -> 0 | J56: =IF(OR(E56=S$5,E56=S$6,E56=S$7,E56=S$8,E56=S$9),H56,0) -> 0 | K56: =IF(OR(E56=S$2,E56=S$3,E56=S$4),C56*D56,0) -> 0 | L56: =IF(OR(E56=S$5,E56=S$6,E56=S$7,E56=S$8,E56=S$9),C56*D56,0) -> 0 | V56: =IF($E56=V$30,$K56,0) -> 0 | W56: =IF($E56=W$30,$K56,0) -> 0 | X56: =IF($E56=X$30,$K56,0) -> 0 | Y56: =IF($E56=Y$30,$L56,0) -> 0 | Z56: =IF($E56=Z$30,$L56,0) -> 0 | AA56: =IF($E56=AA$30,$L56,0) -> 0 | AB56: =IF($E56=AB$30,$L56,0) -> 0 | AC56: =IF($E56=AC$30,$L56,0) -> 0 | AE56: =IF($E56=AE$30,$H56,0) -> 0 | AF56: =IF($E56=AF$30,$H56,0) -> 0 | AG56: =IF($E56=AG$30,$H56,0) -> 0 | AH56: =IF($E56=AH$30,$H56,0) -> 0 | AI56: =IF($E56=AI$30,$H56,0) -> 0 | AJ56: =IF($E56=AJ$30,$H56,0) -> 0 | AK56: =IF($E56=AK$30,$H56,0) -> 0 | AL56: =IF($E56=AL$30,$H56,0) -> 0
A57: e) | B57: Discuss and agree on the building plan application and approval requirements with the local authority. | E57: ----- | F57: =IFERROR(INDEX($S$1:$T$9,MATCH(E57,$S$1:$S$9,0),2),"") -> 0 | H57: =IFERROR(IF(OR(G57=0,G57=""),C57*D57*F57,D57*G57),0) -> 0 | I57: =IF(OR(E57=S$2,E57=S$3,E57=S$4),H57,0) -> 0 | J57: =IF(OR(E57=S$5,E57=S$6,E57=S$7,E57=S$8,E57=S$9),H57,0) -> 0 | K57: =IF(OR(E57=S$2,E57=S$3,E57=S$4),C57*D57,0) -> 0 | L57: =IF(OR(E57=S$5,E57=S$6,E57=S$7,E57=S$8,E57=S$9),C57*D57,0) -> 0 | V57: =IF($E57=V$30,$K57,0) -> 0 | W57: =IF($E57=W$30,$K57,0) -> 0 | X57: =IF($E57=X$30,$K57,0) -> 0 | Y57: =IF($E57=Y$30,$L57,0) -> 0 | Z57: =IF($E57=Z$30,$L57,0) -> 0 | AA57: =IF($E57=AA$30,$L57,0) -> 0 | AB57: =IF($E57=AB$30,$L57,0) -> 0 | AC57: =IF($E57=AC$30,$L57,0) -> 0 | AE57: =IF($E57=AE$30,$H57,0) -> 0 | AF57: =IF($E57=AF$30,$H57,0) -> 0 | AG57: =IF($E57=AG$30,$H57,0) -> 0 | AH57: =IF($E57=AH$30,$H57,0) -> 0 | AI57: =IF($E57=AI$30,$H57,0) -> 0 | AJ57: =IF($E57=AJ$30,$H57,0) -> 0 | AK57: =IF($E57=AK$30,$H57,0) -> 0 | AL57: =IF($E57=AL$30,$H57,0) -> 0
C58: =SUM(C53:C57) -> 0 | D58: =SUM(D53:D57) -> 0 | H58: =SUM(H53:H57) -> 0 | I58: =SUM(I53:I57) -> 0 | J58: =SUM(J53:J57) -> 0 | K58: =SUM(K53:K57) -> 0 | L58: =SUM(L53:L57) -> 0 | V58: =SUM(V53:V57) -> 0 | W58: =SUM(W53:W57) -> 0 | X58: =SUM(X53:X57) -> 0 | Y58: =SUM(Y53:Y57) -> 0 | Z58: =SUM(Z53:Z57) -> 0 | AA58: =SUM(AA53:AA57) -> 0 | AB58: =SUM(AB53:AB57) -> 0 | AC58: =SUM(AC53:AC57) -> 0 | AE58: =SUM(AE53:AE57) -> 0 | AF58: =SUM(AF53:AF57) -> 0 | AG58: =SUM(AG53:AG57) -> 0 | AH58: =SUM(AH53:AH57) -> 0 | AI58: =SUM(AI53:AI57) -> 0 | AJ58: =SUM(AJ53:AJ57) -> 0 | AK58: =SUM(AK53:AK57) -> 0 | AL58: =SUM(AL53:AL57) -> 0
A60: Stage 4: Documentation and procurement | C60: Allotted Hrs | D60: No. of Person | E60: Professional | F60: SACAP Rate (R) | G60: Own Rate (R) | H60: Cost (R) | I60: Exec. Cost (R) | J60: Sal. Cost (R) | K60: Man Hrs Exec. | L60: Man Hrs Sal. | V60: Allocated Man Hours | AE60: Income Generated
A61: Stage 4.1 | V61: Specialist | W61: >10yrs experience | X61: <10yrs experience | Y61: Associate | Z61: Manager | AA61: Reg.Arch.Prof. w/Direct Responsibility | AB61: Reg.Arch.Prof. no Direct Responsibility | AC61: Staff in Support of Arch.Work Output | AE61: Specialist | AF61: >10yrs experience | AG61: <10yrs experience | AH61: Associate | AI61: Manager | AJ61: Reg.Arch.Prof. w/Direct Responsibility | AK61: Reg.Arch.Prof. no Direct Responsibility | AL61: Staff in Support of Arch.Work Output
A62: a) | B62: Prepare documentation required for local authority building plan application submission. | E62: ----- | F62: =IFERROR(INDEX($S$1:$T$9,MATCH(E62,$S$1:$S$9,0),2),"") -> 0 | H62: =IFERROR(IF(OR(G62=0,G62=""),C62*D62*F62,D62*G62),0) -> 0 | I62: =IF(OR(E62=S$2,E62=S$3,E62=S$4),H62,0) -> 0 | J62: =IF(OR(E62=S$5,E62=S$6,E62=S$7,E62=S$8,E62=S$9),H62,0) -> 0 | K62: =IF(OR(E62=S$2,E62=S$3,E62=S$4),C62*D62,0) -> 0 | L62: =IF(OR(E62=S$5,E62=S$6,E62=S$7,E62=S$8,E62=S$9),C62*D62,0) -> 0 | V62: =IF($E62=V$30,$K62,0) -> 0 | W62: =IF($E62=W$30,$K62,0) -> 0 | X62: =IF($E62=X$30,$K62,0) -> 0 | Y62: =IF($E62=Y$30,$L62,0) -> 0 | Z62: =IF($E62=Z$30,$L62,0) -> 0 | AA62: =IF($E62=AA$30,$L62,0) -> 0 | AB62: =IF($E62=AB$30,$L62,0) -> 0 | AC62: =IF($E62=AC$30,$L62,0) -> 0 | AE62: =IF($E62=AE$30,$H62,0) -> 0 | AF62: =IF($E62=AF$30,$H62,0) -> 0 | AG62: =IF($E62=AG$30,$H62,0) -> 0 | AH62: =IF($E62=AH$30,$H62,0) -> 0 | AI62: =IF($E62=AI$30,$H62,0) -> 0 | AJ62: =IF($E62=AJ$30,$H62,0) -> 0 | AK62: =IF($E62=AK$30,$H62,0) -> 0 | AL62: =IF($E62=AL$30,$H62,0) -> 0
A63: b) | B63: Co-ordinate technical documentation with the consultants and complete primary co-ordination sufficient to support building plan submission. | E63: ----- | F63: =IFERROR(INDEX($S$1:$T$9,MATCH(E63,$S$1:$S$9,0),2),"") -> 0 | H63: =IFERROR(IF(OR(G63=0,G63=""),C63*D63*F63,D63*G63),0) -> 0 | I63: =IF(OR(E63=S$2,E63=S$3,E63=S$4),H63,0) -> 0 | J63: =IF(OR(E63=S$5,E63=S$6,E63=S$7,E63=S$8,E63=S$9),H63,0) -> 0 | K63: =IF(OR(E63=S$2,E63=S$3,E63=S$4),C63*D63,0) -> 0 | L63: =IF(OR(E63=S$5,E63=S$6,E63=S$7,E63=S$8,E63=S$9),C63*D63,0) -> 0 | V63: =IF($E63=V$30,$K63,0) -> 0 | W63: =IF($E63=W$30,$K63,0) -> 0 | X63: =IF($E63=X$30,$K63,0) -> 0 | Y63: =IF($E63=Y$30,$L63,0) -> 0 | Z63: =IF($E63=Z$30,$L63,0) -> 0 | AA63: =IF($E63=AA$30,$L63,0) -> 0 | AB63: =IF($E63=AB$30,$L63,0) -> 0 | AC63: =IF($E63=AC$30,$L63,0) -> 0 | AE63: =IF($E63=AE$30,$H63,0) -> 0 | AF63: =IF($E63=AF$30,$H63,0) -> 0 | AG63: =IF($E63=AG$30,$H63,0) -> 0 | AH63: =IF($E63=AH$30,$H63,0) -> 0 | AI63: =IF($E63=AI$30,$H63,0) -> 0 | AJ63: =IF($E63=AJ$30,$H63,0) -> 0 | AK63: =IF($E63=AK$30,$H63,0) -> 0 | AL63: =IF($E63=AL$30,$H63,0) -> 0
A64: c) | B64: Review the costing and programme with the consultants. | E64: ----- | F64: =IFERROR(INDEX($S$1:$T$9,MATCH(E64,$S$1:$S$9,0),2),"") -> 0 | G64: 1200 | H64: =IFERROR(IF(OR(G64=0,G64=""),C64*D64*F64,D64*G64),0) -> 0 | I64: =IF(OR(E64=S$2,E64=S$3,E64=S$4),H64,0) -> 0 | J64: =IF(OR(E64=S$5,E64=S$6,E64=S$7,E64=S$8,E64=S$9),H64,0) -> 0 | K64: =IF(OR(E64=S$2,E64=S$3,E64=S$4),C64*D64,0) -> 0 | L64: =IF(OR(E64=S$5,E64=S$6,E64=S$7,E64=S$8,E64=S$9),C64*D64,0) -> 0 | V64: =IF($E64=V$30,$K64,0) -> 0 | W64: =IF($E64=W$30,$K64,0) -> 0 | X64: =IF($E64=X$30,$K64,0) -> 0 | Y64: =IF($E64=Y$30,$L64,0) -> 0 | Z64: =IF($E64=Z$30,$L64,0) -> 0 | AA64: =IF($E64=AA$30,$L64,0) -> 0 | AB64: =IF($E64=AB$30,$L64,0) -> 0 | AC64: =IF($E64=AC$30,$L64,0) -> 0 | AE64: =IF($E64=AE$30,$H64,0) -> 0 | AF64: =IF($E64=AF$30,$H64,0) -> 0 | AG64: =IF($E64=AG$30,$H64,0) -> 0 | AH64: =IF($E64=AH$30,$H64,0) -> 0 | AI64: =IF($E64=AI$30,$H64,0) -> 0 | AJ64: =IF($E64=AJ$30,$H64,0) -> 0 | AK64: =IF($E64=AK$30,$H64,0) -> 0 | AL64: =IF($E64=AL$30,$H64,0) -> 0
A65: d) | B65: Obtain the client's authority, and submit documents for approval at the local authority. | E65: ----- | F65: =IFERROR(INDEX($S$1:$T$9,MATCH(E65,$S$1:$S$9,0),2),"") -> 0 | H65: =IFERROR(IF(OR(G65=0,G65=""),C65*D65*F65,D65*G65),0) -> 0 | I65: =IF(OR(E65=S$2,E65=S$3,E65=S$4),H65,0) -> 0 | J65: =IF(OR(E65=S$5,E65=S$6,E65=S$7,E65=S$8,E65=S$9),H65,0) -> 0 | K65: =IF(OR(E65=S$2,E65=S$3,E65=S$4),C65*D65,0) -> 0 | L65: =IF(OR(E65=S$5,E65=S$6,E65=S$7,E65=S$8,E65=S$9),C65*D65,0) -> 0 | V65: =IF($E65=V$30,$K65,0) -> 0 | W65: =IF($E65=W$30,$K65,0) -> 0 | X65: =IF($E65=X$30,$K65,0) -> 0 | Y65: =IF($E65=Y$30,$L65,0) -> 0 | Z65: =IF($E65=Z$30,$L65,0) -> 0 | AA65: =IF($E65=AA$30,$L65,0) -> 0 | AB65: =IF($E65=AB$30,$L65,0) -> 0 | AC65: =IF($E65=AC$30,$L65,0) -> 0 | AE65: =IF($E65=AE$30,$H65,0) -> 0 | AF65: =IF($E65=AF$30,$H65,0) -> 0 | AG65: =IF($E65=AG$30,$H65,0) -> 0 | AH65: =IF($E65=AH$30,$H65,0) -> 0 | AI65: =IF($E65=AI$30,$H65,0) -> 0 | AJ65: =IF($E65=AJ$30,$H65,0) -> 0 | AK65: =IF($E65=AK$30,$H65,0) -> 0 | AL65: =IF($E65=AL$30,$H65,0) -> 0
C66: =SUM(C62:C65) -> 0 | D66: =SUM(D62:D65) -> 0 | H66: =SUM(H62:H65) -> 0 | I66: =SUM(I62:I65) -> 0 | J66: =SUM(J62:J65) -> 0 | K66: =SUM(K62:K65) -> 0 | L66: =SUM(L62:L65) -> 0 | V66: =SUM(V62:V65) -> 0 | W66: =SUM(W62:W65) -> 0 | X66: =SUM(X62:X65) -> 0 | Y66: =SUM(Y62:Y65) -> 0 | Z66: =SUM(Z62:Z65) -> 0 | AA66: =SUM(AA62:AA65) -> 0 | AB66: =SUM(AB62:AB65) -> 0 | AC66: =SUM(AC62:AC65) -> 0 | AE66: =SUM(AE62:AE65) -> 0 | AF66: =SUM(AF62:AF65) -> 0 | AG66: =SUM(AG62:AG65) -> 0 | AH66: =SUM(AH62:AH65) -> 0 | AI66: =SUM(AI62:AI65) -> 0 | AJ66: =SUM(AJ62:AJ65) -> 0 | AK66: =SUM(AK62:AK65) -> 0 | AL66: =SUM(AL62:AL65) -> 0
A68: Stage 4: Documentation and procurement | C68: Allotted Hrs | D68: No. of Person | E68: Professional | F68: SACAP Rate (R) | G68: Own Rate (R) | H68: Cost (R) | I68: Exec. Cost (R) | J68: Sal. Cost (R) | K68: Man Hrs Exec. | L68: Man Hrs Sal. | V68: Allocated Man Hours | AE68: Income Generated
A69: Stage 4.2 | V69: Specialist | W69: >10yrs experience | X69: <10yrs experience | Y69: Associate | Z69: Manager | AA69: Reg.Arch.Prof. w/Direct Responsibility | AB69: Reg.Arch.Prof. no Direct Responsibility | AC69: Staff in Support of Arch.Work Output | AE69: Specialist | AF69: >10yrs experience | AG69: <10yrs experience | AH69: Associate | AI69: Manager | AJ69: Reg.Arch.Prof. w/Direct Responsibility | AK69: Reg.Arch.Prof. no Direct Responsibility | AL69: Staff in Support of Arch.Work Output
A70: a) | B70: Prepare specifications for the works. | E70: ----- | F70: =IFERROR(INDEX($S$1:$T$9,MATCH(E70,$S$1:$S$9,0),2),"") -> 0 | H70: =IFERROR(IF(OR(G70=0,G70=""),C70*D70*F70,D70*G70),0) -> 0 | I70: =IF(OR(E70=S$2,E70=S$3,E70=S$4),H70,0) -> 0 | J70: =IF(OR(E70=S$5,E70=S$6,E70=S$7,E70=S$8,E70=S$9),H70,0) -> 0 | K70: =IF(OR(E70=S$2,E70=S$3,E70=S$4),C70*D70,0) -> 0 | L70: =IF(OR(E70=S$5,E70=S$6,E70=S$7,E70=S$8,E70=S$9),C70*D70,0) -> 0 | V70: =IF($E70=V$30,$K70,0) -> 0 | W70: =IF($E70=W$30,$K70,0) -> 0 | X70: =IF($E70=X$30,$K70,0) -> 0 | Y70: =IF($E70=Y$30,$L70,0) -> 0 | Z70: =IF($E70=Z$30,$L70,0) -> 0 | AA70: =IF($E70=AA$30,$L70,0) -> 0 | AB70: =IF($E70=AB$30,$L70,0) -> 0 | AC70: =IF($E70=AC$30,$L70,0) -> 0 | AE70: =IF($E70=AE$30,$H70,0) -> 0 | AF70: =IF($E70=AF$30,$H70,0) -> 0 | AG70: =IF($E70=AG$30,$H70,0) -> 0 | AH70: =IF($E70=AH$30,$H70,0) -> 0 | AI70: =IF($E70=AI$30,$H70,0) -> 0 | AJ70: =IF($E70=AJ$30,$H70,0) -> 0 | AK70: =IF($E70=AK$30,$H70,0) -> 0 | AL70: =IF($E70=AL$30,$H70,0) -> 0
A71: b) | B71: Complete technical documentation sufficient for tender. | E71: ----- | F71: =IFERROR(INDEX($S$1:$T$9,MATCH(E71,$S$1:$S$9,0),2),"") -> 0 | H71: =IFERROR(IF(OR(G71=0,G71=""),C71*D71*F71,D71*G71),0) -> 0 | I71: =IF(OR(E71=S$2,E71=S$3,E71=S$4),H71,0) -> 0 | J71: =IF(OR(E71=S$5,E71=S$6,E71=S$7,E71=S$8,E71=S$9),H71,0) -> 0 | K71: =IF(OR(E71=S$2,E71=S$3,E71=S$4),C71*D71,0) -> 0 | L71: =IF(OR(E71=S$5,E71=S$6,E71=S$7,E71=S$8,E71=S$9),C71*D71,0) -> 0 | V71: =IF($E71=V$30,$K71,0) -> 0 | W71: =IF($E71=W$30,$K71,0) -> 0 | X71: =IF($E71=X$30,$K71,0) -> 0 | Y71: =IF($E71=Y$30,$L71,0) -> 0 | Z71: =IF($E71=Z$30,$L71,0) -> 0 | AA71: =IF($E71=AA$30,$L71,0) -> 0 | AB71: =IF($E71=AB$30,$L71,0) -> 0 | AC71: =IF($E71=AC$30,$L71,0) -> 0 | AE71: =IF($E71=AE$30,$H71,0) -> 0 | AF71: =IF($E71=AF$30,$H71,0) -> 0 | AG71: =IF($E71=AG$30,$H71,0) -> 0 | AH71: =IF($E71=AH$30,$H71,0) -> 0 | AI71: =IF($E71=AI$30,$H71,0) -> 0 | AJ71: =IF($E71=AJ$30,$H71,0) -> 0 | AK71: =IF($E71=AK$30,$H71,0) -> 0 | AL71: =IF($E71=AL$30,$H71,0) -> 0
A72: c) | B72: Obtain offers for the execution of the works. | E72: ----- | F72: =IFERROR(INDEX($S$1:$T$9,MATCH(E72,$S$1:$S$9,0),2),"") -> 0 | H72: =IFERROR(IF(OR(G72=0,G72=""),C72*D72*F72,D72*G72),0) -> 0 | I72: =IF(OR(E72=S$2,E72=S$3,E72=S$4),H72,0) -> 0 | J72: =IF(OR(E72=S$5,E72=S$6,E72=S$7,E72=S$8,E72=S$9),H72,0) -> 0 | K72: =IF(OR(E72=S$2,E72=S$3,E72=S$4),C72*D72,0) -> 0 | L72: =IF(OR(E72=S$5,E72=S$6,E72=S$7,E72=S$8,E72=S$9),C72*D72,0) -> 0 | V72: =IF($E72=V$30,$K72,0) -> 0 | W72: =IF($E72=W$30,$K72,0) -> 0 | X72: =IF($E72=X$30,$K72,0) -> 0 | Y72: =IF($E72=Y$30,$L72,0) -> 0 | Z72: =IF($E72=Z$30,$L72,0) -> 0 | AA72: =IF($E72=AA$30,$L72,0) -> 0 | AB72: =IF($E72=AB$30,$L72,0) -> 0 | AC72: =IF($E72=AC$30,$L72,0) -> 0 | AE72: =IF($E72=AE$30,$H72,0) -> 0 | AF72: =IF($E72=AF$30,$H72,0) -> 0 | AG72: =IF($E72=AG$30,$H72,0) -> 0 | AH72: =IF($E72=AH$30,$H72,0) -> 0 | AI72: =IF($E72=AI$30,$H72,0) -> 0 | AJ72: =IF($E72=AJ$30,$H72,0) -> 0 | AK72: =IF($E72=AK$30,$H72,0) -> 0 | AL72: =IF($E72=AL$30,$H72,0) -> 0
A73: d) | B73: Evaluate offers, and recommend a successful tenderer for appointment. | E73: ----- | F73: =IFERROR(INDEX($S$1:$T$9,MATCH(E73,$S$1:$S$9,0),2),"") -> 0 | H73: =IFERROR(IF(OR(G73=0,G73=""),C73*D73*F73,D73*G73),0) -> 0 | I73: =IF(OR(E73=S$2,E73=S$3,E73=S$4),H73,0) -> 0 | J73: =IF(OR(E73=S$5,E73=S$6,E73=S$7,E73=S$8,E73=S$9),H73,0) -> 0 | K73: =IF(OR(E73=S$2,E73=S$3,E73=S$4),C73*D73,0) -> 0 | L73: =IF(OR(E73=S$5,E73=S$6,E73=S$7,E73=S$8,E73=S$9),C73*D73,0) -> 0 | V73: =IF($E73=V$30,$K73,0) -> 0 | W73: =IF($E73=W$30,$K73,0) -> 0 | X73: =IF($E73=X$30,$K73,0) -> 0 | Y73: =IF($E73=Y$30,$L73,0) -> 0 | Z73: =IF($E73=Z$30,$L73,0) -> 0 | AA73: =IF($E73=AA$30,$L73,0) -> 0 | AB73: =IF($E73=AB$30,$L73,0) -> 0 | AC73: =IF($E73=AC$30,$L73,0) -> 0 | AE73: =IF($E73=AE$30,$H73,0) -> 0 | AF73: =IF($E73=AF$30,$H73,0) -> 0 | AG73: =IF($E73=AG$30,$H73,0) -> 0 | AH73: =IF($E73=AH$30,$H73,0) -> 0 | AI73: =IF($E73=AI$30,$H73,0) -> 0 | AJ73: =IF($E73=AJ$30,$H73,0) -> 0 | AK73: =IF($E73=AK$30,$H73,0) -> 0 | AL73: =IF($E73=AL$30,$H73,0) -> 0
A74: e) | B74: Prepare the contract documentation and arrange the signing of the building contract by the client and the successful tenderer. | E74: ----- | F74: =IFERROR(INDEX($S$1:$T$9,MATCH(E74,$S$1:$S$9,0),2),"") -> 0 | H74: =IFERROR(IF(OR(G74=0,G74=""),C74*D74*F74,D74*G74),0) -> 0 | I74: =IF(OR(E74=S$2,E74=S$3,E74=S$4),H74,0) -> 0 | J74: =IF(OR(E74=S$5,E74=S$6,E74=S$7,E74=S$8,E74=S$9),H74,0) -> 0 | K74: =IF(OR(E74=S$2,E74=S$3,E74=S$4),C74*D74,0) -> 0 | L74: =IF(OR(E74=S$5,E74=S$6,E74=S$7,E74=S$8,E74=S$9),C74*D74,0) -> 0 | V74: =IF($E74=V$30,$K74,0) -> 0 | W74: =IF($E74=W$30,$K74,0) -> 0 | X74: =IF($E74=X$30,$K74,0) -> 0 | Y74: =IF($E74=Y$30,$L74,0) -> 0 | Z74: =IF($E74=Z$30,$L74,0) -> 0 | AA74: =IF($E74=AA$30,$L74,0) -> 0 | AB74: =IF($E74=AB$30,$L74,0) -> 0 | AC74: =IF($E74=AC$30,$L74,0) -> 0 | AE74: =IF($E74=AE$30,$H74,0) -> 0 | AF74: =IF($E74=AF$30,$H74,0) -> 0 | AG74: =IF($E74=AG$30,$H74,0) -> 0 | AH74: =IF($E74=AH$30,$H74,0) -> 0 | AI74: =IF($E74=AI$30,$H74,0) -> 0 | AJ74: =IF($E74=AJ$30,$H74,0) -> 0 | AK74: =IF($E74=AK$30,$H74,0) -> 0 | AL74: =IF($E74=AL$30,$H74,0) -> 0
A75: f) | B75: Complete all remaining technical and construction documentation and coordinate same with the consultants. | E75: ----- | F75: =IFERROR(INDEX($S$1:$T$9,MATCH(E75,$S$1:$S$9,0),2),"") -> 0 | H75: =IFERROR(IF(OR(G75=0,G75=""),C75*D75*F75,D75*G75),0) -> 0 | I75: =IF(OR(E75=S$2,E75=S$3,E75=S$4),H75,0) -> 0 | J75: =IF(OR(E75=S$5,E75=S$6,E75=S$7,E75=S$8,E75=S$9),H75,0) -> 0 | K75: =IF(OR(E75=S$2,E75=S$3,E75=S$4),C75*D75,0) -> 0 | L75: =IF(OR(E75=S$5,E75=S$6,E75=S$7,E75=S$8,E75=S$9),C75*D75,0) -> 0 | V75: =IF($E75=V$30,$K75,0) -> 0 | W75: =IF($E75=W$30,$K75,0) -> 0 | X75: =IF($E75=X$30,$K75,0) -> 0 | Y75: =IF($E75=Y$30,$L75,0) -> 0 | Z75: =IF($E75=Z$30,$L75,0) -> 0 | AA75: =IF($E75=AA$30,$L75,0) -> 0 | AB75: =IF($E75=AB$30,$L75,0) -> 0 | AC75: =IF($E75=AC$30,$L75,0) -> 0 | AE75: =IF($E75=AE$30,$H75,0) -> 0 | AF75: =IF($E75=AF$30,$H75,0) -> 0 | AG75: =IF($E75=AG$30,$H75,0) -> 0 | AH75: =IF($E75=AH$30,$H75,0) -> 0 | AI75: =IF($E75=AI$30,$H75,0) -> 0 | AJ75: =IF($E75=AJ$30,$H75,0) -> 0 | AK75: =IF($E75=AK$30,$H75,0) -> 0 | AL75: =IF($E75=AL$30,$H75,0) -> 0
C76: =SUM(C70:C75) -> 0 | D76: =SUM(D70:D75) -> 0 | H76: =SUM(H70:H75) -> 0 | I76: =SUM(I70:I75) -> 0 | J76: =SUM(J70:J75) -> 0 | K76: =SUM(K70:K75) -> 0 | L76: =SUM(L70:L75) -> 0 | V76: =SUM(V70:V75) -> 0 | W76: =SUM(W70:W75) -> 0 | X76: =SUM(X70:X75) -> 0 | Y76: =SUM(Y70:Y75) -> 0 | Z76: =SUM(Z70:Z75) -> 0 | AA76: =SUM(AA70:AA75) -> 0 | AB76: =SUM(AB70:AB75) -> 0 | AC76: =SUM(AC70:AC75) -> 0 | AE76: =SUM(AE70:AE75) -> 0 | AF76: =SUM(AF70:AF75) -> 0 | AG76: =SUM(AG70:AG75) -> 0 | AH76: =SUM(AH70:AH75) -> 0 | AI76: =SUM(AI70:AI75) -> 0 | AJ76: =SUM(AJ70:AJ75) -> 0 | AK76: =SUM(AK70:AK75) -> 0 | AL76: =SUM(AL70:AL75) -> 0
A78: Stage 5: Construction | C78: Allotted Hrs | D78: No. of Person | E78: Professional | F78: SACAP Rate (R) | G78: Own Rate (R) | H78: Cost (R) | I78: Exec. Cost (R) | J78: Sal. Cost (R) | K78: Man Hrs Exec. | L78: Man Hrs Sal. | V78: Allocated Man Hours | AE78: Income Generated
V79: Specialist | W79: >10yrs experience | X79: <10yrs experience | Y79: Associate | Z79: Manager | AA79: Reg.Arch.Prof. w/Direct Responsibility | AB79: Reg.Arch.Prof. no Direct Responsibility | AC79: Staff in Support of Arch.Work Output | AE79: Specialist | AF79: >10yrs experience | AG79: <10yrs experience | AH79: Associate | AI79: Manager | AJ79: Reg.Arch.Prof. w/Direct Responsibility | AK79: Reg.Arch.Prof. no Direct Responsibility | AL79: Staff in Support of Arch.Work Output
A80: a) | B80: Administer the building contract. | E80: ----- | F80: =IFERROR(INDEX($S$1:$T$9,MATCH(E80,$S$1:$S$9,0),2),"") -> 0 | H80: =IFERROR(IF(OR(G80=0,G80=""),C80*D80*F80,D80*G80),0) -> 0 | I80: =IF(OR(E80=S$2,E80=S$3,E80=S$4),H80,0) -> 0 | J80: =IF(OR(E80=S$5,E80=S$6,E80=S$7,E80=S$8,E80=S$9),H80,0) -> 0 | K80: =IF(OR(E80=S$2,E80=S$3,E80=S$4),C80*D80,0) -> 0 | L80: =IF(OR(E80=S$5,E80=S$6,E80=S$7,E80=S$8,E80=S$9),C80*D80,0) -> 0 | V80: =IF($E80=V$30,$K80,0) -> 0 | W80: =IF($E80=W$30,$K80,0) -> 0 | X80: =IF($E80=X$30,$K80,0) -> 0 | Y80: =IF($E80=Y$30,$L80,0) -> 0 | Z80: =IF($E80=Z$30,$L80,0) -> 0 | AA80: =IF($E80=AA$30,$L80,0) -> 0 | AB80: =IF($E80=AB$30,$L80,0) -> 0 | AC80: =IF($E80=AC$30,$L80,0) -> 0 | AE80: =IF($E80=AE$30,$H80,0) -> 0 | AF80: =IF($E80=AF$30,$H80,0) -> 0 | AG80: =IF($E80=AG$30,$H80,0) -> 0 | AH80: =IF($E80=AH$30,$H80,0) -> 0 | AI80: =IF($E80=AI$30,$H80,0) -> 0 | AJ80: =IF($E80=AJ$30,$H80,0) -> 0 | AK80: =IF($E80=AK$30,$H80,0) -> 0 | AL80: =IF($E80=AL$30,$H80,0) -> 0
A81: b) | B81: Give possession of the site to the contractor. | E81: ----- | F81: =IFERROR(INDEX($S$1:$T$9,MATCH(E81,$S$1:$S$9,0),2),"") -> 0 | H81: =IFERROR(IF(OR(G81=0,G81=""),C81*D81*F81,D81*G81),0) -> 0 | I81: =IF(OR(E81=S$2,E81=S$3,E81=S$4),H81,0) -> 0 | J81: =IF(OR(E81=S$5,E81=S$6,E81=S$7,E81=S$8,E81=S$9),H81,0) -> 0 | K81: =IF(OR(E81=S$2,E81=S$3,E81=S$4),C81*D81,0) -> 0 | L81: =IF(OR(E81=S$5,E81=S$6,E81=S$7,E81=S$8,E81=S$9),C81*D81,0) -> 0 | V81: =IF($E81=V$30,$K81,0) -> 0 | W81: =IF($E81=W$30,$K81,0) -> 0 | X81: =IF($E81=X$30,$K81,0) -> 0 | Y81: =IF($E81=Y$30,$L81,0) -> 0 | Z81: =IF($E81=Z$30,$L81,0) -> 0 | AA81: =IF($E81=AA$30,$L81,0) -> 0 | AB81: =IF($E81=AB$30,$L81,0) -> 0 | AC81: =IF($E81=AC$30,$L81,0) -> 0 | AE81: =IF($E81=AE$30,$H81,0) -> 0 | AF81: =IF($E81=AF$30,$H81,0) -> 0 | AG81: =IF($E81=AG$30,$H81,0) -> 0 | AH81: =IF($E81=AH$30,$H81,0) -> 0 | AI81: =IF($E81=AI$30,$H81,0) -> 0 | AJ81: =IF($E81=AJ$30,$H81,0) -> 0 | AK81: =IF($E81=AK$30,$H81,0) -> 0 | AL81: =IF($E81=AL$30,$H81,0) -> 0
A82: c) | B82: Issue construction documentation. | E82: ----- | F82: =IFERROR(INDEX($S$1:$T$9,MATCH(E82,$S$1:$S$9,0),2),"") -> 0 | H82: =IFERROR(IF(OR(G82=0,G82=""),C82*D82*F82,D82*G82),0) -> 0 | I82: =IF(OR(E82=S$2,E82=S$3,E82=S$4),H82,0) -> 0 | J82: =IF(OR(E82=S$5,E82=S$6,E82=S$7,E82=S$8,E82=S$9),H82,0) -> 0 | K82: =IF(OR(E82=S$2,E82=S$3,E82=S$4),C82*D82,0) -> 0 | L82: =IF(OR(E82=S$5,E82=S$6,E82=S$7,E82=S$8,E82=S$9),C82*D82,0) -> 0 | V82: =IF($E82=V$30,$K82,0) -> 0 | W82: =IF($E82=W$30,$K82,0) -> 0 | X82: =IF($E82=X$30,$K82,0) -> 0 | Y82: =IF($E82=Y$30,$L82,0) -> 0 | Z82: =IF($E82=Z$30,$L82,0) -> 0 | AA82: =IF($E82=AA$30,$L82,0) -> 0 | AB82: =IF($E82=AB$30,$L82,0) -> 0 | AC82: =IF($E82=AC$30,$L82,0) -> 0 | AE82: =IF($E82=AE$30,$H82,0) -> 0 | AF82: =IF($E82=AF$30,$H82,0) -> 0 | AG82: =IF($E82=AG$30,$H82,0) -> 0 | AH82: =IF($E82=AH$30,$H82,0) -> 0 | AI82: =IF($E82=AI$30,$H82,0) -> 0 | AJ82: =IF($E82=AJ$30,$H82,0) -> 0 | AK82: =IF($E82=AK$30,$H82,0) -> 0 | AL82: =IF($E82=AL$30,$H82,0) -> 0
A83: d) | B83: Review sub-contractor designs, shop drawings and documentation for conformity of design intent. | E83: ----- | F83: =IFERROR(INDEX($S$1:$T$9,MATCH(E83,$S$1:$S$9,0),2),"") -> 0 | H83: =IFERROR(IF(OR(G83=0,G83=""),C83*D83*F83,D83*G83),0) -> 0 | I83: =IF(OR(E83=S$2,E83=S$3,E83=S$4),H83,0) -> 0 | J83: =IF(OR(E83=S$5,E83=S$6,E83=S$7,E83=S$8,E83=S$9),H83,0) -> 0 | K83: =IF(OR(E83=S$2,E83=S$3,E83=S$4),C83*D83,0) -> 0 | L83: =IF(OR(E83=S$5,E83=S$6,E83=S$7,E83=S$8,E83=S$9),C83*D83,0) -> 0 | V83: =IF($E83=V$30,$K83,0) -> 0 | W83: =IF($E83=W$30,$K83,0) -> 0 | X83: =IF($E83=X$30,$K83,0) -> 0 | Y83: =IF($E83=Y$30,$L83,0) -> 0 | Z83: =IF($E83=Z$30,$L83,0) -> 0 | AA83: =IF($E83=AA$30,$L83,0) -> 0 | AB83: =IF($E83=AB$30,$L83,0) -> 0 | AC83: =IF($E83=AC$30,$L83,0) -> 0 | AE83: =IF($E83=AE$30,$H83,0) -> 0 | AF83: =IF($E83=AF$30,$H83,0) -> 0 | AG83: =IF($E83=AG$30,$H83,0) -> 0 | AH83: =IF($E83=AH$30,$H83,0) -> 0 | AI83: =IF($E83=AI$30,$H83,0) -> 0 | AJ83: =IF($E83=AJ$30,$H83,0) -> 0 | AK83: =IF($E83=AK$30,$H83,0) -> 0 | AL83: =IF($E83=AL$30,$H83,0) -> 0
A84: e) | B84: Inspect the works for conformity with the contract documentation and acceptable quality in terms of industry standards. | E84: ----- | F84: =IFERROR(INDEX($S$1:$T$9,MATCH(E84,$S$1:$S$9,0),2),"") -> 0 | H84: =IFERROR(IF(OR(G84=0,G84=""),C84*D84*F84,D84*G84),0) -> 0 | I84: =IF(OR(E84=S$2,E84=S$3,E84=S$4),H84,0) -> 0 | J84: =IF(OR(E84=S$5,E84=S$6,E84=S$7,E84=S$8,E84=S$9),H84,0) -> 0 | K84: =IF(OR(E84=S$2,E84=S$3,E84=S$4),C84*D84,0) -> 0 | L84: =IF(OR(E84=S$5,E84=S$6,E84=S$7,E84=S$8,E84=S$9),C84*D84,0) -> 0 | V84: =IF($E84=V$30,$K84,0) -> 0 | W84: =IF($E84=W$30,$K84,0) -> 0 | X84: =IF($E84=X$30,$K84,0) -> 0 | Y84: =IF($E84=Y$30,$L84,0) -> 0 | Z84: =IF($E84=Z$30,$L84,0) -> 0 | AA84: =IF($E84=AA$30,$L84,0) -> 0 | AB84: =IF($E84=AB$30,$L84,0) -> 0 | AC84: =IF($E84=AC$30,$L84,0) -> 0 | AE84: =IF($E84=AE$30,$H84,0) -> 0 | AF84: =IF($E84=AF$30,$H84,0) -> 0 | AG84: =IF($E84=AG$30,$H84,0) -> 0 | AH84: =IF($E84=AH$30,$H84,0) -> 0 | AI84: =IF($E84=AI$30,$H84,0) -> 0 | AJ84: =IF($E84=AJ$30,$H84,0) -> 0 | AK84: =IF($E84=AK$30,$H84,0) -> 0 | AL84: =IF($E84=AL$30,$H84,0) -> 0
A85: f) | B85: Administer and perform the duties and obligations assigned to the principal agent in the building contract. | E85: ----- | F85: =IFERROR(INDEX($S$1:$T$9,MATCH(E85,$S$1:$S$9,0),2),"") -> 0 | H85: =IFERROR(IF(OR(G85=0,G85=""),C85*D85*F85,D85*G85),0) -> 0 | I85: =IF(OR(E85=S$2,E85=S$3,E85=S$4),H85,0) -> 0 | J85: =IF(OR(E85=S$5,E85=S$6,E85=S$7,E85=S$8,E85=S$9),H85,0) -> 0 | K85: =IF(OR(E85=S$2,E85=S$3,E85=S$4),C85*D85,0) -> 0 | L85: =IF(OR(E85=S$5,E85=S$6,E85=S$7,E85=S$8,E85=S$9),C85*D85,0) -> 0 | V85: =IF($E85=V$30,$K85,0) -> 0 | W85: =IF($E85=W$30,$K85,0) -> 0 | X85: =IF($E85=X$30,$K85,0) -> 0 | Y85: =IF($E85=Y$30,$L85,0) -> 0 | Z85: =IF($E85=Z$30,$L85,0) -> 0 | AA85: =IF($E85=AA$30,$L85,0) -> 0 | AB85: =IF($E85=AB$30,$L85,0) -> 0 | AC85: =IF($E85=AC$30,$L85,0) -> 0 | AE85: =IF($E85=AE$30,$H85,0) -> 0 | AF85: =IF($E85=AF$30,$H85,0) -> 0 | AG85: =IF($E85=AG$30,$H85,0) -> 0 | AH85: =IF($E85=AH$30,$H85,0) -> 0 | AI85: =IF($E85=AI$30,$H85,0) -> 0 | AJ85: =IF($E85=AJ$30,$H85,0) -> 0 | AK85: =IF($E85=AK$30,$H85,0) -> 0 | AL85: =IF($E85=AL$30,$H85,0) -> 0
A86: g) | B86: Manage the completion process of the project. | E86: ----- | F86: =IFERROR(INDEX($S$1:$T$9,MATCH(E86,$S$1:$S$9,0),2),"") -> 0 | H86: =IFERROR(IF(OR(G86=0,G86=""),C86*D86*F86,D86*G86),0) -> 0 | I86: =IF(OR(E86=S$2,E86=S$3,E86=S$4),H86,0) -> 0 | J86: =IF(OR(E86=S$5,E86=S$6,E86=S$7,E86=S$8,E86=S$9),H86,0) -> 0 | K86: =IF(OR(E86=S$2,E86=S$3,E86=S$4),C86*D86,0) -> 0 | L86: =IF(OR(E86=S$5,E86=S$6,E86=S$7,E86=S$8,E86=S$9),C86*D86,0) -> 0 | V86: =IF($E86=V$30,$K86,0) -> 0 | W86: =IF($E86=W$30,$K86,0) -> 0 | X86: =IF($E86=X$30,$K86,0) -> 0 | Y86: =IF($E86=Y$30,$L86,0) -> 0 | Z86: =IF($E86=Z$30,$L86,0) -> 0 | AA86: =IF($E86=AA$30,$L86,0) -> 0 | AB86: =IF($E86=AB$30,$L86,0) -> 0 | AC86: =IF($E86=AC$30,$L86,0) -> 0 | AE86: =IF($E86=AE$30,$H86,0) -> 0 | AF86: =IF($E86=AF$30,$H86,0) -> 0 | AG86: =IF($E86=AG$30,$H86,0) -> 0 | AH86: =IF($E86=AH$30,$H86,0) -> 0 | AI86: =IF($E86=AI$30,$H86,0) -> 0 | AJ86: =IF($E86=AJ$30,$H86,0) -> 0 | AK86: =IF($E86=AK$30,$H86,0) -> 0 | AL86: =IF($E86=AL$30,$H86,0) -> 0
A87: h) | B87: Assist the client to obtain the required documentation necessary for the client to obtain the occupation certificate. | E87: ----- | F87: =IFERROR(INDEX($S$1:$T$9,MATCH(E87,$S$1:$S$9,0),2),"") -> 0 | H87: =IFERROR(IF(OR(G87=0,G87=""),C87*D87*F87,D87*G87),0) -> 0 | I87: =IF(OR(E87=S$2,E87=S$3,E87=S$4),H87,0) -> 0 | J87: =IF(OR(E87=S$5,E87=S$6,E87=S$7,E87=S$8,E87=S$9),H87,0) -> 0 | K87: =IF(OR(E87=S$2,E87=S$3,E87=S$4),C87*D87,0) -> 0 | L87: =IF(OR(E87=S$5,E87=S$6,E87=S$7,E87=S$8,E87=S$9),C87*D87,0) -> 0 | V87: =IF($E87=V$30,$K87,0) -> 0 | W87: =IF($E87=W$30,$K87,0) -> 0 | X87: =IF($E87=X$30,$K87,0) -> 0 | Y87: =IF($E87=Y$30,$L87,0) -> 0 | Z87: =IF($E87=Z$30,$L87,0) -> 0 | AA87: =IF($E87=AA$30,$L87,0) -> 0 | AB87: =IF($E87=AB$30,$L87,0) -> 0 | AC87: =IF($E87=AC$30,$L87,0) -> 0 | AE87: =IF($E87=AE$30,$H87,0) -> 0 | AF87: =IF($E87=AF$30,$H87,0) -> 0 | AG87: =IF($E87=AG$30,$H87,0) -> 0 | AH87: =IF($E87=AH$30,$H87,0) -> 0 | AI87: =IF($E87=AI$30,$H87,0) -> 0 | AJ87: =IF($E87=AJ$30,$H87,0) -> 0 | AK87: =IF($E87=AK$30,$H87,0) -> 0 | AL87: =IF($E87=AL$30,$H87,0) -> 0
C88: =SUM(C80:C87) -> 0 | D88: =SUM(D80:D87) -> 0 | H88: =SUM(H80:H87) -> 0 | I88: =SUM(I80:I87) -> 0 | J88: =SUM(J80:J87) -> 0 | K88: =SUM(K80:K87) -> 0 | L88: =SUM(L80:L87) -> 0 | V88: =SUM(V80:V85) -> 0 | W88: =SUM(W80:W85) -> 0 | X88: =SUM(X80:X85) -> 0 | Y88: =SUM(Y80:Y85) -> 0 | Z88: =SUM(Z80:Z85) -> 0 | AA88: =SUM(AA80:AA85) -> 0 | AB88: =SUM(AB80:AB85) -> 0 | AC88: =SUM(AC80:AC85) -> 0 | AE88: =SUM(AE80:AE85) -> 0 | AF88: =SUM(AF80:AF85) -> 0 | AG88: =SUM(AG80:AG85) -> 0 | AH88: =SUM(AH80:AH85) -> 0 | AI88: =SUM(AI80:AI85) -> 0 | AJ88: =SUM(AJ80:AJ85) -> 0 | AK88: =SUM(AK80:AK85) -> 0 | AL88: =SUM(AL80:AL85) -> 0
A90: Stage 6: Close-out | C90: Allotted Hrs | D90: No. of Person | E90: Professional | F90: SACAP Rate (R) | G90: Own Rate (R) | H90: Cost (R) | I90: Exec. Cost (R) | J90: Sal. Cost (R) | K90: Man Hrs Exec. | L90: Man Hrs Sal. | V90: Allocated Man Hours | AE90: Income Generated
V91: Specialist | W91: >10yrs experience | X91: <10yrs experience | Y91: Associate | Z91: Manager | AA91: Reg.Arch.Prof. w/Direct Responsibility | AB91: Reg.Arch.Prof. no Direct Responsibility | AC91: Staff in Support of Arch.Work Output | AE91: Specialist | AF91: >10yrs experience | AG91: <10yrs experience | AH91: Associate | AI91: Manager | AJ91: Reg.Arch.Prof. w/Direct Responsibility | AK91: Reg.Arch.Prof. no Direct Responsibility | AL91: Staff in Support of Arch.Work Output
A92: a) | B92: Facilitate the project close-out including the collation of the necessary documentation to effect completion, handover and operational manual of the project. | E92: ----- | F92: =IFERROR(INDEX($S$1:$T$9,MATCH(E92,$S$1:$S$9,0),2),"") -> 0 | H92: =IFERROR(IF(OR(G92=0,G92=""),C92*D92*F92,D92*G92),0) -> 0 | I92: =IF(OR(E92=S$2,E92=S$3,E92=S$4),H92,0) -> 0 | J92: =IF(OR(E92=S$5,E92=S$6,E92=S$7,E92=S$8,E92=S$9),H92,0) -> 0 | K92: =IF(OR(E92=S$2,E92=S$3,E92=S$4),C92*D92,0) -> 0 | L92: =IF(OR(E92=S$5,E92=S$6,E92=S$7,E92=S$8,E92=S$9),C92*D92,0) -> 0 | V92: =IF($E92=V$30,$K92,0) -> 0 | W92: =IF($E92=W$30,$K92,0) -> 0 | X92: =IF($E92=X$30,$K92,0) -> 0 | Y92: =IF($E92=Y$30,$L92,0) -> 0 | Z92: =IF($E92=Z$30,$L92,0) -> 0 | AA92: =IF($E92=AA$30,$L92,0) -> 0 | AB92: =IF($E92=AB$30,$L92,0) -> 0 | AC92: =IF($E92=AC$30,$L92,0) -> 0 | AE92: =IF($E92=AE$30,$H92,0) -> 0 | AF92: =IF($E92=AF$30,$H92,0) -> 0 | AG92: =IF($E92=AG$30,$H92,0) -> 0 | AH92: =IF($E92=AH$30,$H92,0) -> 0 | AI92: =IF($E92=AI$30,$H92,0) -> 0 | AJ92: =IF($E92=AJ$30,$H92,0) -> 0 | AK92: =IF($E92=AK$30,$H92,0) -> 0 | AL92: =IF($E92=AL$30,$H92,0) -> 0
A93: b) | B93: When the contractor's obligations with respect to the building contract have been fulfilled, the architectural professional shall issue the certificates related to the contract completion. | E93: ----- | F93: =IFERROR(INDEX($S$1:$T$9,MATCH(E93,$S$1:$S$9,0),2),"") -> 0 | H93: =IFERROR(IF(OR(G93=0,G93=""),C93*D93*F93,D93*G93),0) -> 0 | I93: =IF(OR(E93=S$2,E93=S$3,E93=S$4),H93,0) -> 0 | J93: =IF(OR(E93=S$5,E93=S$6,E93=S$7,E93=S$8,E93=S$9),H93,0) -> 0 | K93: =IF(OR(E93=S$2,E93=S$3,E93=S$4),C93*D93,0) -> 0 | L93: =IF(OR(E93=S$5,E93=S$6,E93=S$7,E93=S$8,E93=S$9),C93*D93,0) -> 0 | V93: =IF($E93=V$30,$K93,0) -> 0 | W93: =IF($E93=W$30,$K93,0) -> 0 | X93: =IF($E93=X$30,$K93,0) -> 0 | Y93: =IF($E93=Y$30,$L93,0) -> 0 | Z93: =IF($E93=Z$30,$L93,0) -> 0 | AA93: =IF($E93=AA$30,$L93,0) -> 0 | AB93: =IF($E93=AB$30,$L93,0) -> 0 | AC93: =IF($E93=AC$30,$L93,0) -> 0 | AE93: =IF($E93=AE$30,$H93,0) -> 0 | AF93: =IF($E93=AF$30,$H93,0) -> 0 | AG93: =IF($E93=AG$30,$H93,0) -> 0 | AH93: =IF($E93=AH$30,$H93,0) -> 0 | AI93: =IF($E93=AI$30,$H93,0) -> 0 | AJ93: =IF($E93=AJ$30,$H93,0) -> 0 | AK93: =IF($E93=AK$30,$H93,0) -> 0 | AL93: =IF($E93=AL$30,$H93,0) -> 0
A94: c) | B94: Provide the client with construction record documentation and the relevant technical and contractual undertakings by the contractor and sub-contractors. | E94: ----- | F94: =IFERROR(INDEX($S$1:$T$9,MATCH(E94,$S$1:$S$9,0),2),"") -> 0 | H94: =IFERROR(IF(OR(G94=0,G94=""),C94*D94*F94,D94*G94),0) -> 0 | I94: =IF(OR(E94=S$2,E94=S$3,E94=S$4),H94,0) -> 0 | J94: =IF(OR(E94=S$5,E94=S$6,E94=S$7,E94=S$8,E94=S$9),H94,0) -> 0 | K94: =IF(OR(E94=S$2,E94=S$3,E94=S$4),C94*D94,0) -> 0 | L94: =IF(OR(E94=S$5,E94=S$6,E94=S$7,E94=S$8,E94=S$9),C94*D94,0) -> 0 | V94: =IF($E94=V$30,$K94,0) -> 0 | W94: =IF($E94=W$30,$K94,0) -> 0 | X94: =IF($E94=X$30,$K94,0) -> 0 | Y94: =IF($E94=Y$30,$L94,0) -> 0 | Z94: =IF($E94=Z$30,$L94,0) -> 0 | AA94: =IF($E94=AA$30,$L94,0) -> 0 | AB94: =IF($E94=AB$30,$L94,0) -> 0 | AC94: =IF($E94=AC$30,$L94,0) -> 0 | AE94: =IF($E94=AE$30,$H94,0) -> 0 | AF94: =IF($E94=AF$30,$H94,0) -> 0 | AG94: =IF($E94=AG$30,$H94,0) -> 0 | AH94: =IF($E94=AH$30,$H94,0) -> 0 | AI94: =IF($E94=AI$30,$H94,0) -> 0 | AJ94: =IF($E94=AJ$30,$H94,0) -> 0 | AK94: =IF($E94=AK$30,$H94,0) -> 0 | AL94: =IF($E94=AL$30,$H94,0) -> 0
C95: =SUM(C92:C94) -> 0 | D95: =SUM(D92:D94) -> 0 | H95: =SUM(H92:H94) -> 0 | I95: =SUM(I92:I94) -> 0 | J95: =SUM(J92:J94) -> 0 | K95: =SUM(K92:K94) -> 0 | L95: =SUM(L92:L94) -> 0 | V95: =SUM(V92:V94) -> 0 | W95: =SUM(W92:W94) -> 0 | X95: =SUM(X92:X94) -> 0 | Y95: =SUM(Y92:Y94) -> 0 | Z95: =SUM(Z92:Z94) -> 0 | AA95: =SUM(AA92:AA94) -> 0 | AB95: =SUM(AB92:AB94) -> 0 | AC95: =SUM(AC92:AC94) -> 0 | AE95: =SUM(AE92:AE94) -> 0 | AF95: =SUM(AF92:AF94) -> 0 | AG95: =SUM(AG92:AG94) -> 0 | AH95: =SUM(AH92:AH94) -> 0 | AI95: =SUM(AI92:AI94) -> 0 | AJ95: =SUM(AJ92:AJ94) -> 0 | AK95: =SUM(AK92:AK94) -> 0 | AL95: =SUM(AL92:AL94) -> 0
V96: =V38+V49+V58+V66+V76+V88+V95 -> 0 | W96: =W38+W49+W58+W66+W76+W88+W95 -> 0 | X96: =X38+X49+X58+X66+X76+X88+X95 -> 0 | Y96: =Y38+Y49+Y58+Y66+Y76+Y88+Y95 -> 0 | Z96: =Z38+Z49+Z58+Z66+Z76+Z88+Z95 -> 0 | AA96: =AA38+AA49+AA58+AA66+AA76+AA88+AA95 -> 0 | AB96: =AB38+AB49+AB58+AB66+AB76+AB88+AB95 -> 0 | AC96: =AC38+AC49+AC58+AC66+AC76+AC88+AC95 -> 0 | AE96: =AE38+AE49+AE58+AE66+AE76+AE88+AE95 -> 0 | AF96: =AF38+AF49+AF58+AF66+AF76+AF88+AF95 -> 0 | AG96: =AG38+AG49+AG58+AG66+AG76+AG88+AG95 -> 0 | AH96: =AH38+AH49+AH58+AH66+AH76+AH88+AH95 -> 0 | AI96: =AI38+AI49+AI58+AI66+AI76+AI88+AI95 -> 0 | AJ96: =AJ38+AJ49+AJ58+AJ66+AJ76+AJ88+AJ95 -> 0 | AK96: =AK38+AK49+AK58+AK66+AK76+AK88+AK95 -> 0 | AL96: =AL38+AL49+AL58+AL66+AL76+AL88+AL95 -> 0
A98: Additional Services
A100: Enter below the assumed time for any additional work / services to be included that are additional to the standard services selected above.
A101: 1. Special design services
A102: The preparation of special designs within, or in relation to, the facilities which are contemplated in a standard service – | F102: Allotted Hrs | G102: No. of Person | H102: Professional | I102: SACAP Rate (R) | J102: Own Rate (R) | K102: Cost (R) | L102: Exec. Cost (R) | M102: Sal. Cost (R) | N102: Man Hrs Exec. | O102: Man Hrs Sal. | V102: Allocated Man Hours | AE102: Income Generated
A103: Additional fee to standard service fee. | V103: Specialist | W103: >10yrs experience | X103: <10yrs experience | Y103: Associate | Z103: Manager | AA103: Reg.Arch.Prof. w/Direct Responsibility | AB103: Reg.Arch.Prof. no Direct Responsibility | AC103: Staff in Support of Arch.Work Output | AE103: Specialist | AF103: >10yrs experience | AG103: <10yrs experience | AH103: Associate | AI103: Manager | AJ103: Reg.Arch.Prof. w/Direct Responsibility | AK103: Reg.Arch.Prof. no Direct Responsibility | AL103: Staff in Support of Arch.Work Output
A104: 1.1 | B104: Rational design and Green Star design; participation in the preparation of rational designs and green star design and document format conversion of other consultants’ design. | H104: ----- | I104: =IFERROR(INDEX($S$1:$T$9,MATCH(H104,$S$1:$S$9,0),2),"") -> 0 | K104: =IFERROR(IF(OR(J104=0,J104=""),F104*G104*I104,G104*J104),0) -> 0 | L104: =IF(OR(H104=S$2,H104=S$3,H104=S$4),K104,0) -> 0 | M104: =IF(OR(H104=S$5,H104=S$6,H104=S$7,H104=S$8,H104=S$9),K104,0) -> 0 | N104: =IF(OR(H104=S$2,H104=S$3,H104=S$4),F104*G104,0) -> 0 | O104: =IF(OR(H104=S$5,H104=S$6,H104=S$7,H104=S$8,H104=S$9),F104*G104,0) -> 0 | V104: =IF($H104=V$30,$N104,0) -> 0 | W104: =IF($H104=W$30,$N104,0) -> 0 | X104: =IF($H104=X$30,$N104,0) -> 0 | Y104: =IF($H104=Y$30,$O104,0) -> 0 | Z104: =IF($H104=Z$30,$O104,0) -> 0 | AA104: =IF($H104=AA$30,$O104,0) -> 0 | AB104: =IF($H104=AB$30,$O104,0) -> 0 | AC104: =IF($H104=AC$30,$O104,0) -> 0 | AE104: =IF($H104=AE$30,$K104,0) -> 0 | AF104: =IF($H104=AF$30,$K104,0) -> 0 | AG104: =IF($H104=AG$30,$K104,0) -> 0 | AH104: =IF($H104=AH$30,$K104,0) -> 0 | AI104: =IF($H104=AI$30,$K104,0) -> 0 | AJ104: =IF($H104=AJ$30,$K104,0) -> 0 | AK104: =IF($H104=AK$30,$K104,0) -> 0 | AL104: =IF($H104=AL$30,$K104,0) -> 0
A105: 1.2 | B105: Town-planning and/or urban design including participation in the application for the establishment and/or amendment of regional and local town-planning and urban design schemes and the amendment of title conditions, negotiations with interest groups and authorities. | H105: ----- | I105: =IFERROR(INDEX($S$1:$T$9,MATCH(H105,$S$1:$S$9,0),2),"") -> 0 | K105: =IFERROR(IF(OR(J105=0,J105=""),F105*G105*I105,G105*J105),0) -> 0 | L105: =IF(OR(H105=S$2,H105=S$3,H105=S$4),K105,0) -> 0 | M105: =IF(OR(H105=S$5,H105=S$6,H105=S$7,H105=S$8,H105=S$9),K105,0) -> 0 | N105: =IF(OR(H105=S$2,H105=S$3,H105=S$4),F105*G105,0) -> 0 | O105: =IF(OR(H105=S$5,H105=S$6,H105=S$7,H105=S$8,H105=S$9),F105*G105,0) -> 0 | V105: =IF($H105=V$30,$N105,0) -> 0 | W105: =IF($H105=W$30,$N105,0) -> 0 | X105: =IF($H105=X$30,$N105,0) -> 0 | Y105: =IF($H105=Y$30,$O105,0) -> 0 | Z105: =IF($H105=Z$30,$O105,0) -> 0 | AA105: =IF($H105=AA$30,$O105,0) -> 0 | AB105: =IF($H105=AB$30,$O105,0) -> 0 | AC105: =IF($H105=AC$30,$O105,0) -> 0 | AE105: =IF($H105=AE$30,$K105,0) -> 0 | AF105: =IF($H105=AF$30,$K105,0) -> 0 | AG105: =IF($H105=AG$30,$K105,0) -> 0 | AH105: =IF($H105=AH$30,$K105,0) -> 0 | AI105: =IF($H105=AI$30,$K105,0) -> 0 | AJ105: =IF($H105=AJ$30,$K105,0) -> 0 | AK105: =IF($H105=AK$30,$K105,0) -> 0 | AL105: =IF($H105=AL$30,$K105,0) -> 0
A106: 1.3 | B106: Sectional titles plans, submissions, alteration and registration. | H106: ----- | I106: =IFERROR(INDEX($S$1:$T$9,MATCH(H106,$S$1:$S$9,0),2),"") -> 0 | K106: =IFERROR(IF(OR(J106=0,J106=""),F106*G106*I106,G106*J106),0) -> 0 | L106: =IF(OR(H106=S$2,H106=S$3,H106=S$4),K106,0) -> 0 | M106: =IF(OR(H106=S$5,H106=S$6,H106=S$7,H106=S$8,H106=S$9),K106,0) -> 0 | N106: =IF(OR(H106=S$2,H106=S$3,H106=S$4),F106*G106,0) -> 0 | O106: =IF(OR(H106=S$5,H106=S$6,H106=S$7,H106=S$8,H106=S$9),F106*G106,0) -> 0 | V106: =IF($H106=V$30,$N106,0) -> 0 | W106: =IF($H106=W$30,$N106,0) -> 0 | X106: =IF($H106=X$30,$N106,0) -> 0 | Y106: =IF($H106=Y$30,$O106,0) -> 0 | Z106: =IF($H106=Z$30,$O106,0) -> 0 | AA106: =IF($H106=AA$30,$O106,0) -> 0 | AB106: =IF($H106=AB$30,$O106,0) -> 0 | AC106: =IF($H106=AC$30,$O106,0) -> 0 | AE106: =IF($H106=AE$30,$K106,0) -> 0 | AF106: =IF($H106=AF$30,$K106,0) -> 0 | AG106: =IF($H106=AG$30,$K106,0) -> 0 | AH106: =IF($H106=AH$30,$K106,0) -> 0 | AI106: =IF($H106=AI$30,$K106,0) -> 0 | AJ106: =IF($H106=AJ$30,$K106,0) -> 0 | AK106: =IF($H106=AK$30,$K106,0) -> 0 | AL106: =IF($H106=AL$30,$K106,0) -> 0
A107: 1.4 | B107: Master planning - defining and planning the layout of future development of buildings and/or services on the same site. | H107: ----- | I107: =IFERROR(INDEX($S$1:$T$9,MATCH(H107,$S$1:$S$9,0),2),"") -> 0 | K107: =IFERROR(IF(OR(J107=0,J107=""),F107*G107*I107,G107*J107),0) -> 0 | L107: =IF(OR(H107=S$2,H107=S$3,H107=S$4),K107,0) -> 0 | M107: =IF(OR(H107=S$5,H107=S$6,H107=S$7,H107=S$8,H107=S$9),K107,0) -> 0 | N107: =IF(OR(H107=S$2,H107=S$3,H107=S$4),F107*G107,0) -> 0 | O107: =IF(OR(H107=S$5,H107=S$6,H107=S$7,H107=S$8,H107=S$9),F107*G107,0) -> 0 | V107: =IF($H107=V$30,$N107,0) -> 0 | W107: =IF($H107=W$30,$N107,0) -> 0 | X107: =IF($H107=X$30,$N107,0) -> 0 | Y107: =IF($H107=Y$30,$O107,0) -> 0 | Z107: =IF($H107=Z$30,$O107,0) -> 0 | AA107: =IF($H107=AA$30,$O107,0) -> 0 | AB107: =IF($H107=AB$30,$O107,0) -> 0 | AC107: =IF($H107=AC$30,$O107,0) -> 0 | AE107: =IF($H107=AE$30,$K107,0) -> 0 | AF107: =IF($H107=AF$30,$K107,0) -> 0 | AG107: =IF($H107=AG$30,$K107,0) -> 0 | AH107: =IF($H107=AH$30,$K107,0) -> 0 | AI107: =IF($H107=AI$30,$K107,0) -> 0 | AJ107: =IF($H107=AJ$30,$K107,0) -> 0 | AK107: =IF($H107=AK$30,$K107,0) -> 0 | AL107: =IF($H107=AL$30,$K107,0) -> 0
A108: 1.5 | B108: Landscape design – participation in landscape planning and construction. | H108: ----- | I108: =IFERROR(INDEX($S$1:$T$9,MATCH(H108,$S$1:$S$9,0),2),"") -> 0 | K108: =IFERROR(IF(OR(J108=0,J108=""),F108*G108*I108,G108*J108),0) -> 0 | L108: =IF(OR(H108=S$2,H108=S$3,H108=S$4),K108,0) -> 0 | M108: =IF(OR(H108=S$5,H108=S$6,H108=S$7,H108=S$8,H108=S$9),K108,0) -> 0 | N108: =IF(OR(H108=S$2,H108=S$3,H108=S$4),F108*G108,0) -> 0 | O108: =IF(OR(H108=S$5,H108=S$6,H108=S$7,H108=S$8,H108=S$9),F108*G108,0) -> 0 | V108: =IF($H108=V$30,$N108,0) -> 0 | W108: =IF($H108=W$30,$N108,0) -> 0 | X108: =IF($H108=X$30,$N108,0) -> 0 | Y108: =IF($H108=Y$30,$O108,0) -> 0 | Z108: =IF($H108=Z$30,$O108,0) -> 0 | AA108: =IF($H108=AA$30,$O108,0) -> 0 | AB108: =IF($H108=AB$30,$O108,0) -> 0 | AC108: =IF($H108=AC$30,$O108,0) -> 0 | AE108: =IF($H108=AE$30,$K108,0) -> 0 | AF108: =IF($H108=AF$30,$K108,0) -> 0 | AG108: =IF($H108=AG$30,$K108,0) -> 0 | AH108: =IF($H108=AH$30,$K108,0) -> 0 | AI108: =IF($H108=AI$30,$K108,0) -> 0 | AJ108: =IF($H108=AJ$30,$K108,0) -> 0 | AK108: =IF($H108=AK$30,$K108,0) -> 0 | AL108: =IF($H108=AL$30,$K108,0) -> 0
A109: 1.6 | B109: Interior design – the design of interiors and the selection of furnishings, fixtures and special finishes. | H109: ----- | I109: =IFERROR(INDEX($S$1:$T$9,MATCH(H109,$S$1:$S$9,0),2),"") -> 0 | K109: =IFERROR(IF(OR(J109=0,J109=""),F109*G109*I109,G109*J109),0) -> 0 | L109: =IF(OR(H109=S$2,H109=S$3,H109=S$4),K109,0) -> 0 | M109: =IF(OR(H109=S$5,H109=S$6,H109=S$7,H109=S$8,H109=S$9),K109,0) -> 0 | N109: =IF(OR(H109=S$2,H109=S$3,H109=S$4),F109*G109,0) -> 0 | O109: =IF(OR(H109=S$5,H109=S$6,H109=S$7,H109=S$8,H109=S$9),F109*G109,0) -> 0 | V109: =IF($H109=V$30,$N109,0) -> 0 | W109: =IF($H109=W$30,$N109,0) -> 0 | X109: =IF($H109=X$30,$N109,0) -> 0 | Y109: =IF($H109=Y$30,$O109,0) -> 0 | Z109: =IF($H109=Z$30,$O109,0) -> 0 | AA109: =IF($H109=AA$30,$O109,0) -> 0 | AB109: =IF($H109=AB$30,$O109,0) -> 0 | AC109: =IF($H109=AC$30,$O109,0) -> 0 | AE109: =IF($H109=AE$30,$K109,0) -> 0 | AF109: =IF($H109=AF$30,$K109,0) -> 0 | AG109: =IF($H109=AG$30,$K109,0) -> 0 | AH109: =IF($H109=AH$30,$K109,0) -> 0 | AI109: =IF($H109=AI$30,$K109,0) -> 0 | AJ109: =IF($H109=AJ$30,$K109,0) -> 0 | AK109: =IF($H109=AK$30,$K109,0) -> 0 | AL109: =IF($H109=AL$30,$K109,0) -> 0
A110: 1.7 | B110: Specialized equipment lay-out and consequential coordination requirements. | H110: ----- | I110: =IFERROR(INDEX($S$1:$T$9,MATCH(H110,$S$1:$S$9,0),2),"") -> 0 | K110: =IFERROR(IF(OR(J110=0,J110=""),F110*G110*I110,G110*J110),0) -> 0 | L110: =IF(OR(H110=S$2,H110=S$3,H110=S$4),K110,0) -> 0 | M110: =IF(OR(H110=S$5,H110=S$6,H110=S$7,H110=S$8,H110=S$9),K110,0) -> 0 | N110: =IF(OR(H110=S$2,H110=S$3,H110=S$4),F110*G110,0) -> 0 | O110: =IF(OR(H110=S$5,H110=S$6,H110=S$7,H110=S$8,H110=S$9),F110*G110,0) -> 0 | V110: =IF($H110=V$30,$N110,0) -> 0 | W110: =IF($H110=W$30,$N110,0) -> 0 | X110: =IF($H110=X$30,$N110,0) -> 0 | Y110: =IF($H110=Y$30,$O110,0) -> 0 | Z110: =IF($H110=Z$30,$O110,0) -> 0 | AA110: =IF($H110=AA$30,$O110,0) -> 0 | AB110: =IF($H110=AB$30,$O110,0) -> 0 | AC110: =IF($H110=AC$30,$O110,0) -> 0 | AE110: =IF($H110=AE$30,$K110,0) -> 0 | AF110: =IF($H110=AF$30,$K110,0) -> 0 | AG110: =IF($H110=AG$30,$K110,0) -> 0 | AH110: =IF($H110=AH$30,$K110,0) -> 0 | AI110: =IF($H110=AI$30,$K110,0) -> 0 | AJ110: =IF($H110=AJ$30,$K110,0) -> 0 | AK110: =IF($H110=AK$30,$K110,0) -> 0 | AL110: =IF($H110=AL$30,$K110,0) -> 0
A111: 1.8 | B111: Liaison with special designers and specialist consultants. | H111: ----- | I111: =IFERROR(INDEX($S$1:$T$9,MATCH(H111,$S$1:$S$9,0),2),"") -> 0 | K111: =IFERROR(IF(OR(J111=0,J111=""),F111*G111*I111,G111*J111),0) -> 0 | L111: =IF(OR(H111=S$2,H111=S$3,H111=S$4),K111,0) -> 0 | M111: =IF(OR(H111=S$5,H111=S$6,H111=S$7,H111=S$8,H111=S$9),K111,0) -> 0 | N111: =IF(OR(H111=S$2,H111=S$3,H111=S$4),F111*G111,0) -> 0 | O111: =IF(OR(H111=S$5,H111=S$6,H111=S$7,H111=S$8,H111=S$9),F111*G111,0) -> 0 | V111: =IF($H111=V$30,$N111,0) -> 0 | W111: =IF($H111=W$30,$N111,0) -> 0 | X111: =IF($H111=X$30,$N111,0) -> 0 | Y111: =IF($H111=Y$30,$O111,0) -> 0 | Z111: =IF($H111=Z$30,$O111,0) -> 0 | AA111: =IF($H111=AA$30,$O111,0) -> 0 | AB111: =IF($H111=AB$30,$O111,0) -> 0 | AC111: =IF($H111=AC$30,$O111,0) -> 0 | AE111: =IF($H111=AE$30,$K111,0) -> 0 | AF111: =IF($H111=AF$30,$K111,0) -> 0 | AG111: =IF($H111=AG$30,$K111,0) -> 0 | AH111: =IF($H111=AH$30,$K111,0) -> 0 | AI111: =IF($H111=AI$30,$K111,0) -> 0 | AJ111: =IF($H111=AJ$30,$K111,0) -> 0 | AK111: =IF($H111=AK$30,$K111,0) -> 0 | AL111: =IF($H111=AL$30,$K111,0) -> 0
A112: 1.9 | B112: Purpose-made items: the design and documentation of purpose made items. | H112: ----- | I112: =IFERROR(INDEX($S$1:$T$9,MATCH(H112,$S$1:$S$9,0),2),"") -> 0 | K112: =IFERROR(IF(OR(J112=0,J112=""),F112*G112*I112,G112*J112),0) -> 0 | L112: =IF(OR(H112=S$2,H112=S$3,H112=S$4),K112,0) -> 0 | M112: =IF(OR(H112=S$5,H112=S$6,H112=S$7,H112=S$8,H112=S$9),K112,0) -> 0 | N112: =IF(OR(H112=S$2,H112=S$3,H112=S$4),F112*G112,0) -> 0 | O112: =IF(OR(H112=S$5,H112=S$6,H112=S$7,H112=S$8,H112=S$9),F112*G112,0) -> 0 | V112: =IF($H112=V$30,$N112,0) -> 0 | W112: =IF($H112=W$30,$N112,0) -> 0 | X112: =IF($H112=X$30,$N112,0) -> 0 | Y112: =IF($H112=Y$30,$O112,0) -> 0 | Z112: =IF($H112=Z$30,$O112,0) -> 0 | AA112: =IF($H112=AA$30,$O112,0) -> 0 | AB112: =IF($H112=AB$30,$O112,0) -> 0 | AC112: =IF($H112=AC$30,$O112,0) -> 0 | AE112: =IF($H112=AE$30,$K112,0) -> 0 | AF112: =IF($H112=AF$30,$K112,0) -> 0 | AG112: =IF($H112=AG$30,$K112,0) -> 0 | AH112: =IF($H112=AH$30,$K112,0) -> 0 | AI112: =IF($H112=AI$30,$K112,0) -> 0 | AJ112: =IF($H112=AJ$30,$K112,0) -> 0 | AK112: =IF($H112=AK$30,$K112,0) -> 0 | AL112: =IF($H112=AL$30,$K112,0) -> 0
A113: 1.10 | B113: Promotional material, art work and immersive digital experiences, participation in the preparation of promotional material. | H113: ----- | I113: =IFERROR(INDEX($S$1:$T$9,MATCH(H113,$S$1:$S$9,0),2),"") -> 0 | K113: =IFERROR(IF(OR(J113=0,J113=""),F113*G113*I113,G113*J113),0) -> 0 | L113: =IF(OR(H113=S$2,H113=S$3,H113=S$4),K113,0) -> 0 | M113: =IF(OR(H113=S$5,H113=S$6,H113=S$7,H113=S$8,H113=S$9),K113,0) -> 0 | N113: =IF(OR(H113=S$2,H113=S$3,H113=S$4),F113*G113,0) -> 0 | O113: =IF(OR(H113=S$5,H113=S$6,H113=S$7,H113=S$8,H113=S$9),F113*G113,0) -> 0 | V113: =IF($H113=V$30,$N113,0) -> 0 | W113: =IF($H113=W$30,$N113,0) -> 0 | X113: =IF($H113=X$30,$N113,0) -> 0 | Y113: =IF($H113=Y$30,$O113,0) -> 0 | Z113: =IF($H113=Z$30,$O113,0) -> 0 | AA113: =IF($H113=AA$30,$O113,0) -> 0 | AB113: =IF($H113=AB$30,$O113,0) -> 0 | AC113: =IF($H113=AC$30,$O113,0) -> 0 | AE113: =IF($H113=AE$30,$K113,0) -> 0 | AF113: =IF($H113=AF$30,$K113,0) -> 0 | AG113: =IF($H113=AG$30,$K113,0) -> 0 | AH113: =IF($H113=AH$30,$K113,0) -> 0 | AI113: =IF($H113=AI$30,$K113,0) -> 0 | AJ113: =IF($H113=AJ$30,$K113,0) -> 0 | AK113: =IF($H113=AK$30,$K113,0) -> 0 | AL113: =IF($H113=AL$30,$K113,0) -> 0
...

Sheet Time Based Fee - Alternate
B3: Insert logo
A11: Professional Fees – Architectural Service
D13: =Cover!F13 -> 45483
A15: Project | B15: =IF(Cover!C17="","",Cover!C17)
A17: Address | B17: =IF(Cover!C19="","",Cover!C19)
B20: Work Stages | C20: Fees
A22: Stage 1. Inception : R | C22: =IFERROR(IF(OR('Data & Calc Sheet'!H$21="",'Data & Calc Sheet'!H$21=0),0,'Data & Calc Sheet'!C58),0) -> 0
A23: Stage 2. Concept & Viability : R | C23: =IFERROR(IF(OR('Data & Calc Sheet'!H$21="",'Data & Calc Sheet'!H$21=0),0,'Data & Calc Sheet'!C59),0) -> 0
A24: Stage 3. Design Development : R | C24: =IFERROR(IF(OR('Data & Calc Sheet'!H$21="",'Data & Calc Sheet'!H$21=0),0,'Data & Calc Sheet'!C60),0) -> 0
A25: Stage 4.1 Local Authority Submissions : R | C25: =IFERROR(IF(OR('Data & Calc Sheet'!H$21="",'Data & Calc Sheet'!H$21=0),0,'Data & Calc Sheet'!C61),0) -> 0
A26: Stage 4.2 Call for Tenders : R | C26: =IFERROR(IF(OR('Data & Calc Sheet'!H$21="",'Data & Calc Sheet'!H$21=0),0,'Data & Calc Sheet'!C62),0) -> 0
A27: Stage 5 Construction : R | C27: =IFERROR(IF(OR('Data & Calc Sheet'!H$21="",'Data & Calc Sheet'!H$21=0),0,'Data & Calc Sheet'!C63),0) -> 0
A28: Stage 6. Close Out : R | C28: =IFERROR(IF(OR('Data & Calc Sheet'!H$21="",'Data & Calc Sheet'!H$21=0),0,'Data & Calc Sheet'!C64),0) -> 0
B30: Sub-Total : R | C30: =SUM(C22:C28) -> 0 | D30: excl. VAT
B32: Additional Services
A34: Special Design Services : R | C34: =IFERROR(IF(OR('Data & Calc Sheet'!H$21="",'Data & Calc Sheet'!H$21=0),0,'Time Based Service - Alternate'!K121),0) -> 0
A35: Special Management Services : R | C35: =IFERROR(IF(OR('Data & Calc Sheet'!H$21="",'Data & Calc Sheet'!H$21=0),0,'Time Based Service - Alternate'!K122),0) -> 0
A36: Special Studies : R | C36: =IFERROR(IF(OR('Data & Calc Sheet'!H$21="",'Data & Calc Sheet'!H$21=0),0,'Time Based Service - Alternate'!K123),0) -> 0
A37: Special Submissions to Statutory Authorities : R | C37: =IFERROR(IF(OR('Data & Calc Sheet'!H$21="",'Data & Calc Sheet'!H$21=0),0,'Time Based Service - Alternate'!K124),0) -> 0
A38: Work on Existing Premises : R | C38: =IFERROR(IF(OR('Data & Calc Sheet'!H$21="",'Data & Calc Sheet'!H$21=0),0,'Time Based Service - Alternate'!K125),0) -> 0
A39: Other Services : R | C39: =IFERROR(IF(OR('Data & Calc Sheet'!H$21="",'Data & Calc Sheet'!H$21=0),0,'Time Based Service - Alternate'!K126),0) -> 0
B41: Sub-Total : R | C41: =SUM(C34:C39) -> 0 | D41: excl. VAT
B43: Sub-Total : | C43: =C30+C41 -> 0 | D43: excl. VAT
B44: Discount : | C44: =IFERROR(C43*'Time Based Service - Alternate'!C16,0) -> 0 | D44: =IF(OR('Time Based Service - Alternate'!C16="",'Time Based Service - Alternate'!C16=0),"",CONCATENATE(" @ ",'Time Based Service - Alternate'!C16*100," %"))
B45: Sub-Total : R | C45: =(C43-C44) -> 0 | D45: excl. VAT
B46: VAT : R | C46: =IFERROR(C45*'Time Based Service - Alternate'!C19%,0) -> 0 | D46: =_xlfn.CONCAT(" @ ",'Time Based Service - Alternate'!C19," %") -> @ 15 %
B47: Total Fee : R | C47: =SUM(C45,C46) -> 0
A49: =Disclaimer!A7 -> Copyright © 2025 - M. Keuter - Some Rights Reserved

Sheet Time Based Fee - Alternate_(Per
B3: Insert logo
A11: Professional Fees – Architectural Service
D13: =Cover!F13 -> 45483
A15: Project | B15: =IF(Cover!C17="","",Cover!C17)
A17: Address | B17: =IF(Cover!C19="","",Cover!C19)
B20: Work Stages | C20: Rate / Sqm
A22: Stage 1. Inception : R | C22: =IFERROR(IF(OR('Data & Calc Sheet'!H$21="",'Data & Calc Sheet'!H$21=0),0,'Time Based Service - Alternate'!K220),0) -> 0
A23: Stage 2. Concept & Viability : R | C23: =IFERROR(IF(OR('Data & Calc Sheet'!H$21="",'Data & Calc Sheet'!H$21=0),0,'Time Based Service - Alternate'!K221),0) -> 0
A24: Stage 3. Design Development : R | C24: =IFERROR(IF(OR('Data & Calc Sheet'!H$21="",'Data & Calc Sheet'!H$21=0),0,'Time Based Service - Alternate'!K222),0) -> 0
A25: Stage 4.1 Local Authority Submissions : R | C25: =IFERROR(IF(OR('Data & Calc Sheet'!H$21="",'Data & Calc Sheet'!H$21=0),0,'Time Based Service - Alternate'!K223),0) -> 0
A26: Stage 4.2 Call for Tenders : R | C26: =IFERROR(IF(OR('Data & Calc Sheet'!H$21="",'Data & Calc Sheet'!H$21=0),0,'Time Based Service - Alternate'!K224),0) -> 0
A27: Stage 5 Construction : R | C27: =IFERROR(IF(OR('Data & Calc Sheet'!H$21="",'Data & Calc Sheet'!H$21=0),0,'Time Based Service - Alternate'!K225),0) -> 0
A28: Stage 6. Close Out : R | C28: =IFERROR(IF(OR('Data & Calc Sheet'!H$21="",'Data & Calc Sheet'!H$21=0),0,'Time Based Service - Alternate'!K226),0) -> 0
B30: Sub-Total : R | C30: =SUM(C22:C28) -> 0 | D30: excl. VAT
B32: Additional Services
A34: Special Design Services : R | C34: =IFERROR(IF(OR('Data & Calc Sheet'!H$21="",'Data & Calc Sheet'!H$21=0),0,'Time Based Service - Alternate'!K235),0) -> 0
A35: Special Management Services : R | C35: =IFERROR(IF(OR('Data & Calc Sheet'!H$21="",'Data & Calc Sheet'!H$21=0),0,'Time Based Service - Alternate'!K236),0) -> 0
A36: Special Studies : R | C36: =IFERROR(IF(OR('Data & Calc Sheet'!H$21="",'Data & Calc Sheet'!H$21=0),0,'Time Based Service - Alternate'!K237),0) -> 0
A37: Special Submissions to Statutory Authorities : R | C37: =IFERROR(IF(OR('Data & Calc Sheet'!H$21="",'Data & Calc Sheet'!H$21=0),0,'Time Based Service - Alternate'!K238),0) -> 0
A38: Work on Existing Premises : R | C38: =IFERROR(IF(OR('Data & Calc Sheet'!H$21="",'Data & Calc Sheet'!H$21=0),0,'Time Based Service - Alternate'!K239),0) -> 0
A39: Other Services : R | C39: =IFERROR(IF(OR('Data & Calc Sheet'!H$21="",'Data & Calc Sheet'!H$21=0),0,'Time Based Service - Alternate'!K240),0) -> 0
B41: Sub-Total : R | C41: =SUM(C34:C39) -> 0 | D41: excl. VAT
B43: Sub-Total : | C43: =C30+C41 -> 0 | D43: excl. VAT
B44: Discount : | C44: =IFERROR(C43*'Time Based Service - Alternate'!C16,0) -> 0 | D44: =IF(OR('Time Based Service - Alternate'!C16="",'Time Based Service - Alternate'!C16=0),"",CONCATENATE(" @ ",'Time Based Service - Alternate'!C16*100," %"))
B45: Sub-Total : R | C45: =(C43-C44) -> 0 | D45: excl. VAT
B46: VAT : R | C46: =IFERROR(C45*'Time Based Service - Alternate'!C19%,0) -> 0 | D46: =_xlfn.CONCAT(" @ ",'Time Based Service - Alternate'!C19," %") -> @ 15 %
B47: Total Fee : R | C47: =SUM(C45,C46) -> 0
A49: =Disclaimer!A7 -> Copyright © 2025 - M. Keuter - Some Rights Reserved

Sheet Time Based Fee_Repeat - Alt.
B3: Insert logo
A11: Professional Fees – Architectural Service
D13: =Cover!F13 -> 45483
A15: Project | B15: =IF(Cover!C17="","",Cover!C17)
A17: Address | B17: =IF(Cover!C19="","",Cover!C19)
B19: Work Stages | C19: Fee Apportionment
C21: Prototype Fee | D21: Fee / Repeat | E21: Repeat Fee
A22: Stage 1. Inception : R | C22: =IFERROR(IF(OR('Data & Calc Sheet'!H$21="",'Data & Calc Sheet'!H$21=0),0,'Data & Calc Sheet'!C58),0) -> 0 | D22: =IFERROR(IF('Time Based Service - Alternate'!C$10='Cost Based Service Req.'!L$3,'Data & Calc Sheet'!M58,""),0) | E22: =IFERROR(IF('Time Based Service - Alternate'!C$10='Cost Based Service Req.'!L$3,'Data & Calc Sheet'!N58,""),0)
A23: Stage 2. Concept & Viability : R | C23: =IFERROR(IF(OR('Data & Calc Sheet'!H$21="",'Data & Calc Sheet'!H$21=0),0,'Data & Calc Sheet'!C59),0) -> 0 | D23: =IFERROR(IF('Time Based Service - Alternate'!C$10='Cost Based Service Req.'!L$3,'Data & Calc Sheet'!M59,""),0) | E23: =IFERROR(IF('Time Based Service - Alternate'!C$10='Cost Based Service Req.'!L$3,'Data & Calc Sheet'!N59,""),0)
A24: Stage 3. Design Development : R | C24: =IFERROR(IF(OR('Data & Calc Sheet'!H$21="",'Data & Calc Sheet'!H$21=0),0,'Data & Calc Sheet'!C60),0) -> 0 | D24: =IFERROR(IF('Time Based Service - Alternate'!C$10='Cost Based Service Req.'!L$3,'Data & Calc Sheet'!M60,""),0) | E24: =IFERROR(IF('Time Based Service - Alternate'!C$10='Cost Based Service Req.'!L$3,'Data & Calc Sheet'!N60,""),0)
A25: Stage 4.1 Local Authority Submissions : R | C25: =IFERROR(IF(OR('Data & Calc Sheet'!H$21="",'Data & Calc Sheet'!H$21=0),0,'Data & Calc Sheet'!C61),0) -> 0 | D25: =IFERROR(IF('Time Based Service - Alternate'!C$10='Cost Based Service Req.'!L$3,'Data & Calc Sheet'!M61,""),0) | E25: =IFERROR(IF('Time Based Service - Alternate'!C$10='Cost Based Service Req.'!L$3,'Data & Calc Sheet'!N61,""),0)
A26: Stage 4.2 Call for Tenders : R | C26: =IFERROR(IF(OR('Data & Calc Sheet'!H$21="",'Data & Calc Sheet'!H$21=0),0,'Data & Calc Sheet'!C62),0) -> 0 | D26: =IFERROR(IF('Time Based Service - Alternate'!C$10='Cost Based Service Req.'!L$3,'Data & Calc Sheet'!M62,""),0) | E26: =IFERROR(IF('Time Based Service - Alternate'!C$10='Cost Based Service Req.'!L$3,'Data & Calc Sheet'!N62,""),0)
A27: Stage 5 Construction : R | C27: =IFERROR(IF(OR('Data & Calc Sheet'!H$21="",'Data & Calc Sheet'!H$21=0),0,'Data & Calc Sheet'!C63),0) -> 0 | E27: =IFERROR(IF('Time Based Service - Alternate'!C$10='Cost Based Service Req.'!L$3,'Data & Calc Sheet'!N63,""),0)
A28: Stage 6. Close Out : R | C28: =IFERROR(IF(OR('Data & Calc Sheet'!H$21="",'Data & Calc Sheet'!H$21=0),0,'Data & Calc Sheet'!C64),0) -> 0 | E28: =IFERROR(IF('Time Based Service - Alternate'!C$10='Cost Based Service Req.'!L$3,'Data & Calc Sheet'!N64,""),0)
B30: Sub-Total : R | C30: =SUM(C22:C28) -> 0 | E30: =IFERROR(IF('Time Based Service - Alternate'!C10='Cost Based Service Req.'!L$3,SUM(E22:E28),""),0)
B32: Sub-Total : R | C32: =SUM(C30,E30) -> 0 | D32: excl. VAT
B34: Additional Services
A36: Special Design Services : R | C36: =IFERROR(IF(OR('Data & Calc Sheet'!H$21="",'Data & Calc Sheet'!H$21=0),0,'Time Based Service - Alternate'!K121),0) -> 0
A37: Special Management Services : R | C37: =IFERROR(IF(OR('Data & Calc Sheet'!H$21="",'Data & Calc Sheet'!H$21=0),0,'Time Based Service - Alternate'!K122),0) -> 0
A38: Special Studies : R | C38: =IFERROR(IF(OR('Data & Calc Sheet'!H$21="",'Data & Calc Sheet'!H$21=0),0,'Time Based Service - Alternate'!K123),0) -> 0
A39: Special Submissions to Statutory Authorities : R | C39: =IFERROR(IF(OR('Data & Calc Sheet'!H$21="",'Data & Calc Sheet'!H$21=0),0,'Time Based Service - Alternate'!K124),0) -> 0
A40: Work on Existing Premises : R | C40: =IFERROR(IF(OR('Data & Calc Sheet'!H$21="",'Data & Calc Sheet'!H$21=0),0,'Time Based Service - Alternate'!K125),0) -> 0
A41: Other Services : R | C41: =IFERROR(IF(OR('Data & Calc Sheet'!H$21="",'Data & Calc Sheet'!H$21=0),0,'Time Based Service - Alternate'!K126),0) -> 0
B43: Sub-Total : R | C43: =SUM(C36:C41) -> 0 | D43: excl. VAT
B45: Sub-Total : | C45: =SUM(C32,C43) -> 0 | D45: excl. VAT
B46: Discount : R | C46: =IFERROR(C45*'Time Based Service - Alternate'!C16,0) -> 0 | D46: =IF(OR('Time Based Service - Alternate'!C16="",'Time Based Service - Alternate'!C16=0),"",CONCATENATE(" @ ",'Time Based Service - Alternate'!C16*100," %"))
B47: Sub-Total : R | C47: =C45-C46 -> 0 | D47: excl. VAT
B48: VAT : R | C48: =IFERROR(C47*'Time Based Service - Alternate'!C19%,0) -> 0 | D48: =_xlfn.CONCAT(" @ ",'Time Based Service - Alternate'!C19," %") -> @ 15 %
B49: Total Fee : R | C49: =SUM(C47,C48) -> 0
A51: =Disclaimer!A7 -> Copyright © 2025 - M. Keuter - Some Rights Reserved | B51: Total Fee : R | C51: =SUM(C47:C48) -> 0

Sheet Time Based Fee_Repeat - Alt._(P
B3: Insert logo
A11: Professional Fees – Architectural Service
D13: =Cover!F13 -> 45483
A15: Project | B15: =IF(Cover!C17="","",Cover!C17)
A17: Address | B17: =IF(Cover!C19="","",Cover!C19)
B19: Work Stages | C19: Fee Apportionment
C21: Prototype Fee | D21: Fee / Repeat | E21: Repeat Fee
A22: Stage 1. Inception : R | C22: =IFERROR(IF(OR('Data & Calc Sheet'!H$21="",'Data & Calc Sheet'!H$21=0),0,'Data & Calc Sheet'!C58/'Time Based Service - Alternate'!$C$22),0) -> 0 | D22: =IFERROR(IF('Time Based Service - Alternate'!C$10='Cost Based Service Req.'!L$3,'Data & Calc Sheet'!M58/'Time Based Service - Alternate'!$C$22,""),0) | E22: =IFERROR(IF('Time Based Service - Alternate'!C$10='Cost Based Service Req.'!L$3,'Data & Calc Sheet'!N58/'Time Based Service - Alternate'!$C$22,""),0)
A23: Stage 2. Concept & Viability : R | C23: =IFERROR(IF(OR('Data & Calc Sheet'!H$21="",'Data & Calc Sheet'!H$21=0),0,'Data & Calc Sheet'!C59/'Time Based Service - Alternate'!$C$22),0) -> 0 | D23: =IFERROR(IF('Time Based Service - Alternate'!C$10='Cost Based Service Req.'!L$3,'Data & Calc Sheet'!M59/'Time Based Service - Alternate'!$C$22,""),0) | E23: =IFERROR(IF('Time Based Service - Alternate'!C$10='Cost Based Service Req.'!L$3,'Data & Calc Sheet'!N59/'Time Based Service - Alternate'!$C$22,""),0)
A24: Stage 3. Design Development : R | C24: =IFERROR(IF(OR('Data & Calc Sheet'!H$21="",'Data & Calc Sheet'!H$21=0),0,'Data & Calc Sheet'!C60/'Time Based Service - Alternate'!$C$22),0) -> 0 | D24: =IFERROR(IF('Time Based Service - Alternate'!C$10='Cost Based Service Req.'!L$3,'Data & Calc Sheet'!M60/'Time Based Service - Alternate'!$C$22,""),0) | E24: =IFERROR(IF('Time Based Service - Alternate'!C$10='Cost Based Service Req.'!L$3,'Data & Calc Sheet'!N60/'Time Based Service - Alternate'!$C$22,""),0)
A25: Stage 4.1 Local Authority Submissions : R | C25: =IFERROR(IF(OR('Data & Calc Sheet'!H$21="",'Data & Calc Sheet'!H$21=0),0,'Data & Calc Sheet'!C61/'Time Based Service - Alternate'!$C$22),0) -> 0 | D25: =IFERROR(IF('Time Based Service - Alternate'!C$10='Cost Based Service Req.'!L$3,'Data & Calc Sheet'!M61/'Time Based Service - Alternate'!$C$22,""),0) | E25: =IFERROR(IF('Time Based Service - Alternate'!C$10='Cost Based Service Req.'!L$3,'Data & Calc Sheet'!N61/'Time Based Service - Alternate'!$C$22,""),0)
A26: Stage 4.2 Call for Tenders : R | C26: =IFERROR(IF(OR('Data & Calc Sheet'!H$21="",'Data & Calc Sheet'!H$21=0),0,'Data & Calc Sheet'!C62/'Time Based Service - Alternate'!$C$22),0) -> 0 | D26: =IFERROR(IF('Time Based Service - Alternate'!C$10='Cost Based Service Req.'!L$3,'Data & Calc Sheet'!M62/'Time Based Service - Alternate'!$C$22,""),0) | E26: =IFERROR(IF('Time Based Service - Alternate'!C$10='Cost Based Service Req.'!L$3,'Data & Calc Sheet'!N62/'Time Based Service - Alternate'!$C$22,""),0)
A27: Stage 5 Construction : R | C27: =IFERROR(IF(OR('Data & Calc Sheet'!H$21="",'Data & Calc Sheet'!H$21=0),0,'Data & Calc Sheet'!C63/'Time Based Service - Alternate'!$C$22),0) -> 0 | E27: =IFERROR(IF('Time Based Service - Alternate'!C$10='Cost Based Service Req.'!L$3,'Data & Calc Sheet'!N63/'Time Based Service - Alternate'!$C$22,""),0)
A28: Stage 6. Close Out : R | C28: =IFERROR(IF(OR('Data & Calc Sheet'!H$21="",'Data & Calc Sheet'!H$21=0),0,'Data & Calc Sheet'!C64/'Time Based Service - Alternate'!$C$22),0) -> 0 | E28: =IFERROR(IF('Time Based Service - Alternate'!C$10='Cost Based Service Req.'!L$3,'Data & Calc Sheet'!N64/'Time Based Service - Alternate'!$C$22,""),0)
B30: Sub-Total : R | C30: =SUM(C22:C28) -> 0 | E30: =IFERROR(IF('Time Based Service - Alternate'!C10='Cost Based Service Req.'!L$3,SUM(E22:E28),""),0)
B32: Sub-Total : R | C32: =SUM(C30,E30) -> 0 | D32: excl. VAT
B34: Additional Services
A36: Special Design Services : R | C36: =IFERROR(IF(OR('Data & Calc Sheet'!H$21="",'Data & Calc Sheet'!H$21=0),0,'Time Based Service - Alternate'!K235),0) -> 0
A37: Special Management Services : R | C37: =IFERROR(IF(OR('Data & Calc Sheet'!H$21="",'Data & Calc Sheet'!H$21=0),0,'Time Based Service - Alternate'!K236),0) -> 0
A38: Special Studies : R | C38: =IFERROR(IF(OR('Data & Calc Sheet'!H$21="",'Data & Calc Sheet'!H$21=0),0,'Time Based Service - Alternate'!K237),0) -> 0
A39: Special Submissions to Statutory Authorities : R | C39: =IFERROR(IF(OR('Data & Calc Sheet'!H$21="",'Data & Calc Sheet'!H$21=0),0,'Time Based Service - Alternate'!K238),0) -> 0
A40: Work on Existing Premises : R | C40: =IFERROR(IF(OR('Data & Calc Sheet'!H$21="",'Data & Calc Sheet'!H$21=0),0,'Time Based Service - Alternate'!K239),0) -> 0
A41: Other Services : R | C41: =IFERROR(IF(OR('Data & Calc Sheet'!H$21="",'Data & Calc Sheet'!H$21=0),0,'Time Based Service - Alternate'!K240),0) -> 0
B43: Sub-Total : R | C43: =SUM(C36:C41) -> 0 | D43: excl. VAT
B45: Sub-Total : | C45: =SUM(C32,C43) -> 0 | D45: excl. VAT
B46: Discount : R | C46: =IFERROR(C45*'Time Based Service - Alternate'!C16,0) -> 0 | D46: =IF(OR('Time Based Service - Alternate'!C16="",'Time Based Service - Alternate'!C16=0),"",CONCATENATE(" @ ",'Time Based Service - Alternate'!C16*100," %"))
B47: Sub-Total : R | C47: =C45-C46 -> 0 | D47: excl. VAT
B48: VAT : R | C48: =IFERROR(C47*'Time Based Service - Alternate'!C19%,0) -> 0 | D48: =_xlfn.CONCAT(" @ ",'Time Based Service - Alternate'!C19," %") -> @ 15 %
B49: Total Fee : R | C49: =SUM(C47,C48) -> 0
A51: =Disclaimer!A7 -> Copyright © 2025 - M. Keuter - Some Rights Reserved | B51: Total Fee : R | C51: =SUM(C47:C48) -> 0

Sheet Professional Fees
A1: Recommended scale of fees for Professional Architectural Services
E3: wef: 2024
A5: LOW COMPLEXITY
A6: Cost Bracket | B6: Value of the Works (excl. VAT) | D6: Primary Fee | E6: Plus Secondary Fee
B7: From | C7: To | E7: Add % | F7: On Balance over
B8: A | C8: B | D8: C | E8: D | F8: E
B9: R | C9: R | D9: R | E9: % | F9: R
A10: 1 | B10: 1 | C10: 200000 | D10: 11341.85 | E10: 17.53 | F10: =B10 -> 1
A11: 2 | B11: =C10+1 -> 200001 | C11: 650000 | D11: 46393.33 | E11: 16.85 | F11: =B11 -> 200001
A12: 3 | B12: =C11+1 -> 650001 | C12: 2000000 | D12: 122193.97 | E12: 12.43 | F12: =B12 -> 650001
A13: 4 | B13: =C12+1 -> 2000001 | C13: 4000000 | D13: 289927.74 | E13: 10.83 | F13: =B13 -> 2000001
A14: 5 | B14: =C13+1 -> 4000001 | C14: 6500000 | D14: 506559.8 | E14: 10.55 | F14: =B14 -> 4000001
A15: 6 | B15: =C14+1 -> 6500001 | C15: 13000000 | D15: 770251.28 | E15: 9.16 | F15: =B15 -> 6500001
A16: 7 | B16: =C15+1 -> 13000001 | C16: 40000000 | D16: 1365321.6 | E16: 8.86 | F16: =B16 -> 13000001
A17: 8 | B17: =C16+1 -> 40000001 | C17: 130000000 | D17: 3755421.2 | E17: 8.85 | F17: =B17 -> 40000001
A18: 9 | B18: =C17+1 -> 130000001 | C18: 260000000 | D18: 11717438 | E18: 8.28 | F18: =B18 -> 130000001
A19: 10 | B19: =C18+1 -> 260000001 | C19: 520000000 | D19: 22475739 | E19: 8.08 | F19: =B19 -> 260000001
A20: 11 | B20: =C19+1 -> 520000001 | C20: 1040000000 | D20: 43501431 | E20: 7.88 | F20: =B20 -> 520000001
A21: 12 | B21: =C20+1 -> 1040000001 | D21: 84483712 | E21: 7.28 | F21: =B21 -> 1040000001
A24: MEDIUM COMPLEXITY
A25: Cost Bracket | B25: Value of the Works (excl. VAT) | D25: Primary Fee | E25: Plus Secondary Fee
B26: From | C26: To | E26: Add % | F26: On Balance over
B27: A | C27: B | D27: C | E27: D | F27: E
B28: R | C28: R | D28: R | E28: % | F28: R
A29: 1 | B29: 1 | C29: 200000 | D29: 13570.07 | E29: 20.96 | F29: =B29 -> 1
A30: 2 | B30: =C29+1 -> 200001 | C30: 650000 | D30: 55507.74 | E30: 20.16 | F30: =B30 -> 200001
A31: 3 | B31: =C30+1 -> 650001 | C31: 2000000 | D31: 146200.15 | E31: 14.87 | F31: =B31 -> 650001
A32: 4 | B32: =C31+1 -> 2000001 | C32: 4000000 | D32: 346886.84 | E32: 12.96 | F32: =B32 -> 2000001
A33: 5 | B33: =C32+1 -> 4000001 | C33: 6500000 | D33: 606078.35 | E33: 12.62 | F33: =B33 -> 4000001
A34: 6 | B34: =C33+1 -> 6500001 | C34: 13000000 | D34: 921574.57 | E34: 10.95 | F34: =B34 -> 6500001
A35: 7 | B35: =C34+1 -> 13000001 | C35: 40000000 | D35: 1633552.2 | E35: 10.6 | F35: =B35 -> 13000001
A36: 8 | B36: =C35+1 -> 40000001 | C36: 130000000 | D36: 4493209.9 | E36: 10.59 | F36: =B36 -> 40000001
A37: 9 | B37: =C36+1 -> 130000001 | C37: 260000000 | D37: 14019441 | E37: 9.91 | F37: =B37 -> 130000001
A38: 10 | B38: =C37+1 -> 260000001 | C38: 520000000 | D38: 26891315 | E38: 9.68 | F38: =B38 -> 260000001
A39: 11 | B39: =C38+1 -> 520000001 | C39: 1040000000 | D39: 52047707 | E39: 9.43 | F39: =B39 -> 520000001
A40: 12 | B40: =C39+1 -> 1040000001 | D40: 1.0108135e+08 | E40: 8.71 | F40: =B40 -> 1040000001
A43: HIGH COMPLEXITY
A44: Cost Bracket | B44: Value of the Works (excl. VAT) | D44: Primary Fee | E44: Plus Secondary Fee
B45: From | C45: To | E45: Add % | F45: On Balance over
B46: A | C46: B | D46: C | E46: D | F46: E
B47: R | C47: R | D47: R | E47: % | F47: R
A48: 1 | B48: 1 | C48: 200000 | D48: 15798.28 | E48: 24.41 | F48: =B48 -> 1
A49: 2 | B49: =C48+1 -> 200001 | C49: 650000 | D49: 64622.16 | E49: 23.47 | F49: =B49 -> 200001
A50: 3 | B50: =C49+1 -> 650001 | C50: 2000000 | D50: 170206.35 | E50: 17.31 | F50: =B50 -> 650001
A51: 4 | B51: =C50+1 -> 2000001 | C51: 4000000 | D51: 403845.93 | E51: 15.09 | F51: =B51 -> 2000001
A52: 5 | B52: =C51+1 -> 4000001 | C52: 6500000 | D52: 705596.92 | E52: 14.69 | F52: =B52 -> 4000001
A53: 6 | B53: =C52+1 -> 6500001 | C53: 13000000 | D53: 1072897.9 | E53: 12.76 | F53: =B53 -> 6500001
A54: 7 | B54: =C53+1 -> 13000001 | C54: 40000000 | D54: 1901782.8 | E54: 12.33 | F54: =B54 -> 13000001
A55: 8 | B55: =C54+1 -> 40000001 | C55: 130000000 | D55: 5230998.6 | E55: 12.33 | F55: =B55 -> 40000001
A56: 9 | B56: =C55+1 -> 130000001 | C56: 260000000 | D56: 16321445 | E56: 11.52 | F56: =B56 -> 130000001
A57: 10 | B57: =C56+1 -> 260000001 | C57: 520000000 | D57: 31306891 | E57: 11.26 | F57: =B57 -> 260000001
A58: 11 | B58: =C57+1 -> 520000001 | C58: 1040000000 | D58: 60593982 | E58: 10.98 | F58: =B58 -> 520000001
A59: 12 | B59: =C58+1 -> 1040000001 | D59: 1.1767899e+08 | E59: 10.16 | F59: =B59 -> 1040000001
A62: ='Cost Based Service Req.'!C7 -> 0
A63: Cost Bracket | B63: Value of the Works (excl. VAT) | D63: Primary Fee | E63: Plus Secondary Fee
B64: From | C64: To | E64: Add % | F64: On Balance over
B65: A | C65: B | D65: C | E65: D | F65: E
B66: R | C66: R | D66: R | E66: % | F66: R
A67: 1 | B67: 1 | C67: 200000 | D67: =IF($A$62=$A$5,D10,IF($A$62=$A$24,D29,IF($A$62=$A$43,D48,""))) | E67: =IF($A$62=$A$5,E10,IF($A$62=$A$24,E29,IF($A$62=$A$43,E48,""))) | F67: =B67 -> 1
A68: 2 | B68: =C67+1 -> 200001 | C68: 650000 | D68: =IF($A$62=$A$5,D11,IF($A$62=$A$24,D30,IF($A$62=$A$43,D49,""))) | E68: =IF($A$62=$A$5,E11,IF($A$62=$A$24,E30,IF($A$62=$A$43,E49,""))) | F68: =B68 -> 200001
A69: 3 | B69: =C68+1 -> 650001 | C69: 2000000 | D69: =IF($A$62=$A$5,D12,IF($A$62=$A$24,D31,IF($A$62=$A$43,D50,""))) | E69: =IF($A$62=$A$5,E12,IF($A$62=$A$24,E31,IF($A$62=$A$43,E50,""))) | F69: =B69 -> 650001
A70: 4 | B70: =C69+1 -> 2000001 | C70: 4000000 | D70: =IF($A$62=$A$5,D13,IF($A$62=$A$24,D32,IF($A$62=$A$43,D51,""))) | E70: =IF($A$62=$A$5,E13,IF($A$62=$A$24,E32,IF($A$62=$A$43,E51,""))) | F70: =B70 -> 2000001
A71: 5 | B71: =C70+1 -> 4000001 | C71: 6500000 | D71: =IF($A$62=$A$5,D14,IF($A$62=$A$24,D33,IF($A$62=$A$43,D52,""))) | E71: =IF($A$62=$A$5,E14,IF($A$62=$A$24,E33,IF($A$62=$A$43,E52,""))) | F71: =B71 -> 4000001
A72: 6 | B72: =C71+1 -> 6500001 | C72: 13000000 | D72: =IF($A$62=$A$5,D15,IF($A$62=$A$24,D34,IF($A$62=$A$43,D53,""))) | E72: =IF($A$62=$A$5,E15,IF($A$62=$A$24,E34,IF($A$62=$A$43,E53,""))) | F72: =B72 -> 6500001
A73: 7 | B73: =C72+1 -> 13000001 | C73: 40000000 | D73: =IF($A$62=$A$5,D16,IF($A$62=$A$24,D35,IF($A$62=$A$43,D54,""))) | E73: =IF($A$62=$A$5,E16,IF($A$62=$A$24,E35,IF($A$62=$A$43,E54,""))) | F73: =B73 -> 13000001
A74: 8 | B74: =C73+1 -> 40000001 | C74: 130000000 | D74: =IF($A$62=$A$5,D17,IF($A$62=$A$24,D36,IF($A$62=$A$43,D55,""))) | E74: =IF($A$62=$A$5,E17,IF($A$62=$A$24,E36,IF($A$62=$A$43,E55,""))) | F74: =B74 -> 40000001
A75: 9 | B75: =C74+1 -> 130000001 | C75: 260000000 | D75: =IF($A$62=$A$5,D18,IF($A$62=$A$24,D37,IF($A$62=$A$43,D56,""))) | E75: =IF($A$62=$A$5,E18,IF($A$62=$A$24,E37,IF($A$62=$A$43,E56,""))) | F75: =B75 -> 130000001
A76: 10 | B76: =C75+1 -> 260000001 | C76: 520000000 | D76: =IF($A$62=$A$5,D19,IF($A$62=$A$24,D38,IF($A$62=$A$43,D57,""))) | E76: =IF($A$62=$A$5,E19,IF($A$62=$A$24,E38,IF($A$62=$A$43,E57,""))) | F76: =B76 -> 260000001
A77: 11 | B77: =C76+1 -> 520000001 | C77: 1040000000 | D77: =IF($A$62=$A$5,D20,IF($A$62=$A$24,D39,IF($A$62=$A$43,D58,""))) | E77: =IF($A$62=$A$5,E20,IF($A$62=$A$24,E39,IF($A$62=$A$43,E58,""))) | F77: =B77 -> 520000001
A78: 12 | B78: =C77+1 -> 1040000001 | D78: =IF($A$62=$A$5,D21,IF($A$62=$A$24,D40,IF($A$62=$A$43,D59,""))) | E78: =IF($A$62=$A$5,E21,IF($A$62=$A$24,E40,IF($A$62=$A$43,E59,""))) | F78: =B78 -> 1040000001
B81: Formula : | C81: Professional Fee
C82: =
C83: Primary Fee ( C ) for applicable Cost Bracket of Value of Works
C84: +
C85: Secondary Fee for applicable Cost Bracket of Value of Works calculated as (Applicable Value of Works minus column ( E )) x % in terms of column ( D )
A87: =Disclaimer!A7 -> Copyright © 2025 - M. Keuter - Some Rights Reserved

Sheet Disclaimer
A1: Copyright & Disclaimer
A7: Copyright © 2025 - M. Keuter - Some Rights Reserved
A8: Except where otherwise noted this work is licensed under Creative Commons Attribution-Noncommercial-No Derivative Works 2.5 South Africa License.
A10: Under this license
A11: You are free to:
A12: - Share :
A13: to copy, distribute and transmit the work
A14: ( for permissions beyond the scope of this public license - contact the author )
A16: Under the following conditions:
A17: - Attribution:
A18: You must attribute the work in the manner specified by the author or licensor (but not in any way that suggests that they endorse you or your use of the work).
A19: - Noncommercial:
... A43: email: info@arcdirectory.co.za

Sheet SACAP Prof.Rate
A1: SACAP Rates – 2023
A2: -----
A3: Specialist | B3: 3313
A4: >10yrs experience | B4: 2663
A5: <10yrs experience | B5: 1991
A6: Associate | B6: 1420
A7: Manager | B7: 1420
A8: Reg.Arch.Prof. w/Direct Responsibility | B8: 960
A9: Reg.Arch.Prof. no Direct Responsibility | B9: 571
A10: Staff in Support of Arch.Work Output | B10: 408

Sheet Data & Calc Sheet
A1: Data & Calculation Sheet
A3: DO NOT AFFECT CHANGES TO THIS SHEET
A5: Cost Bracket | B5: Value of the Works (excl. VAT) | C5: Primary Fee | D5: Plus Secondary Fee | F5: Professional Fee
D6: Add % | E6: On Balance over
C7: C | D7: D | E7: E
B8: R | C8: R | D8: % | E8: R | F8: R
A9: 1 | B9: =IF(C9<>0,'Cost Based Fee'!$C$19,0) -> 0 | C9: =IF(AND('Cost Based Service Req.'!$C$9>='Professional Fees'!B67,'Cost Based Service Req.'!$C$9<='Professional Fees'!C67),'Professional Fees'!D67,0) -> 0 | D9: =IF(C9<>0,E9*('Professional Fees'!E67/100),0) -> 0 | E9: =IF(C9<>0,B9-'Professional Fees'!F67,0) -> 0 | F9: =IF(C9<>0,C9+D9,0) -> 0
A10: 2 | B10: =IF(C10<>0,'Cost Based Fee'!$C$19,0) -> 0 | C10: =IF(AND('Cost Based Service Req.'!$C$9>='Professional Fees'!B68,'Cost Based Service Req.'!$C$9<='Professional Fees'!C68),'Professional Fees'!D68,0) -> 0 | D10: =IF(C10<>0,E10*('Professional Fees'!E68/100),0) -> 0 | E10: =IF(C10<>0,B10-'Professional Fees'!F68,0) -> 0 | F10: =IF(C10<>0,C10+D10,0) -> 0
A11: 3 | B11: =IF(C11<>0,'Cost Based Fee'!$C$19,0) -> 0 | C11: =IF(AND('Cost Based Service Req.'!$C$9>='Professional Fees'!B69,'Cost Based Service Req.'!$C$9<='Professional Fees'!C69),'Professional Fees'!D69,0) -> 0 | D11: =IF(C11<>0,E11*('Professional Fees'!E69/100),0) -> 0 | E11: =IF(C11<>0,B11-'Professional Fees'!F69,0) -> 0 | F11: =IF(C11<>0,C11+D11,0) -> 0
A12: 4 | B12: =IF(C12<>0,'Cost Based Fee'!$C$19,0) -> 0 | C12: =IF(AND('Cost Based Service Req.'!$C$9>='Professional Fees'!B70,'Cost Based Service Req.'!$C$9<='Professional Fees'!C70),'Professional Fees'!D70,0) -> 0 | D12: =IF(C12<>0,E12*('Professional Fees'!E70/100),0) -> 0 | E12: =IF(C12<>0,B12-'Professional Fees'!F70,0) -> 0 | F12: =IF(C12<>0,C12+D12,0) -> 0
A13: 5 | B13: =IF(C13<>0,'Cost Based Fee'!$C$19,0) -> 0 | C13: =IF(AND('Cost Based Service Req.'!$C$9>='Professional Fees'!B71,'Cost Based Service Req.'!$C$9<='Professional Fees'!C71),'Professional Fees'!D71,0) -> 0 | D13: =IF(C13<>0,E13*('Professional Fees'!E71/100),0) -> 0 | E13: =IF(C13<>0,B13-'Professional Fees'!F71,0) -> 0 | F13: =IF(C13<>0,C13+D13,0) -> 0
A14: 6 | B14: =IF(C14<>0,'Cost Based Fee'!$C$19,0) -> 0 | C14: =IF(AND('Cost Based Service Req.'!$C$9>='Professional Fees'!B72,'Cost Based Service Req.'!$C$9<='Professional Fees'!C72),'Professional Fees'!D72,0) -> 0 | D14: =IF(C14<>0,E14*('Professional Fees'!E72/100),0) -> 0 | E14: =IF(C14<>0,B14-'Professional Fees'!F72,0) -> 0 | F14: =IF(C14<>0,C14+D14,0) -> 0
A15: 7 | B15: =IF(C15<>0,'Cost Based Fee'!$C$19,0) -> 0 | C15: =IF(AND('Cost Based Service Req.'!$C$9>='Professional Fees'!B73,'Cost Based Service Req.'!$C$9<='Professional Fees'!C73),'Professional Fees'!D73,0) -> 0 | D15: =IF(C15<>0,E15*('Professional Fees'!E73/100),0) -> 0 | E15: =IF(C15<>0,B15-'Professional Fees'!F73,0) -> 0 | F15: =IF(C15<>0,C15+D15,0) -> 0
A16: 8 | B16: =IF(C16<>0,'Cost Based Fee'!$C$19,0) -> 0 | C16: =IF(AND('Cost Based Service Req.'!$C$9>='Professional Fees'!B74,'Cost Based Service Req.'!$C$9<='Professional Fees'!C74),'Professional Fees'!D74,0) -> 0 | D16: =IF(C16<>0,E16*('Professional Fees'!E74/100),0) -> 0 | E16: =IF(C16<>0,B16-'Professional Fees'!F74,0) -> 0 | F16: =IF(C16<>0,C16+D16,0) -> 0
A17: 9 | B17: =IF(C17<>0,'Cost Based Fee'!$C$19,0) -> 0 | C17: =IF(AND('Cost Based Service Req.'!$C$9>='Professional Fees'!B75,'Cost Based Service Req.'!$C$9<='Professional Fees'!C75),'Professional Fees'!D75,0) -> 0 | D17: =IF(C17<>0,E17*('Professional Fees'!E75/100),0) -> 0 | E17: =IF(C17<>0,B17-'Professional Fees'!F75,0) -> 0 | F17: =IF(C17<>0,C17+D17,0) -> 0
A18: 10 | B18: =IF(C18<>0,'Cost Based Fee'!$C$19,0) -> 0 | C18: =IF(AND('Cost Based Service Req.'!$C$9>='Professional Fees'!B76,'Cost Based Service Req.'!$C$9<='Professional Fees'!C76),'Professional Fees'!D76,0) -> 0 | D18: =IF(C18<>0,E18*('Professional Fees'!E76/100),0) -> 0 | E18: =IF(C18<>0,B18-'Professional Fees'!F76,0) -> 0 | F18: =IF(C18<>0,C18+D18,0) -> 0
A19: 11 | B19: =IF(C19<>0,'Cost Based Fee'!$C$19,0) -> 0 | C19: =IF(AND('Cost Based Service Req.'!$C$9>='Professional Fees'!B77,'Cost Based Service Req.'!$C$9<='Professional Fees'!C77),'Professional Fees'!D77,0) -> 0 | D19: =IF(C19<>0,E19*('Professional Fees'!E77/100),0) -> 0 | E19: =IF(C19<>0,B19-'Professional Fees'!F77,0) -> 0 | F19: =IF(C19<>0,C19+D19,0) -> 0
A20: 12 | B20: =IF(C20<>0,'Cost Based Fee'!$C$19,0) -> 0 | C20: =IF(AND('Cost Based Service Req.'!$C$9>='Professional Fees'!B78,'Cost Based Service Req.'!$C$9<='Professional Fees'!C78),'Professional Fees'!D78,0) -> 0 | D20: =IF(C20<>0,E20*('Professional Fees'!E78/100),0) -> 0 | E20: =IF(C20<>0,B20-'Professional Fees'!F78,0) -> 0 | F20: =IF(C20<>0,C20+D20,0) -> 0 | H20: Total | I20: Equity Partners | J20: Salaried Staff | K20: Eq. Hrs | L20: Sal. Hrs
F21: =SUM(F9:F20) -> 0 | H21: ='Time Based Service - Alternate'!H38+'Time Based Service - Alternate'!H49+'Time Based Service - Alternate'!H58+'Time Based Service - Alternate'!H66+'Time Based Service - Alternate'!H76+'Time Based Service - Alternate'!H88+'Time Based Service - Alternate'!H95+'Time Based Service - Alternate'!K121+'Time Based Service - Alternate'!K153+'Time Based Service - Alternate'!K173 -> 0 | I21: ='Time Based Service - Alternate'!I38+'Time Based Service - Alternate'!I49+'Time Based Service - Alternate'!I58+'Time Based Service - Alternate'!I66+'Time Based Service - Alternate'!I76+'Time Based Service - Alternate'!I88+'Time Based Service - Alternate'!I95+'Time Based Service - Alternate'!L121+'Time Based Service - Alternate'!L153+'Time Based Service - Alternate'!L173 -> 0 | J21: ='Time Based Service - Alternate'!J38+'Time Based Service - Alternate'!J49+'Time Based Service - Alternate'!J58+'Time Based Service - Alternate'!J66+'Time Based Service - Alternate'!J76+'Time Based Service - Alternate'!J88+'Time Based Service - Alternate'!J95+'Time Based Service - Alternate'!M121+'Time Based Service - Alternate'!M153+'Time Based Service - Alternate'!M173 -> 0 | K21: ='Time Based Service - Alternate'!K38+'Time Based Service - Alternate'!K49+'Time Based Service - Alternate'!K58+'Time Based Service - Alternate'!K66+'Time Based Service - Alternate'!K76+'Time Based Service - Alternate'!K88+'Time Based Service - Alternate'!K95+'Time Based Service - Alternate'!N121+'Time Based Service - Alternate'!N153+'Time Based Service - Alternate'!N173+'Time Based Service - Alternate'!N187+'Time Based Service - Alternate'!N201+'Time Based Service - Alternate'!N212 -> 0 | L21: ='Time Based Service - Alternate'!L38+'Time Based Service - Alternate'!L49+'Time Based Service - Alternate'!L58+'Time Based Service - Alternate'!L66+'Time Based Service - Alternate'!L76+'Time Based Service - Alternate'!L88+'Time Based Service - Alternate'!L95+'Time Based Service - Alternate'!O121+'Time Based Service - Alternate'!O153+'Time Based Service - Alternate'!O173+'Time Based Service - Alternate'!O187+'Time Based Service - Alternate'!O201+'Time Based Service - Alternate'!O212 -> 0
A23: 1
A24: % Alterations | B24: Sub-Total | D24: Alteration Allow | E24: Alteration Adjust
A25: % | B25: R | C25: R | D25: 1.3 | E25: R
A26: ='Cost Based Service Req.'!C19 -> 0 | B26: =F21 -> 0 | C26: =(A23-A26)*B26 -> 0 | D26: =(B26-C26)*D25 -> 0 | E26: =SUM(C26:D26) -> 0
A28: Heritage | B28: Sub-Total | D28: Heritage | E28: Heritage Adjust
A29: % | B29: R | C29: R | D29: 1.4 | E29: R
A30: ='Cost Based Service Req.'!C26 -> 0 | B30: =F21 -> 0 | C30: =(A23-A30)*B30 -> 0 | D30: =(B30-C30)*D29 -> 0 | E30: =SUM(C30:D30) -> 0
B33: Sub-Total Fee | C33: =_xlfn.CONCAT("Vat @ ",'Cost Based Service Req.'!C12,"%") -> Vat @ 15% | D33: Total Fee
B34: R | C34: R | D34: R
B35: =E26 -> 0 | C35: =B35*'Cost Based Service Req.'!C12/100 -> 0 | D35: =SUM(B35:C35) -> 0
B37: Sub-Total Fee | C37: =_xlfn.CONCAT("Vat @ ",'Cost Based Service Req.'!C12,"%") -> Vat @ 15% | D37: Total Fee
B38: R | C38: R | D38: R
B39: =E30 -> 0 | C39: =B39*'Cost Based Service Req.'!C12/100 -> 0 | D39: =SUM(B39:C39) -> 0
A41: Apportionment of Fee
J42: PROTOTYPE | M42: REPEAT
A43: Work Stage | B43: Proportion of fee | C43: Full SACAP Fee | D43: Cumulative % | E43: Cumulative Fee | F43: Applicability | G43: % Service | H43: Service Fee | I43: 10% Reduction | J43: Adjusted Service Fee | K43: Cumulative % | L43: Cumulative Fee | M43: Repeat Fee | N43: No of Repeats
B44: % | C44: R | D44: % | E44: R | G44: % | J44: R | K44: % | L44: R | M44: R | N44: ='Cost Based Service Req.'!C40 -> 0
A45: 1 | B45: 0.02 | C45: =IF('Cost Based Service Req.'!$C$23='Cost Based Service Req.'!$L$3,$B$39*B45,IF('Cost Based Service Req.'!$C$23='Cost Based Service Req.'!$L$4,$B$35*B45,0)) -> 0 | D45: =B45 -> 0.02 | E45: =C45 -> 0 | F45: =IF('Cost Based Service Req.'!I59>0,"YES","NO") -> YES | G45: =IF(F45="YES",'Cost Based Service Req.'!I59,0) -> 1 | H45: =IF(F45="YES",B$35*(G45/100),0) -> 0 | I45: =IF('Cost Based Service Req.'!C30='Cost Based Service Req.'!L3,0,(H45*0.1)) -> 0 | J45: =H45-I45 -> 0 | K45: =G45 -> 1 | L45: =J45 -> 0 | M45: =IF('Cost Based Service Req.'!C$37='Cost Based Service Req.'!L$3,J45*35/100,0) -> 0 | N45: =M45*N$44 -> 0
A46: 2 | B46: 0.15 | C46: =IF('Cost Based Service Req.'!$C$23='Cost Based Service Req.'!$L$3,$B$39*B46,IF('Cost Based Service Req.'!$C$23='Cost Based Service Req.'!$L$4,$B$35*B46,0)) -> 0 | D46: =D45+B46 -> 0.17 | E46: =E45+C46 -> 0 | F46: =IF('Cost Based Service Req.'!I70>0,"YES","NO") -> YES | G46: =IF(F46="YES",'Cost Based Service Req.'!I70,0) -> 3.75 | H46: =IF(F46="YES",B$35*(G46/100),0) -> 0 | I46: =IF('Cost Based Service Req.'!C30='Cost Based Service Req.'!L3,0,(H46*0.1)) -> 0 | J46: =H46-I46 -> 0 | K46: =K45+G46 -> 4.75 | L46: =L45+J46 -> 0 | M46: =IF('Cost Based Service Req.'!C$37='Cost Based Service Req.'!L$3,J46*35/100,0) -> 0 | N46: =M46*N$44 -> 0
A47: 3 | B47: 0.2 | C47: =IF('Cost Based Service Req.'!$C$23='Cost Based Service Req.'!$L$3,$B$39*B47,IF('Cost Based Service Req.'!$C$23='Cost Based Service Req.'!$L$4,$B$35*B47,0)) -> 0 | D47: =D46+B47 -> 0.37 | E47: =E46+C47 -> 0 | F47: =IF('Cost Based Service Req.'!I79>0,"YES","NO") -> YES | G47: =IF(F47="YES",'Cost Based Service Req.'!I79,0) -> 10 | H47: =IF(F47="YES",B$35*(G47/100),0) -> 0 | I47: =IF('Cost Based Service Req.'!C30='Cost Based Service Req.'!L3,0,(H47*0.1)) -> 0 | J47: =H47-I47 -> 0 | K47: =K46+G47 -> 14.75 | L47: =L46+J47 -> 0 | M47: =IF('Cost Based Service Req.'!C$37='Cost Based Service Req.'!L$3,J47*35/100,0) -> 0 | N47: =M47*N$44 -> 0
A48: 4.1 | B48: 0.1 | C48: =IF('Cost Based Service Req.'!$C$23='Cost Based Service Req.'!$L$3,$B$39*B48,IF('Cost Based Service Req.'!$C$23='Cost Based Service Req.'!$L$4,$B$35*B48,0)) -> 0 | D48: =D47+B48 -> 0.47 | E48: =E47+C48 -> 0 | F48: =IF('Cost Based Service Req.'!I87>0,"YES","NO") -> YES | G48: =IF(F48="YES",'Cost Based Service Req.'!I87,0) -> 4.5 | H48: =IF(F48="YES",B$35*(G48/100),0) -> 0 | I48: =IF('Cost Based Service Req.'!C30='Cost Based Service Req.'!L3,0,(H48*0.1)) -> 0 | J48: =H48-I48 -> 0 | K48: =K47+G48 -> 19.25 | L48: =L47+J48 -> 0 | M48: =IF('Cost Based Service Req.'!C$37='Cost Based Service Req.'!L$3,J48*35/100,0) -> 0 | N48: =M48*N$44 -> 0
A49: 4.2 | B49: 0.2 | C49: =IF('Cost Based Service Req.'!$C$23='Cost Based Service Req.'!$L$3,$B$39*B49,IF('Cost Based Service Req.'!$C$23='Cost Based Service Req.'!$L$4,$B$35*B49,0)) -> 0 | D49: =D48+B49 -> 0.67 | E49: =E48+C49 -> 0 | F49: =IF('Cost Based Service Req.'!I97>0,"YES","NO") -> YES | G49: =IF(F49="YES",'Cost Based Service Req.'!I97,0) -> 4 | H49: =IF(F49="YES",B$35*(G49/100),0) -> 0 | I49: =IF('Cost Based Service Req.'!C30='Cost Based Service Req.'!L3,0,(H49*0.1)) -> 0 | J49: =H49-I49 -> 0 | K49: =K48+G49 -> 23.25 | L49: =L48+J49 -> 0 | M49: =IF('Cost Based Service Req.'!C$37='Cost Based Service Req.'!L$3,J49*35/100,0) -> 0 | N49: =M49*N$44 -> 0
A50: 5 | B50: 0.3 | C50: =IF('Cost Based Service Req.'!$C$23='Cost Based Service Req.'!$L$3,$B$39*B50,IF('Cost Based Service Req.'!$C$23='Cost Based Service Req.'!$L$4,$B$35*B50,0)) -> 0 | D50: =D49+B50 -> 0.97 | E50: =E49+C50 -> 0 | F50: =IF('Cost Based Service Req.'!I109>0,"YES","NO") -> YES | G50: =IF(F50="YES",'Cost Based Service Req.'!I109,0) -> 3 | H50: =IF(F50="YES",B$35*(G50/100),0) -> 0 | I50: =IF('Cost Based Service Req.'!C34='Cost Based Service Req.'!L3,0,(H50*0.1)) -> 0 | J50: =H50-I50 -> 0 | K50: =K49+G50 -> 26.25 | L50: =L49+J50 -> 0 | N50: =J50 -> 0
A51: 6 | B51: 0.03 | C51: =IF('Cost Based Service Req.'!$C$23='Cost Based Service Req.'!$L$3,$B$39*B51,IF('Cost Based Service Req.'!$C$23='Cost Based Service Req.'!$L$4,$B$35*B51,0)) -> 0 | D51: =D50+B51 -> 1 | E51: =E50+C51 -> 0 | F51: =IF('Cost Based Service Req.'!I116>0,"YES","NO") -> YES | G51: =IF(F51="YES",'Cost Based Service Req.'!I116,0) -> 1.5 | H51: =IF(F51="YES",B$35*(G51/100),0) -> 0 | I51: =IF('Cost Based Service Req.'!C34='Cost Based Service Req.'!L3,0,(H51*0.1)) -> 0 | J51: =H51-I51 -> 0 | K51: =K50+G51 -> 27.75 | L51: =L50+J51 -> 0 | N51: =J51 -> 0
A54: Apportionment of Fee
C55: PROTOTYPE | M55: REPEAT
A56: Work Stage | B56: Proportion of fee | C56: Full SACAP Fee | D56: Cumulative % | E56: Cumulative Fee | F56: Applicability | G56: % Service | H56: Service Fee | I56: 10% Reduction | J56: Adjusted Service Fee | K56: Cumulative % | L56: Cumulative Fee | M56: Repeat Fee | N56: No of Repeats
C57: R | E57: R | M57: R | N57: ='Time Based Service - Alternate'!C13 -> 0
A58: 1 | C58: ='Time Based Service - Alternate'!H38 -> 0 | E58: =C58 -> 0 | M58: =IF('Time Based Service - Alternate'!C$10='Time Based Service - Alternate'!R$3,C58*35/100,0) -> 0 | N58: =M58*N$57 -> 0
A59: 2 | C59: ='Time Based Service - Alternate'!H49 -> 0 | E59: =E58+C59 -> 0 | M59: =IF('Time Based Service - Alternate'!C$10='Time Based Service - Alternate'!R$3,C59*35/100,0) -> 0 | N59: =M59*N$57 -> 0
A60: 3 | C60: ='Time Based Service - Alternate'!H58 -> 0 | E60: =E59+C60 -> 0 | M60: =IF('Time Based Service - Alternate'!C$10='Time Based Service - Alternate'!R$3,C60*35/100,0) -> 0 | N60: =M60*N$57 -> 0
A61: 4.1 | C61: ='Time Based Service - Alternate'!H66 -> 0 | E61: =E60+C61 -> 0 | M61: =IF('Time Based Service - Alternate'!C$10='Time Based Service - Alternate'!R$3,C61*35/100,0) -> 0 | N61: =M61*N$57 -> 0
A62: 4.2 | C62: ='Time Based Service - Alternate'!H76 -> 0 | E62: =E61+C62 -> 0 | M62: =IF('Time Based Service - Alternate'!C$10='Time Based Service - Alternate'!R$3,C62*35/100,0) -> 0 | N62: =M62*N$57 -> 0
A63: 5 | C63: ='Time Based Service - Alternate'!H88 -> 0 | E63: =E62+C63 -> 0 | N63: =C63 -> 0
A64: 6 | C64: ='Time Based Service - Alternate'!H95 -> 0 | E64: =E63+C64 -> 0 | N64: =C64 -> 0
